Workbook

Sheet General Dashboard
B2: General Assumptions
B3: Vat Registered | D3: No | E3: Mortgage Loan Ratio | G3: 0
B4: Inflation | D4: 0.028 | E4: Cost of Sale Ratio | G4: 1
B5: Property Appreciation | D5: 0.025 | E5: Corporation Tax Rate | G5: 0.19
B6: Fixed Asset Depreciation Rates | G6: Cash Flow Assumptions
B7: Fixed Asset Type | D7: Useful Economic Life (Years) | G7: Credit Days Sales | I7: 0
B8: Land & Buildings | D8: 100 | G8: Credit Days Purchases | I8: 18
B9: Fixtures and Fittings | D9: 30 | G9: Stock as a % of Monthly Cos | I9: 0.5
B10: Vehicles | D10: 5
B11: Machinery | D11: 10
B12: Equipment | D12: 7
B13: IT | D13: 3

Sheet Start Up Costs
B2: Dashboard
B3: VAT Registered | C3: ='General Dashboard'!D3 -> No | D3: Asset Type | E3: Length of Useful Life (Years) | F3: Depreciation | G3: Total Cost | I3: Start Up Cost
B4: Country | C4: ='Financial Model'!J11 -> England or Northern Ireland | D4: Land & Buildings | E4: ='General Dashboard'!D8 -> 100 | F4: =SUMIF($B$14:$F$34,D4,$F$14:$F$34)/E4 -> 3000 | G4: =SUMIF($B$14:$F$34,D4,$F$14:$F$34) -> 300000 | I4: =B12 -> Fixed Assets | J4: =SUM(F14:F34) -> 305000
B5: City | C5: ='Financial Model'!H11 -> London | D5: Fixtures and Fittings | E5: ='General Dashboard'!D9 -> 30 | F5: =SUMIF($B$14:$F$34,D5,$F$14:$F$34)/E5 -> 166.66667 | G5: =SUMIF($B$14:$F$34,D5,$F$14:$F$34) -> 5000
D6: Vehicles | E6: ='General Dashboard'!D10 -> 5 | F6: =SUMIF($B$14:$F$34,D6,$F$14:$F$34)/E6 -> 0 | G6: =SUMIF($B$14:$F$34,D6,$F$14:$F$34) -> 0 | I6: =I12 -> Fees And Taxes | J6: =SUM(L16:L34)+L13 -> 40650
B7: Cash Needed | C7: =SUM(J4:J9) -> 345650 | D7: Machinery | E7: ='General Dashboard'!D11 -> 10 | F7: =SUMIF($B$14:$F$34,D7,$F$14:$F$34)/E7 -> 0 | G7: =SUMIF($B$14:$F$34,D7,$F$14:$F$34) -> 0 | I7: =B37 -> Business Development
B8: Plus VAT | C8: =L14 -> 0 | D8: Equipment | E8: ='General Dashboard'!D12 -> 7 | F8: =SUMIF($B$14:$F$34,D8,$F$14:$F$34)/E8 -> 0 | G8: =SUMIF($B$14:$F$34,D8,$F$14:$F$34) -> 0 | I8: =I37 -> Working Capital | J8: =L44 -> 0
B9: Total Cash Needed | C9: =SUM(C7:C8) -> 345650 | D9: IT | E9: ='General Dashboard'!D13 -> 3 | F9: =SUMIF($B$14:$F$34,D9,$F$14:$F$34)/E9 -> 0 | G9: =SUMIF($B$14:$F$34,D9,$F$14:$F$34) -> 0 | I9: =I46 -> Covering Initial Losses | J9: =K47 -> 0
D10: Property Appreciation | E10: ='General Dashboard'!D5 -> 0.025 | F10: =G4*E10 -> 7500 | G10: =G4 -> 300000
B12: Fixed Assets | I12: Fees And Taxes
B13: Type of Purchase | C13: Description | D13: Cost | E13: Number | F13: Total Cost | I13: Land Transaction Taxes | L13: =IF(C14="Residential",IF(C4="England or Northern Ireland",'Land Transaction Tax Rates'!E56,IF(C4="Scotland",'Land Transaction Tax Rates'!J56,IF(C4="Wales",'Land Transaction Tax Rates'!O56,0))),IF(C4="England or Northern Ireland",'Land Transaction Tax Rates'!E11,IF(C4="Scotland",'Land Transaction Tax Rates'!J11,IF(C4="Wales",'Land Transaction Tax Rates'!O13,0)))) -> 20000
B14: =D4 -> Land & Buildings | C14: Residential | D14: ='Financial Model'!D2 -> 300000 | E14: 1 | F14: =E14*D14 -> 300000 | I14: VAT | L14: =IF(C3="Yes",SUM(F15:F34)*0.2+IF(C14="Commercial",F14*0.2,0)+SUMIF(K16:L34,"Plus VAT",L16:L34)+L39*0.2,0) -> 0
B15: Fixtures and Fittings | C15: Furnishing | D15: ='Financial Model'!D4 -> 5000 | E15: 1 | F15: =E15*D15 -> 5000 | I15: Description | J15: Notes | K15: VAT | L15: Cost
F16: =E16*D16 -> 0 | I16: Solicitor | J16: Conveyancing | K16: Not registered | L16: ='Land Transaction Tax Rates'!J62 -> 3000
F17: =E17*D17 -> 0 | I17: Finance Marketing | J17: Fundraising Fees | K17: Not registered | L17: ='Financial Model'!D6 -> 16400
F18: =E18*D18 -> 0 | I18: Launch | J18: Share offer costs | K18: Not registered | L18: ='Financial Model'!S13 -> 1250
F19: =E19*D19 -> 0
F20: =E20*D20 -> 0
F21: =E21*D21 -> 0
F22: =E22*D22 -> 0
F23: =E23*D23 -> 0
F24: =E24*D24 -> 0
F25: =E25*D25 -> 0
F26: =E26*D26 -> 0
F27: =E27*D27 -> 0
F28: =E28*D28 -> 0
F29: =E29*D29 -> 0
F30: =E30*D30 -> 0
... F34: =E34*D34 -> 0
B37: Business Development | I37: Working Capital
B38: Type of Cost | C38: Description | D38: Number | E38: Cost | F38: Total Cost | J38: Notes | L38: Cost
B39: Staff Time | C39: Staff Training | D39: 1 | E39: 0 | F39: =D39*E39 -> 0 | I39: Stock | J39: (How much stock will you need to carry?) | L39: 0
F40: =K78*J78 -> 0 | I40: Unpaid invoices to Customers | J40: Days of Credit | K40: Monthly Sales on Credit
F41: =K79*J79 -> 0 | J41: ='General Dashboard'!I7 -> 0 | K41: 0 | L41: =J41/30*K41 -> 0
F42: =K80*J80 -> 0 | I42: Unpaid bill from Suppliers | J42: Days of Credit | K42: Monthly Bills on Credit
F43: =K81*J81 -> 0 | J43: ='General Dashboard'!I8 -> 18 | L43: =J43/30*K43 -> 0
F44: =K82*J82 -> 0 | I44: Total Needed | L44: =(L39+L41-L43)*1.05 -> 0
F45: =K83*J83 -> 0
F46: =K84*J84 -> 0 | I46: Covering Initial Losses
F47: =K85*J85 -> 0 | I47: For now just estimate the amount and put it here | K47: 0
F48: =K86*J86 -> 0 | I48: We will populate this cell from your Cash Flow later
F49: =K87*J87 -> 0
F50: =K88*J88 -> 0
F51: =K89*J89 -> 0

Sheet Financial Model
B1: Micro Equity
B2: Property value | D2: 300000 | G2: Investment Shares | I2: 1 | J2: Universal Credit | L2: 1 | Q2: Fundraising Fees | S2: =SUM(S3:S7) -> 0.05
B3: LBTT ADS, Conveyancing | D3: ='Start Up Costs'!L13+'Start Up Costs'!L16 -> 23000 | E3: Change numbers in yellow cells | G3: Share capital | I3: =D8*I2 -> 345650 | J3: Lower limit | L3: 6000 | Q3: Fundraiser | S3: 0.02
B4: Furnishing | D4: 5000 | E4: to test model | G4: Annual return | I4: ='Community Shares'!C4 -> 0.03 | J4: Deduction per month | L4: 4.35 | Q4: Project Manager | S4: 0.01
B5: Purchase cost | D5: =SUM(D2:D4) -> 328000 | G5: Inflation | I5: ='General Dashboard'!D4 -> 0.028 | J5: For each | L5: 250 | Q5: Project Director | S5: 0.005
B6: Fundrasing Fees | D6: =D5*S2 -> 16400 | G6: Property Appreciation | I6: ='General Dashboard'!D5 -> 0.025 | J6: Upper Limit | L6: 16000 | Q6: Affiliation Fees | S6: 0.01
B7: Share Offer Costs | D7: =S13 -> 1250 | E7: City | F7: Bedrooms | G7: Corporation Tax | I7: ='General Dashboard'!G5 -> 0.19 | J7: Bank Saving Interest | L7: 0.03 | Q7: Card Fees | S7: 0.005
B8: Fund to raise | D8: =SUM(D5:D7) -> 345650 | E8: ='Start Up Costs'!C5 -> London | F8: 2 | J8: Bank Loan Interest | L8: 0.05 | Q8: Rent receipt Fees
B9: Housing Benefit Rent | D9: =HLOOKUP(E8,H11:H16,F8+2)*52 -> 18548.92 | E9: of rent paid | F9: ="(£"&D10*C23&") pa" -> (£1854.892) pa | G9: Local Housing Allowance Rates | Q9: Letting Agent | S9: 0.07
B10: Maintenance fund | D10: 0.1 | E10: of rent | F10: ="(£"&D11*C23&") pa" -> (£927.446) pa | G10: (Housing Benefits) | I10: https://lha-direct.voa.gov.uk/ | Q10: Project Manager | S10: 0.05
B11: Home Share Purchase | D11: 0.05 | E11: of rent | F11: ="(£"&D12*C23&") pa" -> (£1854.892) pa | H11: London | I11: Country: | J11: England or Northern Ireland | Q11: Project Director | S11: 0.01
B12: Gift points from friends | D12: 0.1 | E12: of rent paid | F12: ="(£"&D12*C23&") pa" -> (£1854.892) pa | G12: Bedrooms | H12: Rent per week | Q12: Share offer costs
B13: Property mgmt + Proj Fees | D13: =S9+S10+S11 -> 0.13 | E13: of prop. value | F13: ="(£"&D14*D5&") pa" -> (£1640) pa | G13: 1 | H13: 298.15 | Q13: Lower limit | S13: 1250
B14: Property maint. | D14: 0.005 | E14: of prop. value | F14: ="(£"&D15*D5&") pa" -> (£656) pa | G14: 2 | H14: 356.71
B15: Property insurance | D15: 0.002 | G15: 3 | H15: 448.71
B16: Major Repairs | D16: 0.15 | E16: ="£"&D16*D2&" every" -> £45000 every | F16: 10 | G16: 4 | H16: 604.11 | Q16: https://www.stampdutycalculator.org.uk/stamp-duty-scotland.htm
B17: Maint. work done by tenant | D17: 0.5 | F17: ="Up to "&D16/F16*100&"%" -> Up to 1.5% | G17: of property value per year retained in Maintenance Fund | M17: https://www.elpamsolicitors.co.uk/fees/property-estate-agency-conveyancing/buying-a-property-fees-calculator/
B18: Major Repair done by tenant | D18: =D17 -> 0.5
A19: Financial Model | C19: Anticipated income | E19: Income Actual received | H19: Actual Paid from Current Account | O19: Start up costs | P19: Annual Profit | V19: Maintenance Fund | AC19: Major Repairs Fund | AJ19: Current Account | AM19: Home Shares Acquired | AP19: Gift Points Acquired | AS19: Tenant Shares Projection
B20: Property Market Value | C20: Rent (Housing Benefit) per year | D20: Rent reduction | E20: Rent received | F20: Bank Interest | G20: Total income | H20: Property Insurance | I20: Property Mgmt | J20: Maint. work to pay from maint. fund | K20: Maint. Work paid from current account | L20: Bank Loan Interest | M20: Investors Share return | N20: Totla Expense | O20: Prop. Purch. fundraising & launch fees | P20: Gross Profit | Q20: Corp. Tax | R20: Nett Profit after tax | S20: Home Share purchase by tenant | T20: Gift Points purchase by friends | U20: Cash at Bank | V20: Allocate into Maint. Fund | W20: Interest paid into Maint. Fund | X20: Budgeted Property Maint. | Y20: Maint. work done by tenant | Z20: Maint. work to pay from maint. fund | AA20: Maint. Work paid from current account | AB20: Accum. Maint. Fund | AC20: Trans. Fr. C.A. into Maint.Fund | AD20: Interest paid into Maint. Fund | AE20: Budgeted Major Repairs | AF20: Major Repairs done by tenant | AG20: Repairs to pay from Maint. Fund | AH20: Repairs paid from current account | AI20: Accum. Major Repair Fund | AJ20: Transfer to Current Account | AK20: Paid Out Current Account | AL20: Accum. Current Account | AM20: Hone Share purchase by tenant | AN20: Home Share Apprec. per year | AO20: Accum. Home Shares | AP20: Gift points from freinds | AQ20: Gift Points Apprec. per year | AR20: Accum. Gift Points | AS20: Accum. Maint. + Major Rep Fund (after each 10 yr) | AT20: Projected Tenant Shares | AU20: Projected Tenant share of property | AV20: Original investor share holding | AW20: Projected investor share holding | AX20: Universal Credit Deduction
A21: Year | F21: =L7 -> 0.03 | H21: =D15 -> 0.002 | I21: =D13 -> 0.13 | L21: =L8 -> 0.05 | M21: =I4 -> 0.03 | N21: =J4 -> Deduction per month | U21: =D8 -> 345650 | V21: =D10 -> 0.1 | W21: =L7 -> 0.03 | X21: =D14 -> 0.005 | Y21: =D17 -> 0.5 | AC21: =D16/F16 -> 0.015 | AD21: =L7 -> 0.03 | AF21: =D18 -> 0.5 | AM21: =D11 -> 0.05 | AN21: =I4 -> 0.03 | AP21: =D12 -> 0.1 | AQ21: =I4 -> 0.03 | AY21: Year
A22: 0 | B22: =D2 -> 300000 | O22: =D5 -> 328000 | U22: =U21-O22 -> 17650 | AV22: =D8 -> 345650
A23: 1 | B23: =B22+D4 -> 305000 | C23: =D9 -> 18548.92 | D23: =AX21 -> 0 | E23: =C23-D23 -> 18548.92 | F23: 0 | G23: =E23+F23 -> 18548.92 | H23: =B23*$D$15 -> 610 | I23: =E23*$D$13 -> 2411.3596 | J23: =Z23+AG23 -> 762.5 | K23: =AA23+AH23 -> 0 | L23: =IF(U21<0,-U21*$L$21,0) -> 0 | M23: =AV21*$M$21 -> 0 | N23: =SUM(H23:M23) -> 3783.8596 | O23: =D6+D7 -> 17650 | P23: =G23-N23-O23 -> -2884.9396 | Q23: =Tax!H17 -> 0 | R23: =P23+Q23 -> -2884.9396 | S23: =AM23 -> 927.446 | T23: =AP23 -> 1854.892 | U23: =U22+R23+S23+T23 -> 17547.398 | V23: =E23*V$21 -> 1854.892 | W23: =AB22*F$21 -> 0 | X23: =B23*$D$14 -> 1525 | Y23: =X23*$Y$21 -> 762.5 | Z23: =IF(X23-Y23<V23+W23+AB21,X23-Y23,V23+W23+AB21) -> 762.5 | AA23: =X23-Y23-Z23 -> 0 | AB23: =V23+W23-Z23+AB22 -> 1092.392 | AC23: =IF(AL21>0,IF(AL21>B23*$AC$21,B23*$AC$21,AL21),0) -> 0 | AD23: =AI22*M$21 -> 0 | AE23: =IF((A23/$F$16-INT(A23/$F$16))=0,B23*$D$16,0) -> 0 | AF23: =AE23*$AF$21 -> 0 | AG23: =IF(AE23-AF23>AI21+AC23,AI21+AC23,AE23-AF23) -> 0 | AH23: =AE23-AF23-AG23 -> 0 | AI23: =AC23+AD23-AG23+AI22 -> 0 | AJ23: =R23 -> -2884.9396 | AK23: =AA23+AH23 -> 0 | AL23: =AL22+AJ23 -> -2884.9396 | AM23: =C23*$D$11 -> 927.446 | AN23: =AO21*AN$21 -> 0 | AO23: =AM23+AN23+AO21 -> 927.446 | AP23: =C23*$D$12 -> 1854.892 | AQ23: =AR21*AQ$21 -> 0 | AR23: =AP23+AQ23+AR21 -> 1854.892 | AS23: =IF((A23/$F$16-INT(A23/$F$16))=0,AB23+AI23,AB23) -> 1092.392 | AT23: =AO23+AR23+AS23 -> 3874.73 | AU23: =AT23/B23 -> 0.012704033 | AV23: =AV22 -> 345650 | AW23: =$D$5-AT23 -> 324125.27 | AX23: =IF(AO23>$L$6,0,IF(AO23>$L$3,(AO23-$L$3)/$L$5*$L$4*12,0)) -> 0 | AY23: 1
A24: =A23+1 -> 2 | B24: =B23*(1+$I$6) -> 312625 | C24: =C23*(1+$I$5) -> 19068.29 | D24: =AX23 -> 0 | E24: =C24-D24 -> 19068.29 | F24: =U23*$F$21 -> 526.42195 | G24: =E24+F24 -> 19594.712 | H24: =B24*$D$15 -> 625.25 | I24: =E24*$D$13 -> 2478.8777 | J24: =Z24+AG24 -> 781.5625 | K24: =AA24+AH24 -> 0 | L24: =IF(U22<0,-U22*$L$21,0) -> 0 | M24: =AV22*$M$21 -> 10369.5 | N24: =SUM(H24:M24) -> 14255.19 | P24: =G24-N24-O24 -> 5339.5215 | Q24: =Tax!I17 -> 0 | R24: =P24+Q24 -> 5339.5215 | S24: =AM24 -> 953.41449 | T24: =AP24 -> 1906.829 | U24: =U23+G24-N24-O24+Q24+S24+T24 -> 25747.163 | V24: =E24*V$21 -> 1906.829 | W24: =AB23*F$21 -> 32.77176 | X24: =B24*$D$14 -> 1563.125 | Y24: =X24*$Y$21 -> 781.5625 | Z24: =IF(X24-Y24<V24+W24+AB23,X24-Y24,V24+W24+AB23) -> 781.5625 | AA24: =X24-Y24-Z24 -> 0 | AB24: =V24+W24-Z24+AB23 -> 2250.4302 | AC24: =IF(AL23>0,IF(AL23>B24*$AC$21,B24*$AC$21,AL23),0) -> 0 | AD24: =AI23*M$21 -> 0 | AE24: =IF((A24/$F$16-INT(A24/$F$16))=0,B24*$D$16,0) -> 0 | AF24: =AE24*$AF$21 -> 0 | AG24: =IF(AE24-AF24>AI23+AC24,AI23+AC24,AE24-AF24) -> 0 | AH24: =AE24-AF24-AG24 -> 0 | AI24: =AC24+AD24-AG24+AI23 -> 0 | AJ24: =R24 -> 5339.5215 | AK24: =AA24+AH24 -> 0 | AL24: =AL23+AJ24 -> 2454.5819 | AM24: =C24*$D$11 -> 953.41449 | AN24: =AO23*AN$21 -> 27.82338 | AO24: =AM24+AN24+AO23 -> 1908.6839 | AP24: =C24*$D$12 -> 1906.829 | AQ24: =AR23*AQ$21 -> 55.64676 | AR24: =AP24+AQ24+AR23 -> 3817.3677 | AS24: =IF((A24/$F$16-INT(A24/$F$16))=0,AB24+AI24,AB24) -> 2250.4302 | AT24: =AO24+AR24+AS24 -> 7976.4818 | AU24: =AT24/B24 -> 0.025514536 | AV24: =AV23 -> 345650 | AW24: =$D$5-AT24 -> 320023.52 | AX24: =IF(AO24>$L$6,0,IF(AO24>$L$3,(AO24-$L$3)/$L$5*$L$4*12,0)) -> 0 | AY24: =AY23+1 -> 2
A25: =A24+1 -> 3 | B25: =B24*(1+$I$6) -> 320440.62 | C25: =C24*(1+$I$5) -> 19602.202 | D25: =AX24 -> 0 | E25: =C25-D25 -> 19602.202 | F25: =U24*$F$21 -> 772.4149 | G25: =E25+F25 -> 20374.617 | H25: =B25*$D$15 -> 640.88125 | I25: =E25*$D$13 -> 2548.2862 | J25: =Z25+AG25 -> 801.10156 | K25: =AA25+AH25 -> 0 | L25: =IF(U23<0,-U23*$L$21,0) -> 0 | M25: =AV23*$M$21 -> 10369.5 | N25: =SUM(H25:M25) -> 14359.769 | P25: =G25-N25-O25 -> 6014.8477 | Q25: =Tax!J17 -> 0 | R25: =P25+Q25 -> 6014.8477 | S25: =AM25 -> 980.11009 | T25: =AP25 -> 1960.2202 | U25: =U24+G25-N25-O25+Q25+S25+T25 -> 34702.341 | V25: =E25*V$21 -> 1960.2202 | W25: =AB24*F$21 -> 67.512907 | X25: =B25*$D$14 -> 1602.2031 | Y25: =X25*$Y$21 -> 801.10156 | Z25: =IF(X25-Y25<V25+W25+AB24,X25-Y25,V25+W25+AB24) -> 801.10156 | AA25: =X25-Y25-Z25 -> 0 | AB25: =V25+W25-Z25+AB24 -> 3477.0618 | AC25: =IF(AL24>0,IF(AL24>B25*$AC$21,B25*$AC$21,AL24),0) -> 2454.5819 | AD25: =AI24*M$21 -> 0 | AE25: =IF((A25/$F$16-INT(A25/$F$16))=0,B25*$D$16,0) -> 0 | AF25: =AE25*$AF$21 -> 0 | AG25: =IF(AE25-AF25>AI24+AC25,AI24+AC25,AE25-AF25) -> 0 | AH25: =AE25-AF25-AG25 -> 0 | AI25: =AC25+AD25-AG25+AI24 -> 2454.5819 | AJ25: =R25 -> 6014.8477 | AK25: =AA25+AH25 -> 0 | AL25: =AL24+AJ25 -> 8469.4297 | AM25: =C25*$D$11 -> 980.11009 | AN25: =AO24*AN$21 -> 57.260516 | AO25: =AM25+AN25+AO24 -> 2946.0545 | AP25: =C25*$D$12 -> 1960.2202 | AQ25: =AR24*AQ$21 -> 114.52103 | AR25: =AP25+AQ25+AR24 -> 5892.109 | AS25: =IF((A25/$F$16-INT(A25/$F$16))=0,AB25+AI25,AB25) -> 3477.0618 | AT25: =AO25+AR25+AS25 -> 12315.225 | AU25: =AT25/B25 -> 0.038432159 | AV25: =AV24 -> 345650 | AW25: =$D$5-AT25 -> 315684.77 | AX25: =IF(AO25>$L$6,0,IF(AO25>$L$3,(AO25-$L$3)/$L$5*$L$4*12,0)) -> 0 | AY25: =AY24+1 -> 3
A26: =A25+1 -> 4 | B26: =B25*(1+$I$6) -> 328451.64 | C26: =C25*(1+$I$5) -> 20151.064 | D26: =AX25 -> 0 | E26: =C26-D26 -> 20151.064 | F26: =U25*$F$21 -> 1041.0702 | G26: =E26+F26 -> 21192.134 | H26: =B26*$D$15 -> 656.90328 | I26: =E26*$D$13 -> 2619.6383 | J26: =Z26+AG26 -> 821.1291 | K26: =AA26+AH26 -> 0 | L26: =IF(U24<0,-U24*$L$21,0) -> 0 | M26: =AV24*$M$21 -> 10369.5 | N26: =SUM(H26:M26) -> 14467.171 | P26: =G26-N26-O26 -> 6724.9631 | Q26: =Tax!K17 -> 0 | R26: =P26+Q26 -> 6724.9631 | S26: =AM26 -> 1007.5532 | T26: =AP26 -> 2015.1064 | U26: =U25+G26-N26-O26+Q26+S26+T26 -> 44449.964 | V26: =E26*V$21 -> 2015.1064 | W26: =AB25*F$21 -> 104.31185 | X26: =B26*$D$14 -> 1642.2582 | Y26: =X26*$Y$21 -> 821.1291 | Z26: =IF(X26-Y26<V26+W26+AB25,X26-Y26,V26+W26+AB25) -> 821.1291 | AA26: =X26-Y26-Z26 -> 0 | AB26: =V26+W26-Z26+AB25 -> 4775.3509 | AC26: =IF(AL25>0,IF(AL25>B26*$AC$21,B26*$AC$21,AL25),0) -> 4926.7746 | AD26: =AI25*M$21 -> 73.637458 | AE26: =IF((A26/$F$16-INT(A26/$F$16))=0,B26*$D$16,0) -> 0 | AF26: =AE26*$AF$21 -> 0 | AG26: =IF(AE26-AF26>AI25+AC26,AI25+AC26,AE26-AF26) -> 0 | AH26: =AE26-AF26-AG26 -> 0 | AI26: =AC26+AD26-AG26+AI25 -> 7454.994 | AJ26: =R26 -> 6724.9631 | AK26: =AA26+AH26 -> 0 | AL26: =AL25+AJ26 -> 15194.393 | AM26: =C26*$D$11 -> 1007.5532 | AN26: =AO25*AN$21 -> 88.381634 | AO26: =AM26+AN26+AO25 -> 4041.9893 | AP26: =C26*$D$12 -> 2015.1064 | AQ26: =AR25*AQ$21 -> 176.76327 | AR26: =AP26+AQ26+AR25 -> 8083.9786 | AS26: =IF((A26/$F$16-INT(A26/$F$16))=0,AB26+AI26,AB26) -> 4775.3509 | AT26: =AO26+AR26+AS26 -> 16901.319 | AU26: =AT26/B26 -> 0.051457556 | AV26: =AV25 -> 345650 | AW26: =$D$5-AT26 -> 311098.68 | AX26: =IF(AO26>$L$6,0,IF(AO26>$L$3,(AO26-$L$3)/$L$5*$L$4*12,0)) -> 0 | AY26: =AY25+1 -> 4
A27: =A26+1 -> 5 | B27: =B26*(1+$I$6) -> 336662.93 | C27: =C26*(1+$I$5) -> 20715.293 | D27: =AX26 -> 0 | E27: =C27-D27 -> 20715.293 | F27: =U26*$F$21 -> 1333.4989 | G27: =E27+F27 -> 22048.792 | H27: =B27*$D$15 -> 673.32586 | I27: =E27*$D$13 -> 2692.9881 | J27: =Z27+AG27 -> 841.65733 | K27: =AA27+AH27 -> 0 | L27: =IF(U25<0,-U25*$L$21,0) -> 0 | M27: =AV25*$M$21 -> 10369.5 | N27: =SUM(H27:M27) -> 14577.471 | P27: =G27-N27-O27 -> 7471.3209 | Q27: =Tax!L17 -> -348.15227 | R27: =P27+Q27 -> 7123.1686 | S27: =AM27 -> 1035.7647 | T27: =AP27 -> 2071.5293 | U27: =U26+G27-N27-O27+Q27+S27+T27 -> 54680.427 | V27: =E27*V$21 -> 2071.5293 | W27: =AB26*F$21 -> 143.26053 | X27: =B27*$D$14 -> 1683.3147 | Y27: =X27*$Y$21 -> 841.65733 | Z27: =IF(X27-Y27<V27+W27+AB26,X27-Y27,V27+W27+AB26) -> 841.65733 | AA27: =X27-Y27-Z27 -> 0 | AB27: =V27+W27-Z27+AB26 -> 6148.4834 | AC27: =IF(AL26>0,IF(AL26>B27*$AC$21,B27*$AC$21,AL26),0) -> 5049.944 | AD27: =AI26*M$21 -> 223.64982 | AE27: =IF((A27/$F$16-INT(A27/$F$16))=0,B27*$D$16,0) -> 0 | AF27: =AE27*$AF$21 -> 0 | AG27: =IF(AE27-AF27>AI26+AC27,AI26+AC27,AE27-AF27) -> 0 | AH27: =AE27-AF27-AG27 -> 0 | AI27: =AC27+AD27-AG27+AI26 -> 12728.588 | AJ27: =R27 -> 7123.1686 | AK27: =AA27+AH27 -> 0 | AL27: =AL26+AJ27 -> 22317.561 | AM27: =C27*$D$11 -> 1035.7647 | AN27: =AO26*AN$21 -> 121.25968 | AO27: =AM27+AN27+AO26 -> 5199.0136 | AP27: =C27*$D$12 -> 2071.5293 | AQ27: =AR26*AQ$21 -> 242.51936 | AR27: =AP27+AQ27+AR26 -> 10398.027 | AS27: =IF((A27/$F$16-INT(A27/$F$16))=0,AB27+AI27,AB27) -> 6148.4834 | AT27: =AO27+AR27+AS27 -> 21745.524 | AU27: =AT27/B27 -> 0.064591383 | AV27: =AV26 -> 345650 | AW27: =$D$5-AT27 -> 306254.48 | AX27: =IF(AO27>$L$6,0,IF(AO27>$L$3,(AO27-$L$3)/$L$5*$L$4*12,0)) -> 0 | AY27: =AY26+1 -> 5
A28: =A27+1 -> 6 | B28: =B27*(1+$I$6) -> 345079.5 | C28: =C27*(1+$I$5) -> 21295.322 | D28: =AX27 -> 0 | E28: =C28-D28 -> 21295.322 | F28: =U27*$F$21 -> 1640.4128 | G28: =E28+F28 -> 22935.734 | H28: =B28*$D$15 -> 690.15901 | I28: =E28*$D$13 -> 2768.3918 | J28: =Z28+AG28 -> 862.69876 | K28: =AA28+AH28 -> 0 | L28: =IF(U26<0,-U26*$L$21,0) -> 0 | M28: =AV26*$M$21 -> 10369.5 | N28: =SUM(H28:M28) -> 14690.75 | P28: =G28-N28-O28 -> 8244.9847 | Q28: =Tax!M17 -> -964.88044 | R28: =P28+Q28 -> 7280.1043 | S28: =AM28 -> 1064.7661 | T28: =AP28 -> 2129.5322 | U28: =U27+G28-N28-O28+Q28+S28+T28 -> 65154.829 | V28: =E28*V$21 -> 2129.5322 | W28: =AB27*F$21 -> 184.4545 | X28: =B28*$D$14 -> 1725.3975 | Y28: =X28*$Y$21 -> 862.69876 | Z28: =IF(X28-Y28<V28+W28+AB27,X28-Y28,V28+W28+AB27) -> 862.69876 | AA28: =X28-Y28-Z28 -> 0 | AB28: =V28+W28-Z28+AB27 -> 7599.7713 | AC28: =IF(AL27>0,IF(AL27>B28*$AC$21,B28*$AC$21,AL27),0) -> 5176.1926 | AD28: =AI27*M$21 -> 381.85763 | AE28: =IF((A28/$F$16-INT(A28/$F$16))=0,B28*$D$16,0) -> 0 | AF28: =AE28*$AF$21 -> 0 | AG28: =IF(AE28-AF28>AI27+AC28,AI27+AC28,AE28-AF28) -> 0 | AH28: =AE28-AF28-AG28 -> 0 | AI28: =AC28+AD28-AG28+AI27 -> 18286.638 | AJ28: =R28 -> 7280.1043 | AK28: =AA28+AH28 -> 0 | AL28: =AL27+AJ28 -> 29597.666 | AM28: =C28*$D$11 -> 1064.7661 | AN28: =AO27*AN$21 -> 155.97041 | AO28: =AM28+AN28+AO27 -> 6419.7501 | AP28: =C28*$D$12 -> 2129.5322 | AQ28: =AR27*AQ$21 -> 311.94082 | AR28: =AP28+AQ28+AR27 -> 12839.5 | AS28: =IF((A28/$F$16-INT(A28/$F$16))=0,AB28+AI28,AB28) -> 7599.7713 | AT28: =AO28+AR28+AS28 -> 26859.022 | AU28: =AT28/B28 -> 0.0778343 | AV28: =AV27 -> 345650 | AW28: =$D$5-AT28 -> 301140.98 | AX28: =IF(AO28>$L$6,0,IF(AO28>$L$3,(AO28-$L$3)/$L$5*$L$4*12,0)) -> 87.643824 | AY28: =AY27+1 -> 6
A29: =A28+1 -> 7 | B29: =B28*(1+$I$6) -> 353706.49 | C29: =C28*(1+$I$5) -> 21891.591 | D29: =AX28 -> 87.643824 | E29: =C29-D29 -> 21803.947 | F29: =U28*$F$21 -> 1954.6449 | G29: =E29+F29 -> 23758.592 | H29: =B29*$D$15 -> 707.41299 | I29: =E29*$D$13 -> 2834.5131 | J29: =Z29+AG29 -> 884.26623 | K29: =AA29+AH29 -> 0 | L29: =IF(U27<0,-U27*$L$21,0) -> 0 | M29: =AV27*$M$21 -> 10369.5 | N29: =SUM(H29:M29) -> 14795.692 | P29: =G29-N29-O29 -> 8962.8993 | Q29: =Tax!N17 -> -1101.2842 | R29: =P29+Q29 -> 7861.6151 | S29: =AM29 -> 1094.5795 | T29: =AP29 -> 2189.1591 | U29: =U28+G29-N29-O29+Q29+S29+T29 -> 76300.183 | V29: =E29*V$21 -> 2180.3947 | W29: =AB28*F$21 -> 227.99314 | X29: =B29*$D$14 -> 1768.5325 | Y29: =X29*$Y$21 -> 884.26623 | Z29: =IF(X29-Y29<V29+W29+AB28,X29-Y29,V29+W29+AB28) -> 884.26623 | AA29: =X29-Y29-Z29 -> 0 | AB29: =V29+W29-Z29+AB28 -> 9123.8929 | AC29: =IF(AL28>0,IF(AL28>B29*$AC$21,B29*$AC$21,AL28),0) -> 5305.5974 | AD29: =AI28*M$21 -> 548.59914 | AE29: =IF((A29/$F$16-INT(A29/$F$16))=0,B29*$D$16,0) -> 0 | AF29: =AE29*$AF$21 -> 0 | AG29: =IF(AE29-AF29>AI28+AC29,AI28+AC29,AE29-AF29) -> 0 | AH29: =AE29-AF29-AG29 -> 0 | AI29: =AC29+AD29-AG29+AI28 -> 24140.835 | AJ29: =R29 -> 7861.6151 | AK29: =AA29+AH29 -> 0 | AL29: =AL28+AJ29 -> 37459.281 | AM29: =C29*$D$11 -> 1094.5795 | AN29: =AO28*AN$21 -> 192.5925 | AO29: =AM29+AN29+AO28 -> 7706.9221 | AP29: =C29*$D$12 -> 2189.1591 | AQ29: =AR28*AQ$21 -> 385.18501 | AR29: =AP29+AQ29+AR28 -> 15413.844 | AS29: =IF((A29/$F$16-INT(A29/$F$16))=0,AB29+AI29,AB29) -> 9123.8929 | AT29: =AO29+AR29+AS29 -> 32244.659 | AU29: =AT29/B29 -> 0.091162192 | AV29: =AV28 -> 345650 | AW29: =$D$5-AT29 -> 295755.34 | AX29: =IF(AO29>$L$6,0,IF(AO29>$L$3,(AO29-$L$3)/$L$5*$L$4*12,0)) -> 356.40534 | AY29: =AY28+1 -> 7
A30: =A29+1 -> 8 | B30: =B29*(1+$I$6) -> 362549.15 | C30: =C29*(1+$I$5) -> 22504.555 | D30: =AX29 -> 356.40534 | E30: =C30-D30 -> 22148.15 | F30: =U29*$F$21 -> 2289.0055 | G30: =E30+F30 -> 24437.155 | H30: =B30*$D$15 -> 725.09831 | I30: =E30*$D$13 -> 2879.2595 | J30: =Z30+AG30 -> 906.37289 | K30: =AA30+AH30 -> 0 | L30: =IF(U28<0,-U28*$L$21,0) -> 0 | M30: =AV28*$M$21 -> 10369.5 | N30: =SUM(H30:M30) -> 14880.231 | P30: =G30-N30-O30 -> 9556.9245 | Q30: =Tax!O17 -> -1214.149 | R30: =P30+Q30 -> 8342.7755 | S30: =AM30 -> 1125.2278 | T30: =AP30 -> 2250.4555 | U30: =U29+G30-N30-O30+Q30+S30+T30 -> 88018.642 | V30: =E30*V$21 -> 2214.815 | W30: =AB29*F$21 -> 273.71679 | X30: =B30*$D$14 -> 1812.7458 | Y30: =X30*$Y$21 -> 906.37289 | Z30: =IF(X30-Y30<V30+W30+AB29,X30-Y30,V30+W30+AB29) -> 906.37289 | AA30: =X30-Y30-Z30 -> 0 | AB30: =V30+W30-Z30+AB29 -> 10706.052 | AC30: =IF(AL29>0,IF(AL29>B30*$AC$21,B30*$AC$21,AL29),0) -> 5438.2373 | AD30: =AI29*M$21 -> 724.22504 | AE30: =IF((A30/$F$16-INT(A30/$F$16))=0,B30*$D$16,0) -> 0 | AF30: =AE30*$AF$21 -> 0 | AG30: =IF(AE30-AF30>AI29+AC30,AI29+AC30,AE30-AF30) -> 0 | AH30: =AE30-AF30-AG30 -> 0 | AI30: =AC30+AD30-AG30+AI29 -> 30303.297 | AJ30: =R30 -> 8342.7755 | AK30: =AA30+AH30 -> 0 | AL30: =AL29+AJ30 -> 45802.056 | AM30: =C30*$D$11 -> 1125.2278 | AN30: =AO29*AN$21 -> 231.20766 | AO30: =AM30+AN30+AO29 -> 9063.3576 | AP30: =C30*$D$12 -> 2250.4555 | AQ30: =AR29*AQ$21 -> 462.41533 | AR30: =AP30+AQ30+AR29 -> 18126.715 | AS30: =IF((A30/$F$16-INT(A30/$F$16))=0,AB30+AI30,AB30) -> 10706.052 | AT30: =AO30+AR30+AS30 -> 37896.124 | AU30: =AT30/B30 -> 0.10452686 | AV30: =AV29 -> 345650 | AW30: =$D$5-AT30 -> 290103.88 | AX30: =IF(AO30>$L$6,0,IF(AO30>$L$3,(AO30-$L$3)/$L$5*$L$4*12,0)) -> 639.62906 | AY30: =AY29+1 -> 8
A31: =A30+1 -> 9 | B31: =B30*(1+$I$6) -> 371612.88 | C31: =C30*(1+$I$5) -> 23134.683 | D31: =AX30 -> 639.62906 | E31: =C31-D31 -> 22495.054 | F31: =U30*$F$21 -> 2640.5593 | G31: =E31+F31 -> 25135.613 | H31: =B31*$D$15 -> 743.22577 | I31: =E31*$D$13 -> 2924.357 | J31: =Z31+AG31 -> 929.03221 | K31: =AA31+AH31 -> 0 | L31: =IF(U29<0,-U29*$L$21,0) -> 0 | M31: =AV29*$M$21 -> 10369.5 | N31: =SUM(H31:M31) -> 14966.115 | P31: =G31-N31-O31 -> 10169.498 | Q31: =Tax!P17 -> -1330.5379 | R31: =P31+Q31 -> 8838.9599 | S31: =AM31 -> 1156.7341 | T31: =AP31 -> 2313.4683 | U31: =U30+G31-N31-O31+Q31+S31+T31 -> 100327.8 | V31: =E31*V$21 -> 2249.5054 | W31: =AB30*F$21 -> 321.18155 | X31: =B31*$D$14 -> 1858.0644 | Y31: =X31*$Y$21 -> 929.03221 | Z31: =IF(X31-Y31<V31+W31+AB30,X31-Y31,V31+W31+AB30) -> 929.03221 | AA31: =X31-Y31-Z31 -> 0 | AB31: =V31+W31-Z31+AB30 -> 12347.706 | AC31: =IF(AL30>0,IF(AL30>B31*$AC$21,B31*$AC$21,AL30),0) -> 5574.1933 | AD31: =AI30*M$21 -> 909.09891 | AE31: =IF((A31/$F$16-INT(A31/$F$16))=0,B31*$D$16,0) -> 0 | AF31: =AE31*$AF$21 -> 0 | AG31: =IF(AE31-AF31>AI30+AC31,AI30+AC31,AE31-AF31) -> 0 | AH31: =AE31-AF31-AG31 -> 0 | AI31: =AC31+AD31-AG31+AI30 -> 36786.589 | AJ31: =R31 -> 8838.9599 | AK31: =AA31+AH31 -> 0 | AL31: =AL30+AJ31 -> 54641.016 | AM31: =C31*$D$11 -> 1156.7341 | AN31: =AO30*AN$21 -> 271.90073 | AO31: =AM31+AN31+AO30 -> 10491.992 | AP31: =C31*$D$12 -> 2313.4683 | AQ31: =AR30*AQ$21 -> 543.80145 | AR31: =AP31+AQ31+AR30 -> 20983.985 | AS31: =IF((A31/$F$16-INT(A31/$F$16))=0,AB31+AI31,AB31) -> 12347.706 | AT31: =AO31+AR31+AS31 -> 43823.684 | AU31: =AT31/B31 -> 0.11792832 | AV31: =AV30 -> 345650 | AW31: =$D$5-AT31 -> 284176.32 | AX31: =IF(AO31>$L$6,0,IF(AO31>$L$3,(AO31-$L$3)/$L$5*$L$4*12,0)) -> 937.92802 | AY31: =AY30+1 -> 9
A32: =A31+1 -> 10 | B32: =B31*(1+$I$6) -> 380903.21 | C32: =C31*(1+$I$5) -> 23782.454 | D32: =AX31 -> 937.92802 | E32: =C32-D32 -> 22844.526 | F32: =U31*$F$21 -> 3009.8341 | G32: =E32+F32 -> 25854.36 | H32: =B32*$D$15 -> 761.80641 | I32: =E32*$D$13 -> 2969.7883 | J32: =Z32+AG32 -> 29519.998 | K32: =AA32+AH32 -> 0 | L32: =IF(U30<0,-U30*$L$21,0) -> 0 | M32: =AV30*$M$21 -> 10369.5 | N32: =SUM(H32:M32) -> 43621.093 | P32: =G32-N32-O32 -> -17766.733 | Q32: =Tax!Q17 -> 0 | R32: =P32+Q32 -> -17766.733 | S32: =AM32 -> 1189.1227 | T32: =AP32 -> 2378.2454 | U32: =U31+G32-N32-O32+Q32+S32+T32 -> 86128.439 | V32: =E32*V$21 -> 2284.4526 | W32: =AB31*F$21 -> 370.43119 | X32: =B32*$D$14 -> 1904.516 | Y32: =X32*$Y$21 -> 952.25801 | Z32: =IF(X32-Y32<V32+W32+AB31,X32-Y32,V32+W32+AB31) -> 952.25801 | AA32: =X32-Y32-Z32 -> 0 | AB32: =V32+W32-Z32+AB31 -> 14050.332 | AC32: =IF(AL31>0,IF(AL31>B32*$AC$21,B32*$AC$21,AL31),0) -> 5713.5481 | AD32: =AI31*M$21 -> 1103.5977 | AE32: =IF((A32/$F$16-INT(A32/$F$16))=0,B32*$D$16,0) -> 57135.481 | AF32: =AE32*$AF$21 -> 28567.74 | AG32: =IF(AE32-AF32>AI31+AC32,AI31+AC32,AE32-AF32) -> 28567.74 | AH32: =AE32-AF32-AG32 -> 0 | AI32: =AC32+AD32-AG32+AI31 -> 15035.994 | AJ32: =R32 -> -17766.733 | AK32: =AA32+AH32 -> 0 | AL32: =AL31+AJ32 -> 36874.283 | AM32: =C32*$D$11 -> 1189.1227 | AN32: =AO31*AN$21 -> 314.75977 | AO32: =AM32+AN32+AO31 -> 11995.875 | AP32: =C32*$D$12 -> 2378.2454 | AQ32: =AR31*AQ$21 -> 629.51955 | AR32: =AP32+AQ32+AR31 -> 23991.75 | AS32: =IF((A32/$F$16-INT(A32/$F$16))=0,AB32+AI32,AB32) -> 29086.327 | AT32: =AO32+AR32+AS32 -> 65073.951 | AU32: =AT32/B32 -> 0.17084117 | AV32: =AV31 -> 345650 | AW32: =$D$5-AT32 -> 262926.05 | AX32: =IF(AO32>$L$6,0,IF(AO32>$L$3,(AO32-$L$3)/$L$5*$L$4*12,0)) -> 1251.9387 | AY32: =AY31+1 -> 10 | AZ32: 2.4
A33: =A32+1 -> 11 | B33: =B32*(1+$I$6) -> 390425.79 | C33: =C32*(1+$I$5) -> 24448.362 | D33: =AX32 -> 1251.9387 | E33: =C33-D33 -> 23196.424 | F33: =U32*$F$21 -> 2583.8532 | G33: =E33+F33 -> 25780.277 | H33: =B33*$D$15 -> 780.85157 | I33: =E33*$D$13 -> 3015.5351 | J33: =Z33+AG33 -> 976.06446 | K33: =AA33+AH33 -> 0 | L33: =IF(U31<0,-U31*$L$21,0) -> 0 | M33: =AV31*$M$21 -> 10369.5 | N33: =SUM(H33:M33) -> 15141.951 | P33: =G33-N33-O33 -> 10638.326 | Q33: =Tax!R17 -> 0 | R33: =P33+Q33 -> 10638.326 | S33: =AM33 -> 1222.4181 | T33: =AP33 -> 2444.8362 | U33: =U32+G33-N33-O33+Q33+S33+T33 -> 100434.02 | V33: =E33*V$21 -> 2319.6424 | W33: =AB32*F$21 -> 421.50997 | X33: =B33*$D$14 -> 1952.1289 | Y33: =X33*$Y$21 -> 976.06446 | Z33: =IF(X33-Y33<V33+W33+AB32,X33-Y33,V33+W33+AB32) -> 976.06446 | AA33: =X33-Y33-Z33 -> 0 | AB33: =V33+W33-Z33+AB32 -> 15815.42 | AC33: =IF(AL32>0,IF(AL32>B33*$AC$21,B33*$AC$21,AL32),0) -> 5856.3868 | AD33: =AI32*M$21 -> 451.07983 | AE33: =IF((A33/$F$16-INT(A33/$F$16))=0,B33*$D$16,0) -> 0 | AF33: =AE33*$AF$21 -> 0 | AG33: =IF(AE33-AF33>AI32+AC33,AI32+AC33,AE33-AF33) -> 0 | AH33: =AE33-AF33-AG33 -> 0 | AI33: =AC33+AD33-AG33+AI32 -> 21343.461 | AJ33: =R33 -> 10638.326 | AK33: =AA33+AH33 -> 0 | AL33: =AL32+AJ33 -> 47512.609 | AM33: =C33*$D$11 -> 1222.4181 | AN33: =AO32*AN$21 -> 359.87625 | AO33: =AM33+AN33+AO32 -> 13578.169 | AP33: =C33*$D$12 -> 2444.8362 | AQ33: =AR32*AQ$21 -> 719.75249 | AR33: =AP33+AQ33+AR32 -> 27156.338 | AS33: =IF((A33/$F$16-INT(A33/$F$16))=0,AB33+AI33,AB33) -> 15815.42 | AT33: =AO33+AR33+AS33 -> 56549.928 | AU33: =AT33/B33 -> 0.14484168 | AV33: =AV32 -> 345650 | AW33: =$D$5-AT33 -> 271450.07 | AX33: =IF(AO33>$L$6,0,IF(AO33>$L$3,(AO33-$L$3)/$L$5*$L$4*12,0)) -> 1582.3217 | AY33: =AY32+1 -> 11
A34: =A33+1 -> 12 | B34: =B33*(1+$I$6) -> 400186.43 | C34: =C33*(1+$I$5) -> 25132.917 | D34: =AX33 -> 1582.3217 | E34: =C34-D34 -> 23550.595 | F34: =U33*$F$21 -> 3013.0206 | G34: =E34+F34 -> 26563.615 | H34: =B34*$D$15 -> 800.37286 | I34: =E34*$D$13 -> 3061.5773 | J34: =Z34+AG34 -> 1000.4661 | K34: =AA34+AH34 -> 0 | L34: =IF(U32<0,-U32*$L$21,0) -> 0 | M34: =AV32*$M$21 -> 10369.5 | N34: =SUM(H34:M34) -> 15231.916 | P34: =G34-N34-O34 -> 11331.699 | Q34: =Tax!S17 -> 0 | R34: =P34+Q34 -> 11331.699 | S34: =AM34 -> 1256.6458 | T34: =AP34 -> 2513.2917 | U34: =U33+G34-N34-O34+Q34+S34+T34 -> 115535.66 | V34: =E34*V$21 -> 2355.0595 | W34: =AB33*F$21 -> 474.4626 | X34: =B34*$D$14 -> 2000.9322 | Y34: =X34*$Y$21 -> 1000.4661 | Z34: =IF(X34-Y34<V34+W34+AB33,X34-Y34,V34+W34+AB33) -> 1000.4661 | AA34: =X34-Y34-Z34 -> 0 | AB34: =V34+W34-Z34+AB33 -> 17644.476 | AC34: =IF(AL33>0,IF(AL33>B34*$AC$21,B34*$AC$21,AL33),0) -> 6002.7965 | AD34: =AI33*M$21 -> 640.30383 | AE34: =IF((A34/$F$16-INT(A34/$F$16))=0,B34*$D$16,0) -> 0 | AF34: =AE34*$AF$21 -> 0 | AG34: =IF(AE34-AF34>AI33+AC34,AI33+AC34,AE34-AF34) -> 0 | AH34: =AE34-AF34-AG34 -> 0 | AI34: =AC34+AD34-AG34+AI33 -> 27986.561 | AJ34: =R34 -> 11331.699 | AK34: =AA34+AH34 -> 0 | AL34: =AL33+AJ34 -> 58844.308 | AM34: =C34*$D$11 -> 1256.6458 | AN34: =AO33*AN$21 -> 407.34508 | AO34: =AM34+AN34+AO33 -> 15242.16 | AP34: =C34*$D$12 -> 2513.2917 | AQ34: =AR33*AQ$21 -> 814.69015 | AR34: =AP34+AQ34+AR33 -> 30484.32 | AS34: =IF((A34/$F$16-INT(A34/$F$16))=0,AB34+AI34,AB34) -> 17644.476 | AT34: =AO34+AR34+AS34 -> 63370.957 | AU34: =AT34/B34 -> 0.15835359 | AV34: =AV33 -> 345650 | AW34: =$D$5-AT34 -> 264629.04 | AX34: =IF(AO34>$L$6,0,IF(AO34>$L$3,(AO34-$L$3)/$L$5*$L$4*12,0)) -> 1929.763 | AY34: =AY33+1 -> 12
A35: =A34+1 -> 13 | B35: =B34*(1+$I$6) -> 410191.09 | C35: =C34*(1+$I$5) -> 25836.638 | D35: =AX34 -> 1929.763 | E35: =C35-D35 -> 23906.875 | F35: =U34*$F$21 -> 3466.0697 | G35: =E35+F35 -> 27372.945 | H35: =B35*$D$15 -> 820.38218 | I35: =E35*$D$13 -> 3107.8938 | J35: =Z35+AG35 -> 1025.4777 | K35: =AA35+AH35 -> 0 | L35: =IF(U33<0,-U33*$L$21,0) -> 0 | M35: =AV33*$M$21 -> 10369.5 | N35: =SUM(H35:M35) -> 15323.254 | P35: =G35-N35-O35 -> 12049.691 | Q35: =Tax!T17 -> -681.40004 | R35: =P35+Q35 -> 11368.291 | S35: =AM35 -> 1291.8319 | T35: =AP35 -> 2583.6638 | U35: =U34+G35-N35-O35+Q35+S35+T35 -> 130779.44 | V35: =E35*V$21 -> 2390.6875 | W35: =AB34*F$21 -> 529.33428 | X35: =B35*$D$14 -> 2050.9555 | Y35: =X35*$Y$21 -> 1025.4777 | Z35: =IF(X35-Y35<V35+W35+AB34,X35-Y35,V35+W35+AB34) -> 1025.4777 | AA35: =X35-Y35-Z35 -> 0 | AB35: =V35+W35-Z35+AB34 -> 19539.02 | AC35: =IF(AL34>0,IF(AL34>B35*$AC$21,B35*$AC$21,AL34),0) -> 6152.8664 | AD35: =AI34*M$21 -> 839.59684 | AE35: =IF((A35/$F$16-INT(A35/$F$16))=0,B35*$D$16,0) -> 0 | AF35: =AE35*$AF$21 -> 0 | AG35: =IF(AE35-AF35>AI34+AC35,AI34+AC35,AE35-AF35) -> 0 | AH35: =AE35-AF35-AG35 -> 0 | AI35: =AC35+AD35-AG35+AI34 -> 34979.025 | AJ35: =R35 -> 11368.291 | AK35: =AA35+AH35 -> 0 | AL35: =AL34+AJ35 -> 70212.599 | AM35: =C35*$D$11 -> 1291.8319 | AN35: =AO34*AN$21 -> 457.2648 | AO35: =AM35+AN35+AO34 -> 16991.257 | AP35: =C35*$D$12 -> 2583.6638 | AQ35: =AR34*AQ$21 -> 914.52961 | AR35: =AP35+AQ35+AR34 -> 33982.514 | AS35: =IF((A35/$F$16-INT(A35/$F$16))=0,AB35+AI35,AB35) -> 19539.02 | AT35: =AO35+AR35+AS35 -> 70512.791 | AU35: =AT35/B35 -> 0.1719023 | AV35: =AV34 -> 345650 | AW35: =$D$5-AT35 -> 257487.21 | AX35: =IF(AO35>$L$6,0,IF(AO35>$L$3,(AO35-$L$3)/$L$5*$L$4*12,0)) -> 0 | AY35: =AY34+1 -> 13
A36: =A35+1 -> 14 | B36: =B35*(1+$I$6) -> 420445.87 | C36: =C35*(1+$I$5) -> 26560.064 | D36: =AX35 -> 0 | E36: =C36-D36 -> 26560.064 | F36: =U35*$F$21 -> 3923.3833 | G36: =E36+F36 -> 30483.447 | H36: =B36*$D$15 -> 840.89174 | I36: =E36*$D$13 -> 3452.8083 | J36: =Z36+AG36 -> 1051.1147 | K36: =AA36+AH36 -> 0 | L36: =IF(U34<0,-U34*$L$21,0) -> 0 | M36: =AV34*$M$21 -> 10369.5 | N36: =SUM(H36:M36) -> 15714.315 | P36: =G36-N36-O36 -> 14769.133 | Q36: =Tax!U17 -> -2204.4685 | R36: =P36+Q36 -> 12564.664 | S36: =AM36 -> 1328.0032 | T36: =AP36 -> 2656.0064 | U36: =U35+G36-N36-O36+Q36+S36+T36 -> 147328.12 | V36: =E36*V$21 -> 2656.0064 | W36: =AB35*F$21 -> 586.1706 | X36: =B36*$D$14 -> 2102.2293 | Y36: =X36*$Y$21 -> 1051.1147 | Z36: =IF(X36-Y36<V36+W36+AB35,X36-Y36,V36+W36+AB35) -> 1051.1147 | AA36: =X36-Y36-Z36 -> 0 | AB36: =V36+W36-Z36+AB35 -> 21730.082 | AC36: =IF(AL35>0,IF(AL35>B36*$AC$21,B36*$AC$21,AL35),0) -> 6306.688 | AD36: =AI35*M$21 -> 1049.3707 | AE36: =IF((A36/$F$16-INT(A36/$F$16))=0,B36*$D$16,0) -> 0 | AF36: =AE36*$AF$21 -> 0 | AG36: =IF(AE36-AF36>AI35+AC36,AI35+AC36,AE36-AF36) -> 0 | AH36: =AE36-AF36-AG36 -> 0 | AI36: =AC36+AD36-AG36+AI35 -> 42335.083 | AJ36: =R36 -> 12564.664 | AK36: =AA36+AH36 -> 0 | AL36: =AL35+AJ36 -> 82777.263 | AM36: =C36*$D$11 -> 1328.0032 | AN36: =AO35*AN$21 -> 509.73771 | AO36: =AM36+AN36+AO35 -> 18828.998 | AP36: =C36*$D$12 -> 2656.0064 | AQ36: =AR35*AQ$21 -> 1019.4754 | AR36: =AP36+AQ36+AR35 -> 37657.996 | AS36: =IF((A36/$F$16-INT(A36/$F$16))=0,AB36+AI36,AB36) -> 21730.082 | AT36: =AO36+AR36+AS36 -> 78217.076 | AU36: =AT36/B36 -> 0.18603364 | AV36: =AV35 -> 345650 | AW36: =$D$5-AT36 -> 249782.92 | AX36: =IF(AO36>$L$6,0,IF(AO36>$L$3,(AO36-$L$3)/$L$5*$L$4*12,0)) -> 0 | AY36: =AY35+1 -> 14
A37: =A36+1 -> 15 | B37: =B36*(1+$I$6) -> 430957.02 | C37: =C36*(1+$I$5) -> 27303.746 | D37: =AX36 -> 0 | E37: =C37-D37 -> 27303.746 | F37: =U36*$F$21 -> 4419.8435 | G37: =E37+F37 -> 31723.589 | H37: =B37*$D$15 -> 861.91403 | I37: =E37*$D$13 -> 3549.487 | J37: =Z37+AG37 -> 1077.3925 | K37: =AA37+AH37 -> 0 | L37: =IF(U35<0,-U35*$L$21,0) -> 0 | M37: =AV35*$M$21 -> 10369.5 | N37: =SUM(H37:M37) -> 15858.294 | P37: =G37-N37-O37 -> 15865.296 | Q37: =Tax!V17 -> -2412.7395 | R37: =P37+Q37 -> 13452.556 | S37: =AM37 -> 1365.1873 | T37: =AP37 -> 2730.3746 | U37: =U36+G37-N37-O37+Q37+S37+T37 -> 164876.23 | V37: =E37*V$21 -> 2730.3746 | W37: =AB36*F$21 -> 651.90247 | X37: =B37*$D$14 -> 2154.7851 | Y37: =X37*$Y$21 -> 1077.3925 | Z37: =IF(X37-Y37<V37+W37+AB36,X37-Y37,V37+W37+AB36) -> 1077.3925 | AA37: =X37-Y37-Z37 -> 0 | AB37: =V37+W37-Z37+AB36 -> 24034.967 | AC37: =IF(AL36>0,IF(AL36>B37*$AC$21,B37*$AC$21,AL36),0) -> 6464.3552 | AD37: =AI36*M$21 -> 1270.0525 | AE37: =IF((A37/$F$16-INT(A37/$F$16))=0,B37*$D$16,0) -> 0 | AF37: =AE37*$AF$21 -> 0 | AG37: =IF(AE37-AF37>AI36+AC37,AI36+AC37,AE37-AF37) -> 0 | AH37: =AE37-AF37-AG37 -> 0 | AI37: =AC37+AD37-AG37+AI36 -> 50069.491 | AJ37: =R37 -> 13452.556 | AK37: =AA37+AH37 -> 0 | AL37: =AL36+AJ37 -> 96229.819 | AM37: =C37*$D$11 -> 1365.1873 | AN37: =AO36*AN$21 -> 564.86993 | AO37: =AM37+AN37+AO36 -> 20759.055 | AP37: =C37*$D$12 -> 2730.3746 | AQ37: =AR36*AQ$21 -> 1129.7399 | AR37: =AP37+AQ37+AR36 -> 41518.11 | AS37: =IF((A37/$F$16-INT(A37/$F$16))=0,AB37+AI37,AB37) -> 24034.967 | AT37: =AO37+AR37+AS37 -> 86312.132 | AU37: =AT37/B37 -> 0.20028014 | AV37: =AV36 -> 345650 | AW37: =$D$5-AT37 -> 241687.87 | AX37: =IF(AO37>$L$6,0,IF(AO37>$L$3,(AO37-$L$3)/$L$5*$L$4*12,0)) -> 0 | AY37: =AY36+1 -> 15
A38: =A37+1 -> 16 | B38: =B37*(1+$I$6) -> 441730.94 | C38: =C37*(1+$I$5) -> 28068.251 | D38: =AX37 -> 0 | E38: =C38-D38 -> 28068.251 | F38: =U37*$F$21 -> 4946.287 | G38: =E38+F38 -> 33014.538 | H38: =B38*$D$15 -> 883.46188 | I38: =E38*$D$13 -> 3648.8726 | J38: =Z38+AG38 -> 1104.3274 | K38: =AA38+AH38 -> 0 | L38: =IF(U36<0,-U36*$L$21,0) -> 0 | M38: =AV36*$M$21 -> 10369.5 | N38: =SUM(H38:M38) -> 16006.162 | P38: =G38-N38-O38 -> 17008.376 | Q38: =Tax!W17 -> -2629.9248 | R38: =P38+Q38 -> 14378.451 | S38: =AM38 -> 1403.4125 | T38: =AP38 -> 2806.8251 | U38: =U37+G38-N38-O38+Q38+S38+T38 -> 183464.92 | V38: =E38*V$21 -> 2806.8251 | W38: =AB37*F$21 -> 721.04901 | X38: =B38*$D$14 -> 2208.6547 | Y38: =X38*$Y$21 -> 1104.3274 | Z38: =IF(X38-Y38<V38+W38+AB37,X38-Y38,V38+W38+AB37) -> 1104.3274 | AA38: =X38-Y38-Z38 -> 0 | AB38: =V38+W38-Z38+AB37 -> 26458.514 | AC38: =IF(AL37>0,IF(AL37>B38*$AC$21,B38*$AC$21,AL37),0) -> 6625.9641 | AD38: =AI37*M$21 -> 1502.0847 | AE38: =IF((A38/$F$16-INT(A38/$F$16))=0,B38*$D$16,0) -> 0 | AF38: =AE38*$AF$21 -> 0 | AG38: =IF(AE38-AF38>AI37+AC38,AI37+AC38,AE38-AF38) -> 0 | AH38: =AE38-AF38-AG38 -> 0 | AI38: =AC38+AD38-AG38+AI37 -> 58197.54 | AJ38: =R38 -> 14378.451 | AK38: =AA38+AH38 -> 0 | AL38: =AL37+AJ38 -> 110608.27 | AM38: =C38*$D$11 -> 1403.4125 | AN38: =AO37*AN$21 -> 622.77165 | AO38: =AM38+AN38+AO37 -> 22785.239 | AP38: =C38*$D$12 -> 2806.8251 | AQ38: =AR37*AQ$21 -> 1245.5433 | AR38: =AP38+AQ38+AR37 -> 45570.478 | AS38: =IF((A38/$F$16-INT(A38/$F$16))=0,AB38+AI38,AB38) -> 26458.514 | AT38: =AO38+AR38+AS38 -> 94814.231 | AU38: =AT38/B38 -> 0.2146425 | AV38: =AV37 -> 345650 | AW38: =$D$5-AT38 -> 233185.77 | AX38: =IF(AO38>$L$6,0,IF(AO38>$L$3,(AO38-$L$3)/$L$5*$L$4*12,0)) -> 0 | AY38: =AY37+1 -> 16
A39: =A38+1 -> 17 | B39: =B38*(1+$I$6) -> 452774.21 | C39: =C38*(1+$I$5) -> 28854.162 | D39: =AX38 -> 0 | E39: =C39-D39 -> 28854.162 | F39: =U38*$F$21 -> 5503.9477 | G39: =E39+F39 -> 34358.109 | H39: =B39*$D$15 -> 905.54843 | I39: =E39*$D$13 -> 3751.041 | J39: =Z39+AG39 -> 1131.9355 | K39: =AA39+AH39 -> 0 | L39: =IF(U37<0,-U37*$L$21,0) -> 0 | M39: =AV37*$M$21 -> 10369.5 | N39: =SUM(H39:M39) -> 16158.025 | P39: =G39-N39-O39 -> 18200.084 | Q39: =Tax!X17 -> -2856.3494 | R39: =P39+Q39 -> 15343.735 | S39: =AM39 -> 1442.7081 | T39: =AP39 -> 2885.4162 | U39: =U38+G39-N39-O39+Q39+S39+T39 -> 203136.78 | V39: =E39*V$21 -> 2885.4162 | W39: =AB38*F$21 -> 793.75541 | X39: =B39*$D$14 -> 2263.8711 | Y39: =X39*$Y$21 -> 1131.9355 | Z39: =IF(X39-Y39<V39+W39+AB38,X39-Y39,V39+W39+AB38) -> 1131.9355 | AA39: =X39-Y39-Z39 -> 0 | AB39: =V39+W39-Z39+AB38 -> 29005.75 | AC39: =IF(AL38>0,IF(AL38>B39*$AC$21,B39*$AC$21,AL38),0) -> 6791.6132 | AD39: =AI38*M$21 -> 1745.9262 | AE39: =IF((A39/$F$16-INT(A39/$F$16))=0,B39*$D$16,0) -> 0 | AF39: =AE39*$AF$21 -> 0 | AG39: =IF(AE39-AF39>AI38+AC39,AI38+AC39,AE39-AF39) -> 0 | AH39: =AE39-AF39-AG39 -> 0 | AI39: =AC39+AD39-AG39+AI38 -> 66735.079 | AJ39: =R39 -> 15343.735 | AK39: =AA39+AH39 -> 0 | AL39: =AL38+AJ39 -> 125952.01 | AM39: =C39*$D$11 -> 1442.7081 | AN39: =AO38*AN$21 -> 683.55718 | AO39: =AM39+AN39+AO38 -> 24911.504 | AP39: =C39*$D$12 -> 2885.4162 | AQ39: =AR38*AQ$21 -> 1367.1144 | AR39: =AP39+AQ39+AR38 -> 49823.009 | AS39: =IF((A39/$F$16-INT(A39/$F$16))=0,AB39+AI39,AB39) -> 29005.75 | AT39: =AO39+AR39+AS39 -> 103740.26 | AU39: =AT39/B39 -> 0.2291214 | AV39: =AV38 -> 345650 | AW39: =$D$5-AT39 -> 224259.74 | AX39: =IF(AO39>$L$6,0,IF(AO39>$L$3,(AO39-$L$3)/$L$5*$L$4*12,0)) -> 0 | AY39: =AY38+1 -> 17
A40: =A39+1 -> 18 | B40: =B39*(1+$I$6) -> 464093.57 | C40: =C39*(1+$I$5) -> 29662.078 | D40: =AX39 -> 0 | E40: =C40-D40 -> 29662.078 | F40: =U39*$F$21 -> 6094.1035 | G40: =E40+F40 -> 35756.182 | H40: =B40*$D$15 -> 928.18714 | I40: =E40*$D$13 -> 3856.0702 | J40: =Z40+AG40 -> 1160.2339 | K40: =AA40+AH40 -> 0 | L40: =IF(U38<0,-U38*$L$21,0) -> 0 | M40: =AV38*$M$21 -> 10369.5 | N40: =SUM(H40:M40) -> 16313.991 | P40: =G40-N40-O40 -> 19442.191 | Q40: =Tax!Y17 -> -3092.3495 | R40: =P40+Q40 -> 16349.841 | S40: =AM40 -> 1483.1039 | T40: =AP40 -> 2966.2078 | U40: =U39+G40-N40-O40+Q40+S40+T40 -> 223935.94 | V40: =E40*V$21 -> 2966.2078 | W40: =AB39*F$21 -> 870.17249 | X40: =B40*$D$14 -> 2320.4678 | Y40: =X40*$Y$21 -> 1160.2339 | Z40: =IF(X40-Y40<V40+W40+AB39,X40-Y40,V40+W40+AB39) -> 1160.2339 | AA40: =X40-Y40-Z40 -> 0 | AB40: =V40+W40-Z40+AB39 -> 31681.896 | AC40: =IF(AL39>0,IF(AL39>B40*$AC$21,B40*$AC$21,AL39),0) -> 6961.4035 | AD40: =AI39*M$21 -> 2002.0524 | AE40: =IF((A40/$F$16-INT(A40/$F$16))=0,B40*$D$16,0) -> 0 | AF40: =AE40*$AF$21 -> 0 | AG40: =IF(AE40-AF40>AI39+AC40,AI39+AC40,AE40-AF40) -> 0 | AH40: =AE40-AF40-AG40 -> 0 | AI40: =AC40+AD40-AG40+AI39 -> 75698.535 | AJ40: =R40 -> 16349.841 | AK40: =AA40+AH40 -> 0 | AL40: =AL39+AJ40 -> 142301.85 | AM40: =C40*$D$11 -> 1483.1039 | AN40: =AO39*AN$21 -> 747.34513 | AO40: =AM40+AN40+AO39 -> 27141.954 | AP40: =C40*$D$12 -> 2966.2078 | AQ40: =AR39*AQ$21 -> 1494.6903 | AR40: =AP40+AQ40+AR39 -> 54283.907 | AS40: =IF((A40/$F$16-INT(A40/$F$16))=0,AB40+AI40,AB40) -> 31681.896 | AT40: =AO40+AR40+AS40 -> 113107.76 | AU40: =AT40/B40 -> 0.24371757 | AV40: =AV39 -> 345650 | AW40: =$D$5-AT40 -> 214892.24 | AX40: =IF(AO40>$L$6,0,IF(AO40>$L$3,(AO40-$L$3)/$L$5*$L$4*12,0)) -> 0 | AY40: =AY39+1 -> 18
A41: =A40+1 -> 19 | B41: =B40*(1+$I$6) -> 475695.91 | C41: =C40*(1+$I$5) -> 30492.617 | D41: =AX40 -> 0 | E41: =C41-D41 -> 30492.617 | F41: =U40*$F$21 -> 6718.0781 | G41: =E41+F41 -> 37210.695 | H41: =B41*$D$15 -> 951.39182 | I41: =E41*$D$13 -> 3964.0401 | J41: =Z41+AG41 -> 1189.2398 | K41: =AA41+AH41 -> 0 | L41: =IF(U39<0,-U39*$L$21,0) -> 0 | M41: =AV39*$M$21 -> 10369.5 | N41: =SUM(H41:M41) -> 16474.172 | P41: =G41-N41-O41 -> 20736.523 | Q41: =Tax!Z17 -> -3338.2727 | R41: =P41+Q41 -> 17398.25 | S41: =AM41 -> 1524.6308 | T41: =AP41 -> 3049.2617 | U41: =U40+G41-N41-O41+Q41+S41+T41 -> 245908.08 | V41: =E41*V$21 -> 3049.2617 | W41: =AB40*F$21 -> 950.45689 | X41: =B41*$D$14 -> 2378.4795 | Y41: =X41*$Y$21 -> 1189.2398 | Z41: =IF(X41-Y41<V41+W41+AB40,X41-Y41,V41+W41+AB40) -> 1189.2398 | AA41: =X41-Y41-Z41 -> 0 | AB41: =V41+W41-Z41+AB40 -> 34492.375 | AC41: =IF(AL40>0,IF(AL40>B41*$AC$21,B41*$AC$21,AL40),0) -> 7135.4386 | AD41: =AI40*M$21 -> 2270.9561 | AE41: =IF((A41/$F$16-INT(A41/$F$16))=0,B41*$D$16,0) -> 0 | AF41: =AE41*$AF$21 -> 0 | AG41: =IF(AE41-AF41>AI40+AC41,AI40+AC41,AE41-AF41) -> 0 | AH41: =AE41-AF41-AG41 -> 0 | AI41: =AC41+AD41-AG41+AI40 -> 85104.93 | AJ41: =R41 -> 17398.25 | AK41: =AA41+AH41 -> 0 | AL41: =AL40+AJ41 -> 159700.1 | AM41: =C41*$D$11 -> 1524.6308 | AN41: =AO40*AN$21 -> 814.25861 | AO41: =AM41+AN41+AO40 -> 29480.843 | AP41: =C41*$D$12 -> 3049.2617 | AQ41: =AR40*AQ$21 -> 1628.5172 | AR41: =AP41+AQ41+AR40 -> 58961.686 | AS41: =IF((A41/$F$16-INT(A41/$F$16))=0,AB41+AI41,AB41) -> 34492.375 | AT41: =AO41+AR41+AS41 -> 122934.9 | AU41: =AT41/B41 -> 0.2584317 | AV41: =AV40 -> 345650 | AW41: =$D$5-AT41 -> 205065.1 | AX41: =IF(AO41>$L$6,0,IF(AO41>$L$3,(AO41-$L$3)/$L$5*$L$4*12,0)) -> 0 | AY41: =AY40+1 -> 19
A42: =A41+1 -> 20 | B42: =B41*(1+$I$6) -> 487588.31 | C42: =C41*(1+$I$5) -> 31346.41 | D42: =AX41 -> 0 | E42: =C42-D42 -> 31346.41 | F42: =U41*$F$21 -> 7377.2423 | G42: =E42+F42 -> 38723.652 | H42: =B42*$D$15 -> 975.17661 | I42: =E42*$D$13 -> 4075.0333 | J42: =Z42+AG42 -> 37788.094 | K42: =AA42+AH42 -> 0 | L42: =IF(U40<0,-U40*$L$21,0) -> 0 | M42: =AV40*$M$21 -> 10369.5 | N42: =SUM(H42:M42) -> 53207.804 | P42: =G42-N42-O42 -> -14484.152 | Q42: =Tax!AA17 -> 0 | R42: =P42+Q42 -> -14484.152 | S42: =AM42 -> 1567.3205 | T42: =AP42 -> 3134.641 | U42: =U41+G42-N42-O42+Q42+S42+T42 -> 236125.89 | V42: =E42*V$21 -> 3134.641 | W42: =AB41*F$21 -> 1034.7712 | X42: =B42*$D$14 -> 2437.9415 | Y42: =X42*$Y$21 -> 1218.9708 | Z42: =IF(X42-Y42<V42+W42+AB41,X42-Y42,V42+W42+AB41) -> 1218.9708 | AA42: =X42-Y42-Z42 -> 0 | AB42: =V42+W42-Z42+AB41 -> 37442.816 | AC42: =IF(AL41>0,IF(AL41>B42*$AC$21,B42*$AC$21,AL41),0) -> 7313.8246 | AD42: =AI41*M$21 -> 2553.1479 | AE42: =IF((A42/$F$16-INT(A42/$F$16))=0,B42*$D$16,0) -> 73138.246 | AF42: =AE42*$AF$21 -> 36569.123 | AG42: =IF(AE42-AF42>AI41+AC42,AI41+AC42,AE42-AF42) -> 36569.123 | AH42: =AE42-AF42-AG42 -> 0 | AI42: =AC42+AD42-AG42+AI41 -> 58402.779 | AJ42: =R42 -> -14484.152 | AK42: =AA42+AH42 -> 0 | AL42: =AL41+AJ42 -> 145215.95 | AM42: =C42*$D$11 -> 1567.3205 | AN42: =AO41*AN$21 -> 884.42529 | AO42: =AM42+AN42+AO41 -> 31932.589 | AP42: =C42*$D$12 -> 3134.641 | AQ42: =AR41*AQ$21 -> 1768.8506 | AR42: =AP42+AQ42+AR41 -> 63865.177 | AS42: =IF((A42/$F$16-INT(A42/$F$16))=0,AB42+AI42,AB42) -> 95845.596 | AT42: =AO42+AR42+AS42 -> 191643.36 | AU42: =AT42/B42 -> 0.39304339 | AV42: =AV41 -> 345650 | AW42: =$D$5-AT42 -> 136356.64 | AX42: =IF(AO42>$L$6,0,IF(AO42>$L$3,(AO42-$L$3)/$L$5*$L$4*12,0)) -> 0 | AY42: =AY41+1 -> 20 | AZ42: 6.1
A43: =A42+1 -> 21 | B43: =B42*(1+$I$6) -> 499778.01 | C43: =C42*(1+$I$5) -> 32224.109 | D43: =AX42 -> 0 | E43: =C43-D43 -> 32224.109 | F43: =U42*$F$21 -> 7083.7766 | G43: =E43+F43 -> 39307.886 | H43: =B43*$D$15 -> 999.55603 | I43: =E43*$D$13 -> 4189.1342 | J43: =Z43+AG43 -> 1249.445 | K43: =AA43+AH43 -> 0 | L43: =IF(U41<0,-U41*$L$21,0) -> 0 | M43: =AV41*$M$21 -> 10369.5 | N43: =SUM(H43:M43) -> 16807.635 | P43: =G43-N43-O43 -> 22500.251 | Q43: =Tax!AB17 -> -319.72549 | R43: =P43+Q43 -> 22180.525 | S43: =AM43 -> 1611.2055 | T43: =AP43 -> 3222.4109 | U43: =U42+G43-N43-O43+Q43+S43+T43 -> 263140.03 | V43: =E43*V$21 -> 3222.4109 | W43: =AB42*F$21 -> 1123.2845 | X43: =B43*$D$14 -> 2498.8901 | Y43: =X43*$Y$21 -> 1249.445 | Z43: =IF(X43-Y43<V43+W43+AB42,X43-Y43,V43+W43+AB42) -> 1249.445 | AA43: =X43-Y43-Z43 -> 0 | AB43: =V43+W43-Z43+AB42 -> 40539.067 | AC43: =IF(AL42>0,IF(AL42>B43*$AC$21,B43*$AC$21,AL42),0) -> 7496.6702 | AD43: =AI42*M$21 -> 1752.0834 | AE43: =IF((A43/$F$16-INT(A43/$F$16))=0,B43*$D$16,0) -> 0 | AF43: =AE43*$AF$21 -> 0 | AG43: =IF(AE43-AF43>AI42+AC43,AI42+AC43,AE43-AF43) -> 0 | AH43: =AE43-AF43-AG43 -> 0 | AI43: =AC43+AD43-AG43+AI42 -> 67651.533 | AJ43: =R43 -> 22180.525 | AK43: =AA43+AH43 -> 0 | AL43: =AL42+AJ43 -> 167396.47 | AM43: =C43*$D$11 -> 1611.2055 | AN43: =AO42*AN$21 -> 957.97766 | AO43: =AM43+AN43+AO42 -> 34501.772 | AP43: =C43*$D$12 -> 3222.4109 | AQ43: =AR42*AQ$21 -> 1915.9553 | AR43: =AP43+AQ43+AR42 -> 69003.544 | AS43: =IF((A43/$F$16-INT(A43/$F$16))=0,AB43+AI43,AB43) -> 40539.067 | AT43: =AO43+AR43+AS43 -> 144044.38 | AU43: =AT43/B43 -> 0.28821672 | AV43: =AV42 -> 345650 | AW43: =$D$5-AT43 -> 183955.62 | AX43: =IF(AO43>$L$6,0,IF(AO43>$L$3,(AO43-$L$3)/$L$5*$L$4*12,0)) -> 0 | AY43: =AY42+1 -> 21
A44: =A43+1 -> 22 | B44: =B43*(1+$I$6) -> 512272.46 | C44: =C43*(1+$I$5) -> 33126.384 | D44: =AX43 -> 0 | E44: =C44-D44 -> 33126.384 | F44: =U43*$F$21 -> 7894.2009 | G44: =E44+F44 -> 41020.585 | H44: =B44*$D$15 -> 1024.5449 | I44: =E44*$D$13 -> 4306.43 | J44: =Z44+AG44 -> 1280.6812 | K44: =AA44+AH44 -> 0 | L44: =IF(U42<0,-U42*$L$21,0) -> 0 | M44: =AV42*$M$21 -> 10369.5 | N44: =SUM(H44:M44) -> 16981.156 | P44: =G44-N44-O44 -> 24039.429 | Q44: =Tax!AC17 -> -3965.8249 | R44: =P44+Q44 -> 20073.604 | S44: =AM44 -> 1656.3192 | T44: =AP44 -> 3312.6384 | U44: =U43+G44-N44-O44+Q44+S44+T44 -> 288182.59 | V44: =E44*V$21 -> 3312.6384 | W44: =AB43*F$21 -> 1216.172 | X44: =B44*$D$14 -> 2561.3623 | Y44: =X44*$Y$21 -> 1280.6812 | Z44: =IF(X44-Y44<V44+W44+AB43,X44-Y44,V44+W44+AB43) -> 1280.6812 | AA44: =X44-Y44-Z44 -> 0 | AB44: =V44+W44-Z44+AB43 -> 43787.196 | AC44: =IF(AL43>0,IF(AL43>B44*$AC$21,B44*$AC$21,AL43),0) -> 7684.087 | AD44: =AI43*M$21 -> 2029.546 | AE44: =IF((A44/$F$16-INT(A44/$F$16))=0,B44*$D$16,0) -> 0 | AF44: =AE44*$AF$21 -> 0 | AG44: =IF(AE44-AF44>AI43+AC44,AI43+AC44,AE44-AF44) -> 0 | AH44: =AE44-AF44-AG44 -> 0 | AI44: =AC44+AD44-AG44+AI43 -> 77365.166 | AJ44: =R44 -> 20073.604 | AK44: =AA44+AH44 -> 0 | AL44: =AL43+AJ44 -> 187470.07 | AM44: =C44*$D$11 -> 1656.3192 | AN44: =AO43*AN$21 -> 1035.0532 | AO44: =AM44+AN44+AO43 -> 37193.144 | AP44: =C44*$D$12 -> 3312.6384 | AQ44: =AR43*AQ$21 -> 2070.1063 | AR44: =AP44+AQ44+AR43 -> 74386.288 | AS44: =IF((A44/$F$16-INT(A44/$F$16))=0,AB44+AI44,AB44) -> 43787.196 | AT44: =AO44+AR44+AS44 -> 155366.63 | AU44: =AT44/B44 -> 0.30328905 | AV44: =AV43 -> 345650 | AW44: =$D$5-AT44 -> 172633.37 | AX44: =IF(AO44>$L$6,0,IF(AO44>$L$3,(AO44-$L$3)/$L$5*$L$4*12,0)) -> 0 | AY44: =AY43+1 -> 22
A45: =A44+1 -> 23 | B45: =B44*(1+$I$6) -> 525079.28 | C45: =C44*(1+$I$5) -> 34053.923 | D45: =AX44 -> 0 | E45: =C45-D45 -> 34053.923 | F45: =U44*$F$21 -> 8645.4777 | G45: =E45+F45 -> 42699.401 | H45: =B45*$D$15 -> 1050.1586 | I45: =E45*$D$13 -> 4427.01 | J45: =Z45+AG45 -> 1312.6982 | K45: =AA45+AH45 -> 0 | L45: =IF(U43<0,-U43*$L$21,0) -> 0 | M45: =AV43*$M$21 -> 10369.5 | N45: =SUM(H45:M45) -> 17159.367 | P45: =G45-N45-O45 -> 25540.034 | Q45: =Tax!AD17 -> -4250.9398 | R45: =P45+Q45 -> 21289.094 | S45: =AM45 -> 1702.6962 | T45: =AP45 -> 3405.3923 | U45: =U44+G45-N45-O45+Q45+S45+T45 -> 314579.77 | V45: =E45*V$21 -> 3405.3923 | W45: =AB44*F$21 -> 1313.6159 | X45: =B45*$D$14 -> 2625.3964 | Y45: =X45*$Y$21 -> 1312.6982 | Z45: =IF(X45-Y45<V45+W45+AB44,X45-Y45,V45+W45+AB44) -> 1312.6982 | AA45: =X45-Y45-Z45 -> 0 | AB45: =V45+W45-Z45+AB44 -> 47193.506 | AC45: =IF(AL44>0,IF(AL44>B45*$AC$21,B45*$AC$21,AL44),0) -> 7876.1891 | AD45: =AI44*M$21 -> 2320.955 | AE45: =IF((A45/$F$16-INT(A45/$F$16))=0,B45*$D$16,0) -> 0 | AF45: =AE45*$AF$21 -> 0 | AG45: =IF(AE45-AF45>AI44+AC45,AI44+AC45,AE45-AF45) -> 0 | AH45: =AE45-AF45-AG45 -> 0 | AI45: =AC45+AD45-AG45+AI44 -> 87562.31 | AJ45: =R45 -> 21289.094 | AK45: =AA45+AH45 -> 0 | AL45: =AL44+AJ45 -> 208759.17 | AM45: =C45*$D$11 -> 1702.6962 | AN45: =AO44*AN$21 -> 1115.7943 | AO45: =AM45+AN45+AO44 -> 40011.635 | AP45: =C45*$D$12 -> 3405.3923 | AQ45: =AR44*AQ$21 -> 2231.5887 | AR45: =AP45+AQ45+AR44 -> 80023.269 | AS45: =IF((A45/$F$16-INT(A45/$F$16))=0,AB45+AI45,AB45) -> 47193.506 | AT45: =AO45+AR45+AS45 -> 167228.41 | AU45: =AT45/B45 -> 0.31848221 | AV45: =AV44 -> 345650 | AW45: =$D$5-AT45 -> 160771.59 | AX45: =IF(AO45>$L$6,0,IF(AO45>$L$3,(AO45-$L$3)/$L$5*$L$4*12,0)) -> 0 | AY45: =AY44+1 -> 23
A46: =A45+1 -> 24 | B46: =B45*(1+$I$6) -> 538206.26 | C46: =C45*(1+$I$5) -> 35007.433 | D46: =AX45 -> 0 | E46: =C46-D46 -> 35007.433 | F46: =U45*$F$21 -> 9437.3932 | G46: =E46+F46 -> 44444.826 | H46: =B46*$D$15 -> 1076.4125 | I46: =E46*$D$13 -> 4550.9663 | J46: =Z46+AG46 -> 1345.5156 | K46: =AA46+AH46 -> 0 | L46: =IF(U44<0,-U44*$L$21,0) -> 0 | M46: =AV44*$M$21 -> 10369.5 | N46: =SUM(H46:M46) -> 17342.394 | P46: =G46-N46-O46 -> 27102.432 | Q46: =Tax!AE17 -> -4547.7954 | R46: =P46+Q46 -> 22554.636 | S46: =AM46 -> 1750.3716 | T46: =AP46 -> 3500.7433 | U46: =U45+G46-N46-O46+Q46+S46+T46 -> 342385.53 | V46: =E46*V$21 -> 3500.7433 | W46: =AB45*F$21 -> 1415.8052 | X46: =B46*$D$14 -> 2691.0313 | Y46: =X46*$Y$21 -> 1345.5156 | Z46: =IF(X46-Y46<V46+W46+AB45,X46-Y46,V46+W46+AB45) -> 1345.5156 | AA46: =X46-Y46-Z46 -> 0 | AB46: =V46+W46-Z46+AB45 -> 50764.539 | AC46: =IF(AL45>0,IF(AL45>B46*$AC$21,B46*$AC$21,AL45),0) -> 8073.0939 | AD46: =AI45*M$21 -> 2626.8693 | AE46: =IF((A46/$F$16-INT(A46/$F$16))=0,B46*$D$16,0) -> 0 | AF46: =AE46*$AF$21 -> 0 | AG46: =IF(AE46-AF46>AI45+AC46,AI45+AC46,AE46-AF46) -> 0 | AH46: =AE46-AF46-AG46 -> 0 | AI46: =AC46+AD46-AG46+AI45 -> 98262.273 | AJ46: =R46 -> 22554.636 | AK46: =AA46+AH46 -> 0 | AL46: =AL45+AJ46 -> 231313.81 | AM46: =C46*$D$11 -> 1750.3716 | AN46: =AO45*AN$21 -> 1200.349 | AO46: =AM46+AN46+AO45 -> 42962.355 | AP46: =C46*$D$12 -> 3500.7433 | AQ46: =AR45*AQ$21 -> 2400.6981 | AR46: =AP46+AQ46+AR45 -> 85924.711 | AS46: =IF((A46/$F$16-INT(A46/$F$16))=0,AB46+AI46,AB46) -> 50764.539 | AT46: =AO46+AR46+AS46 -> 179651.61 | AU46: =AT46/B46 -> 0.33379695 | AV46: =AV45 -> 345650 | AW46: =$D$5-AT46 -> 148348.39 | AX46: =IF(AO46>$L$6,0,IF(AO46>$L$3,(AO46-$L$3)/$L$5*$L$4*12,0)) -> 0 | AY46: =AY45+1 -> 24
A47: =A46+1 -> 25 | B47: =B46*(1+$I$6) -> 551661.41 | C47: =C46*(1+$I$5) -> 35987.641 | D47: =AX46 -> 0 | E47: =C47-D47 -> 35987.641 | F47: =U46*$F$21 -> 10271.566 | G47: =E47+F47 -> 46259.207 | H47: =B47*$D$15 -> 1103.3228 | I47: =E47*$D$13 -> 4678.3933 | J47: =Z47+AG47 -> 1379.1535 | K47: =AA47+AH47 -> 0 | L47: =IF(U45<0,-U45*$L$21,0) -> 0 | M47: =AV45*$M$21 -> 10369.5 | N47: =SUM(H47:M47) -> 17530.37 | P47: =G47-N47-O47 -> 28728.837 | Q47: =Tax!AE17 -> -4547.7954 | R47: =P47+Q47 -> 24181.042 | S47: =AM47 -> 1799.3821 | T47: =AP47 -> 3598.7641 | U47: =U46+G47-N47-O47+Q47+S47+T47 -> 371964.71 | V47: =E47*V$21 -> 3598.7641 | W47: =AB46*F$21 -> 1522.9362 | X47: =B47*$D$14 -> 2758.3071 | Y47: =X47*$Y$21 -> 1379.1535 | Z47: =IF(X47-Y47<V47+W47+AB46,X47-Y47,V47+W47+AB46) -> 1379.1535 | AA47: =X47-Y47-Z47 -> 0 | AB47: =V47+W47-Z47+AB46 -> 54507.086 | AC47: =IF(AL46>0,IF(AL46>B47*$AC$21,B47*$AC$21,AL46),0) -> 8274.9212 | AD47: =AI46*M$21 -> 2947.8682 | AE47: =IF((A47/$F$16-INT(A47/$F$16))=0,B47*$D$16,0) -> 0 | AF47: =AE47*$AF$21 -> 0 | AG47: =IF(AE47-AF47>AI46+AC47,AI46+AC47,AE47-AF47) -> 0 | AH47: =AE47-AF47-AG47 -> 0 | AI47: =AC47+AD47-AG47+AI46 -> 109485.06 | AJ47: =R47 -> 24181.042 | AK47: =AA47+AH47 -> 0 | AL47: =AL46+AJ47 -> 255494.85 | AM47: =C47*$D$11 -> 1799.3821 | AN47: =AO46*AN$21 -> 1288.8707 | AO47: =AM47+AN47+AO46 -> 46050.608 | AP47: =C47*$D$12 -> 3598.7641 | AQ47: =AR46*AQ$21 -> 2577.7413 | AR47: =AP47+AQ47+AR46 -> 92101.216 | AS47: =IF((A47/$F$16-INT(A47/$F$16))=0,AB47+AI47,AB47) -> 54507.086 | AT47: =AO47+AR47+AS47 -> 192658.91 | AU47: =AT47/B47 -> 0.34923398 | AV47: =AV46 -> 345650 | AW47: =$D$5-AT47 -> 135341.09 | AX47: =IF(AO47>$L$6,0,IF(AO47>$L$3,(AO47-$L$3)/$L$5*$L$4*12,0)) -> 0 | AY47: =AY46+1 -> 25
A48: =A47+1 -> 26 | B48: =B47*(1+$I$6) -> 565452.95 | C48: =C47*(1+$I$5) -> 36995.295 | D48: =AX47 -> 0 | E48: =C48-D48 -> 36995.295 | F48: =U47*$F$21 -> 11158.941 | G48: =E48+F48 -> 48154.236 | H48: =B48*$D$15 -> 1130.9059 | I48: =E48*$D$13 -> 4809.3883 | J48: =Z48+AG48 -> 1413.6324 | K48: =AA48+AH48 -> 0 | L48: =IF(U46<0,-U46*$L$21,0) -> 0 | M48: =AV46*$M$21 -> 10369.5 | N48: =SUM(H48:M48) -> 17723.427 | P48: =G48-N48-O48 -> 30430.81 | Q48: =Tax!AG17 -> -5180.1872 | R48: =P48+Q48 -> 25250.623 | S48: =AM48 -> 1849.7647 | T48: =AP48 -> 3699.5295 | U48: =U47+G48-N48-O48+Q48+S48+T48 -> 402764.63 | V48: =E48*V$21 -> 3699.5295 | W48: =AB47*F$21 -> 1635.2126 | X48: =B48*$D$14 -> 2827.2647 | Y48: =X48*$Y$21 -> 1413.6324 | Z48: =IF(X48-Y48<V48+W48+AB47,X48-Y48,V48+W48+AB47) -> 1413.6324 | AA48: =X48-Y48-Z48 -> 0 | AB48: =V48+W48-Z48+AB47 -> 58428.195 | AC48: =IF(AL47>0,IF(AL47>B48*$AC$21,B48*$AC$21,AL47),0) -> 8481.7942 | AD48: =AI47*M$21 -> 3284.5519 | AE48: =IF((A48/$F$16-INT(A48/$F$16))=0,B48*$D$16,0) -> 0 | AF48: =AE48*$AF$21 -> 0 | AG48: =IF(AE48-AF48>AI47+AC48,AI47+AC48,AE48-AF48) -> 0 | AH48: =AE48-AF48-AG48 -> 0 | AI48: =AC48+AD48-AG48+AI47 -> 121251.41 | AJ48: =R48 -> 25250.623 | AK48: =AA48+AH48 -> 0 | AL48: =AL47+AJ48 -> 280745.47 | AM48: =C48*$D$11 -> 1849.7647 | AN48: =AO47*AN$21 -> 1381.5182 | AO48: =AM48+AN48+AO47 -> 49281.891 | AP48: =C48*$D$12 -> 3699.5295 | AQ48: =AR47*AQ$21 -> 2763.0365 | AR48: =AP48+AQ48+AR47 -> 98563.782 | AS48: =IF((A48/$F$16-INT(A48/$F$16))=0,AB48+AI48,AB48) -> 58428.195 | AT48: =AO48+AR48+AS48 -> 206273.87 | AU48: =AT48/B48 -> 0.36479404 | AV48: =AV47 -> 345650 | AW48: =$D$5-AT48 -> 121726.13 | AX48: =IF(AO48>$L$6,0,IF(AO48>$L$3,(AO48-$L$3)/$L$5*$L$4*12,0)) -> 0 | AY48: =AY47+1 -> 26
A49: =A48+1 -> 27 | B49: =B48*(1+$I$6) -> 579589.27 | C49: =C48*(1+$I$5) -> 38031.163 | D49: =AX48 -> 0 | E49: =C49-D49 -> 38031.163 | F49: =U48*$F$21 -> 12082.939 | G49: =E49+F49 -> 50114.102 | H49: =B49*$D$15 -> 1159.1785 | I49: =E49*$D$13 -> 4944.0512 | J49: =Z49+AG49 -> 1448.9732 | K49: =AA49+AH49 -> 0 | L49: =IF(U47<0,-U47*$L$21,0) -> 0 | M49: =AV47*$M$21 -> 10369.5 | N49: =SUM(H49:M49) -> 17921.703 | P49: =G49-N49-O49 -> 32192.399 | Q49: =Tax!AH17 -> -5514.8892 | R49: =P49+Q49 -> 26677.51 | S49: =AM49 -> 1901.5582 | T49: =AP49 -> 3803.1163 | U49: =U48+G49-N49-O49+Q49+S49+T49 -> 435146.81 | V49: =E49*V$21 -> 3803.1163 | W49: =AB48*F$21 -> 1752.8459 | X49: =B49*$D$14 -> 2897.9464 | Y49: =X49*$Y$21 -> 1448.9732 | Z49: =IF(X49-Y49<V49+W49+AB48,X49-Y49,V49+W49+AB48) -> 1448.9732 | AA49: =X49-Y49-Z49 -> 0 | AB49: =V49+W49-Z49+AB48 -> 62535.184 | AC49: =IF(AL48>0,IF(AL48>B49*$AC$21,B49*$AC$21,AL48),0) -> 8693.8391 | AD49: =AI48*M$21 -> 3637.5423 | AE49: =IF((A49/$F$16-INT(A49/$F$16))=0,B49*$D$16,0) -> 0 | AF49: =AE49*$AF$21 -> 0 | AG49: =IF(AE49-AF49>AI48+AC49,AI48+AC49,AE49-AF49) -> 0 | AH49: =AE49-AF49-AG49 -> 0 | AI49: =AC49+AD49-AG49+AI48 -> 133582.79 | AJ49: =R49 -> 26677.51 | AK49: =AA49+AH49 -> 0 | AL49: =AL48+AJ49 -> 307422.98 | AM49: =C49*$D$11 -> 1901.5582 | AN49: =AO48*AN$21 -> 1478.4567 | AO49: =AM49+AN49+AO48 -> 52661.906 | AP49: =C49*$D$12 -> 3803.1163 | AQ49: =AR48*AQ$21 -> 2956.9135 | AR49: =AP49+AQ49+AR48 -> 105323.81 | AS49: =IF((A49/$F$16-INT(A49/$F$16))=0,AB49+AI49,AB49) -> 62535.184 | AT49: =AO49+AR49+AS49 -> 220520.9 | AU49: =AT49/B49 -> 0.38047789 | AV49: =AV48 -> 345650 | AW49: =$D$5-AT49 -> 107479.1 | AX49: =IF(AO49>$L$6,0,IF(AO49>$L$3,(AO49-$L$3)/$L$5*$L$4*12,0)) -> 0 | AY49: =AY48+1 -> 27
A50: =A49+1 -> 28 | B50: =B49*(1+$I$6) -> 594079.01 | C50: =C49*(1+$I$5) -> 39096.036 | D50: =AX49 -> 0 | E50: =C50-D50 -> 39096.036 | F50: =U49*$F$21 -> 13054.404 | G50: =E50+F50 -> 52150.44 | H50: =B50*$D$15 -> 1188.158 | I50: =E50*$D$13 -> 5082.4847 | J50: =Z50+AG50 -> 1485.1975 | K50: =AA50+AH50 -> 0 | L50: =IF(U48<0,-U48*$L$21,0) -> 0 | M50: =AV48*$M$21 -> 10369.5 | N50: =SUM(H50:M50) -> 18125.34 | P50: =G50-N50-O50 -> 34025.1 | Q50: =Tax!AI17 -> -5863.1023 | R50: =P50+Q50 -> 28161.998 | S50: =AM50 -> 1954.8018 | T50: =AP50 -> 3909.6036 | U50: =U49+G50-N50-O50+Q50+S50+T50 -> 469173.22 | V50: =E50*V$21 -> 3909.6036 | W50: =AB49*F$21 -> 1876.0555 | X50: =B50*$D$14 -> 2970.395 | Y50: =X50*$Y$21 -> 1485.1975 | Z50: =IF(X50-Y50<V50+W50+AB49,X50-Y50,V50+W50+AB49) -> 1485.1975 | AA50: =X50-Y50-Z50 -> 0 | AB50: =V50+W50-Z50+AB49 -> 66835.646 | AC50: =IF(AL49>0,IF(AL49>B50*$AC$21,B50*$AC$21,AL49),0) -> 8911.1851 | AD50: =AI49*M$21 -> 4007.4837 | AE50: =IF((A50/$F$16-INT(A50/$F$16))=0,B50*$D$16,0) -> 0 | AF50: =AE50*$AF$21 -> 0 | AG50: =IF(AE50-AF50>AI49+AC50,AI49+AC50,AE50-AF50) -> 0 | AH50: =AE50-AF50-AG50 -> 0 | AI50: =AC50+AD50-AG50+AI49 -> 146501.46 | AJ50: =R50 -> 28161.998 | AK50: =AA50+AH50 -> 0 | AL50: =AL49+AJ50 -> 335584.98 | AM50: =C50*$D$11 -> 1954.8018 | AN50: =AO49*AN$21 -> 1579.8572 | AO50: =AM50+AN50+AO49 -> 56196.565 | AP50: =C50*$D$12 -> 3909.6036 | AQ50: =AR49*AQ$21 -> 3159.7144 | AR50: =AP50+AQ50+AR49 -> 112393.13 | AS50: =IF((A50/$F$16-INT(A50/$F$16))=0,AB50+AI50,AB50) -> 66835.646 | AT50: =AO50+AR50+AS50 -> 235425.34 | AU50: =AT50/B50 -> 0.39628625 | AV50: =AV49 -> 345650 | AW50: =$D$5-AT50 -> 92574.659 | AX50: =IF(AO50>$L$6,0,IF(AO50>$L$3,(AO50-$L$3)/$L$5*$L$4*12,0)) -> 0 | AY50: =AY49+1 -> 28
A51: =A50+1 -> 29 | B51: =B50*(1+$I$6) -> 608930.98 | C51: =C50*(1+$I$5) -> 40190.725 | D51: =AX50 -> 0 | E51: =C51-D51 -> 40190.725 | F51: =U50*$F$21 -> 14075.197 | G51: =E51+F51 -> 54265.921 | H51: =B51*$D$15 -> 1217.862 | I51: =E51*$D$13 -> 5224.7942 | J51: =Z51+AG51 -> 1522.3275 | K51: =AA51+AH51 -> 0 | L51: =IF(U49<0,-U49*$L$21,0) -> 0 | M51: =AV49*$M$21 -> 10369.5 | N51: =SUM(H51:M51) -> 18334.484 | P51: =G51-N51-O51 -> 35931.438 | Q51: =Tax!AJ17 -> -6225.3065 | R51: =P51+Q51 -> 29706.131 | S51: =AM51 -> 2009.5362 | T51: =AP51 -> 4019.0725 | U51: =U50+G51-N51-O51+Q51+S51+T51 -> 504907.96 | V51: =E51*V$21 -> 4019.0725 | W51: =AB50*F$21 -> 2005.0694 | X51: =B51*$D$14 -> 3044.6549 | Y51: =X51*$Y$21 -> 1522.3275 | Z51: =IF(X51-Y51<V51+W51+AB50,X51-Y51,V51+W51+AB50) -> 1522.3275 | AA51: =X51-Y51-Z51 -> 0 | AB51: =V51+W51-Z51+AB50 -> 71337.46 | AC51: =IF(AL50>0,IF(AL50>B51*$AC$21,B51*$AC$21,AL50),0) -> 9133.9647 | AD51: =AI50*M$21 -> 4395.0438 | AE51: =IF((A51/$F$16-INT(A51/$F$16))=0,B51*$D$16,0) -> 0 | AF51: =AE51*$AF$21 -> 0 | AG51: =IF(AE51-AF51>AI50+AC51,AI50+AC51,AE51-AF51) -> 0 | AH51: =AE51-AF51-AG51 -> 0 | AI51: =AC51+AD51-AG51+AI50 -> 160030.47 | AJ51: =R51 -> 29706.131 | AK51: =AA51+AH51 -> 0 | AL51: =AL50+AJ51 -> 365291.11 | AM51: =C51*$D$11 -> 2009.5362 | AN51: =AO50*AN$21 -> 1685.8969 | AO51: =AM51+AN51+AO50 -> 59891.998 | AP51: =C51*$D$12 -> 4019.0725 | AQ51: =AR50*AQ$21 -> 3371.7939 | AR51: =AP51+AQ51+AR50 -> 119784 | AS51: =IF((A51/$F$16-INT(A51/$F$16))=0,AB51+AI51,AB51) -> 71337.46 | AT51: =AO51+AR51+AS51 -> 251013.45 | AU51: =AT51/B51 -> 0.41221988 | AV51: =AV50 -> 345650 | AW51: =$D$5-AT51 -> 76986.545 | AX51: =IF(AO51>$L$6,0,IF(AO51>$L$3,(AO51-$L$3)/$L$5*$L$4*12,0)) -> 0 | AY51: =AY50+1 -> 29
A52: =A51+1 -> 30 | B52: =B51*(1+$I$6) -> 624154.26 | C52: =C51*(1+$I$5) -> 41316.065 | D52: =AX51 -> 0 | E52: =C52-D52 -> 41316.065 | F52: =U51*$F$21 -> 15147.239 | G52: =E52+F52 -> 56463.304 | H52: =B52*$D$15 -> 1248.3085 | I52: =E52*$D$13 -> 5371.0885 | J52: =Z52+AG52 -> 48371.955 | K52: =AA52+AH52 -> 0 | L52: =IF(U50<0,-U50*$L$21,0) -> 0 | M52: =AV50*$M$21 -> 10369.5 | N52: =SUM(H52:M52) -> 65360.852 | P52: =G52-N52-O52 -> -8897.5479 | Q52: =Tax!AK17 -> 0 | R52: =P52+Q52 -> -8897.5479 | S52: =AM52 -> 2065.8033 | T52: =AP52 -> 4131.6065 | U52: =U51+G52-N52-O52+Q52+S52+T52 -> 502207.82 | V52: =E52*V$21 -> 4131.6065 | W52: =AB51*F$21 -> 2140.1238 | X52: =B52*$D$14 -> 3120.7713 | Y52: =X52*$Y$21 -> 1560.3856 | Z52: =IF(X52-Y52<V52+W52+AB51,X52-Y52,V52+W52+AB51) -> 1560.3856 | AA52: =X52-Y52-Z52 -> 0 | AB52: =V52+W52-Z52+AB51 -> 76048.805 | AC52: =IF(AL51>0,IF(AL51>B52*$AC$21,B52*$AC$21,AL51),0) -> 9362.3138 | AD52: =AI51*M$21 -> 4800.914 | AE52: =IF((A52/$F$16-INT(A52/$F$16))=0,B52*$D$16,0) -> 93623.138 | AF52: =AE52*$AF$21 -> 46811.569 | AG52: =IF(AE52-AF52>AI51+AC52,AI51+AC52,AE52-AF52) -> 46811.569 | AH52: =AE52-AF52-AG52 -> 0 | AI52: =AC52+AD52-AG52+AI51 -> 127382.13 | AJ52: =R52 -> -8897.5479 | AK52: =AA52+AH52 -> 0 | AL52: =AL51+AJ52 -> 356393.56 | AM52: =C52*$D$11 -> 2065.8033 | AN52: =AO51*AN$21 -> 1796.7599 | AO52: =AM52+AN52+AO51 -> 63754.561 | AP52: =C52*$D$12 -> 4131.6065 | AQ52: =AR51*AQ$21 -> 3593.5199 | AR52: =AP52+AQ52+AR51 -> 127509.12 | AS52: =IF((A52/$F$16-INT(A52/$F$16))=0,AB52+AI52,AB52) -> 203430.93 | AT52: =AO52+AR52+AS52 -> 394694.62 | AU52: =AT52/B52 -> 0.6323671 | AV52: =AV51 -> 345650 | AW52: =$D$5-AT52 -> -66694.615 | AX52: =IF(AO52>$L$6,0,IF(AO52>$L$3,(AO52-$L$3)/$L$5*$L$4*12,0)) -> 0 | AY52: =AY51+1 -> 30
A53: =A52+1 -> 31 | B53: =B52*(1+$I$6) -> 639758.11 | C53: =C52*(1+$I$5) -> 42472.915 | D53: =AX52 -> 0 | E53: =C53-D53 -> 42472.915 | F53: =U52*$F$21 -> 15066.235 | G53: =E53+F53 -> 57539.15 | H53: =B53*$D$15 -> 1279.5162 | I53: =E53*$D$13 -> 5521.4789 | J53: =Z53+AG53 -> 1599.3953 | K53: =AA53+AH53 -> 0 | L53: =IF(U51<0,-U51*$L$21,0) -> 0 | M53: =AV51*$M$21 -> 10369.5 | N53: =SUM(H53:M53) -> 18769.89 | P53: =G53-N53-O53 -> 38769.259 | Q53: =Tax!AL17 -> 0 | R53: =P53+Q53 -> 38769.259 | S53: =AM53 -> 2123.6457 | T53: =AP53 -> 4247.2915 | U53: =U52+G53-N53-O53+Q53+S53+T53 -> 547348.02 | V53: =E53*V$21 -> 4247.2915 | W53: =AB52*F$21 -> 2281.4642 | X53: =B53*$D$14 -> 3198.7906 | Y53: =X53*$Y$21 -> 1599.3953 | Z53: =IF(X53-Y53<V53+W53+AB52,X53-Y53,V53+W53+AB52) -> 1599.3953 | AA53: =X53-Y53-Z53 -> 0 | AB53: =V53+W53-Z53+AB52 -> 80978.165 | AC53: =IF(AL52>0,IF(AL52>B53*$AC$21,B53*$AC$21,AL52),0) -> 9596.3717 | AD53: =AI52*M$21 -> 3821.4638 | AE53: =IF((A53/$F$16-INT(A53/$F$16))=0,B53*$D$16,0) -> 0 | AF53: =AE53*$AF$21 -> 0 | AG53: =IF(AE53-AF53>AI52+AC53,AI52+AC53,AE53-AF53) -> 0 | AH53: =AE53-AF53-AG53 -> 0 | AI53: =AC53+AD53-AG53+AI52 -> 140799.96 | AJ53: =R53 -> 38769.259 | AK53: =AA53+AH53 -> 0 | AL53: =AL52+AJ53 -> 395162.82 | AM53: =C53*$D$11 -> 2123.6457 | AN53: =AO52*AN$21 -> 1912.6368 | AO53: =AM53+AN53+AO52 -> 67790.844 | AP53: =C53*$D$12 -> 4247.2915 | AQ53: =AR52*AQ$21 -> 3825.2737 | AR53: =AP53+AQ53+AR52 -> 135581.69 | AS53: =IF((A53/$F$16-INT(A53/$F$16))=0,AB53+AI53,AB53) -> 80978.165 | AT53: =AO53+AR53+AS53 -> 284350.7 | AU53: =AT53/B53 -> 0.44446595 | AV53: =AV52 -> 345650 | AW53: =$D$5-AT53 -> 43649.303 | AX53: =IF(AO53>$L$6,0,IF(AO53>$L$3,(AO53-$L$3)/$L$5*$L$4*12,0)) -> 0 | AY53: =AY52+1 -> 31
A54: =A53+1 -> 32 | B54: =B53*(1+$I$6) -> 655752.06 | C54: =C53*(1+$I$5) -> 43662.157 | D54: =AX53 -> 0 | E54: =C54-D54 -> 43662.157 | F54: =U53*$F$21 -> 16420.44 | G54: =E54+F54 -> 60082.597 | H54: =B54*$D$15 -> 1311.5041 | I54: =E54*$D$13 -> 5676.0804 | J54: =Z54+AG54 -> 1639.3802 | K54: =AA54+AH54 -> 0 | L54: =IF(U52<0,-U52*$L$21,0) -> 0 | M54: =AV52*$M$21 -> 10369.5 | N54: =SUM(H54:M54) -> 18996.465 | P54: =G54-N54-O54 -> 41086.132 | Q54: =Tax!AM17 -> -2683.6303 | R54: =P54+Q54 -> 38402.502 | S54: =AM54 -> 2183.1078 | T54: =AP54 -> 4366.2157 | U54: =U53+G54-N54-O54+Q54+S54+T54 -> 592299.84 | V54: =E54*V$21 -> 4366.2157 | W54: =AB53*F$21 -> 2429.345 | X54: =B54*$D$14 -> 3278.7603 | Y54: =X54*$Y$21 -> 1639.3802 | Z54: =IF(X54-Y54<V54+W54+AB53,X54-Y54,V54+W54+AB53) -> 1639.3802 | AA54: =X54-Y54-Z54 -> 0 | AB54: =V54+W54-Z54+AB53 -> 86134.346 | AC54: =IF(AL53>0,IF(AL53>B54*$AC$21,B54*$AC$21,AL53),0) -> 9836.281 | AD54: =AI53*M$21 -> 4223.9988 | AE54: =IF((A54/$F$16-INT(A54/$F$16))=0,B54*$D$16,0) -> 0 | AF54: =AE54*$AF$21 -> 0 | AG54: =IF(AE54-AF54>AI53+AC54,AI53+AC54,AE54-AF54) -> 0 | AH54: =AE54-AF54-AG54 -> 0 | AI54: =AC54+AD54-AG54+AI53 -> 154860.24 | AJ54: =R54 -> 38402.502 | AK54: =AA54+AH54 -> 0 | AL54: =AL53+AJ54 -> 433565.32 | AM54: =C54*$D$11 -> 2183.1078 | AN54: =AO53*AN$21 -> 2033.7253 | AO54: =AM54+AN54+AO53 -> 72007.677 | AP54: =C54*$D$12 -> 4366.2157 | AQ54: =AR53*AQ$21 -> 4067.4506 | AR54: =AP54+AQ54+AR53 -> 144015.35 | AS54: =IF((A54/$F$16-INT(A54/$F$16))=0,AB54+AI54,AB54) -> 86134.346 | AT54: =AO54+AR54+AS54 -> 302157.38 | AU54: =AT54/B54 -> 0.46077991 | AV54: =AV53 -> 345650 | AW54: =$D$5-AT54 -> 25842.623 | AX54: =IF(AO54>$L$6,0,IF(AO54>$L$3,(AO54-$L$3)/$L$5*$L$4*12,0)) -> 0 | AY54: =AY53+1 -> 32
A55: =A54+1 -> 33 | B55: =B54*(1+$I$6) -> 672145.87 | C55: =C54*(1+$I$5) -> 44884.697 | D55: =AX54 -> 0 | E55: =C55-D55 -> 44884.697 | F55: =U54*$F$21 -> 17768.995 | G55: =E55+F55 -> 62653.692 | H55: =B55*$D$15 -> 1344.2917 | I55: =E55*$D$13 -> 5835.0106 | J55: =Z55+AG55 -> 1680.3647 | K55: =AA55+AH55 -> 0 | L55: =IF(U53<0,-U53*$L$21,0) -> 0 | M55: =AV53*$M$21 -> 10369.5 | N55: =SUM(H55:M55) -> 19229.167 | P55: =G55-N55-O55 -> 43424.525 | Q55: =Tax!AN17 -> -7680.6598 | R55: =P55+Q55 -> 35743.865 | S55: =AM55 -> 2244.2348 | T55: =AP55 -> 4488.4697 | U55: =U54+G55-N55-O55+Q55+S55+T55 -> 634776.41 | V55: =E55*V$21 -> 4488.4697 | W55: =AB54*F$21 -> 2584.0304 | X55: =B55*$D$14 -> 3360.7293 | Y55: =X55*$Y$21 -> 1680.3647 | Z55: =IF(X55-Y55<V55+W55+AB54,X55-Y55,V55+W55+AB54) -> 1680.3647 | AA55: =X55-Y55-Z55 -> 0 | AB55: =V55+W55-Z55+AB54 -> 91526.481 | AC55: =IF(AL54>0,IF(AL54>B55*$AC$21,B55*$AC$21,AL54),0) -> 10082.188 | AD55: =AI54*M$21 -> 4645.8072 | AE55: =IF((A55/$F$16-INT(A55/$F$16))=0,B55*$D$16,0) -> 0 | AF55: =AE55*$AF$21 -> 0 | AG55: =IF(AE55-AF55>AI54+AC55,AI54+AC55,AE55-AF55) -> 0 | AH55: =AE55-AF55-AG55 -> 0 | AI55: =AC55+AD55-AG55+AI54 -> 169588.24 | AJ55: =R55 -> 35743.865 | AK55: =AA55+AH55 -> 0 | AL55: =AL54+AJ55 -> 469309.19 | AM55: =C55*$D$11 -> 2244.2348 | AN55: =AO54*AN$21 -> 2160.2303 | AO55: =AM55+AN55+AO54 -> 76412.142 | AP55: =C55*$D$12 -> 4488.4697 | AQ55: =AR54*AQ$21 -> 4320.4606 | AR55: =AP55+AQ55+AR54 -> 152824.28 | AS55: =IF((A55/$F$16-INT(A55/$F$16))=0,AB55+AI55,AB55) -> 91526.481 | AT55: =AO55+AR55+AS55 -> 320762.91 | AU55: =AT55/B55 -> 0.47722217 | AV55: =AV54 -> 345650 | AW55: =$D$5-AT55 -> 7237.092 | AX55: =IF(AO55>$L$6,0,IF(AO55>$L$3,(AO55-$L$3)/$L$5*$L$4*12,0)) -> 0 | AY55: =AY54+1 -> 33
A56: =A55+1 -> 34 | B56: =B55*(1+$I$6) -> 688949.51 | C56: =C55*(1+$I$5) -> 46141.468 | D56: =AX55 -> 0 | E56: =C56-D56 -> 46141.468 | F56: =U55*$F$21 -> 19043.292 | G56: =E56+F56 -> 65184.761 | H56: =B56*$D$15 -> 1377.899 | I56: =E56*$D$13 -> 5998.3909 | J56: =Z56+AG56 -> 1722.3738 | K56: =AA56+AH56 -> 0 | L56: =IF(U54<0,-U54*$L$21,0) -> 0 | M56: =AV54*$M$21 -> 10369.5 | N56: =SUM(H56:M56) -> 19468.164 | P56: =G56-N56-O56 -> 45716.597 | Q56: =Tax!AO17 -> -8116.1534 | R56: =P56+Q56 -> 37600.444 | S56: =AM56 -> 2307.0734 | T56: =AP56 -> 4614.1468 | U56: =U55+G56-N56-O56+Q56+S56+T56 -> 679298.07 | V56: =E56*V$21 -> 4614.1468 | W56: =AB55*F$21 -> 2745.7944 | X56: =B56*$D$14 -> 3444.7476 | Y56: =X56*$Y$21 -> 1722.3738 | Z56: =IF(X56-Y56<V56+W56+AB55,X56-Y56,V56+W56+AB55) -> 1722.3738 | AA56: =X56-Y56-Z56 -> 0 | AB56: =V56+W56-Z56+AB55 -> 97164.049 | AC56: =IF(AL55>0,IF(AL55>B56*$AC$21,B56*$AC$21,AL55),0) -> 10334.243 | AD56: =AI55*M$21 -> 5087.6471 | AE56: =IF((A56/$F$16-INT(A56/$F$16))=0,B56*$D$16,0) -> 0 | AF56: =AE56*$AF$21 -> 0 | AG56: =IF(AE56-AF56>AI55+AC56,AI55+AC56,AE56-AF56) -> 0 | AH56: =AE56-AF56-AG56 -> 0 | AI56: =AC56+AD56-AG56+AI55 -> 185010.13 | AJ56: =R56 -> 37600.444 | AK56: =AA56+AH56 -> 0 | AL56: =AL55+AJ56 -> 506909.63 | AM56: =C56*$D$11 -> 2307.0734 | AN56: =AO55*AN$21 -> 2292.3643 | AO56: =AM56+AN56+AO55 -> 81011.58 | AP56: =C56*$D$12 -> 4614.1468 | AQ56: =AR55*AQ$21 -> 4584.7285 | AR56: =AP56+AQ56+AR55 -> 162023.16 | AS56: =IF((A56/$F$16-INT(A56/$F$16))=0,AB56+AI56,AB56) -> 97164.049 | AT56: =AO56+AR56+AS56 -> 340198.79 | AU56: =AT56/B56 -> 0.4937935 | AV56: =AV55 -> 345650 | AW56: =$D$5-AT56 -> -12198.789 | AX56: =IF(AO56>$L$6,0,IF(AO56>$L$3,(AO56-$L$3)/$L$5*$L$4*12,0)) -> 0 | AY56: =AY55+1 -> 34
A57: =A56+1 -> 35 | B57: =B56*(1+$I$6) -> 706173.25 | C57: =C56*(1+$I$5) -> 47433.43 | D57: =AX56 -> 0 | E57: =C57-D57 -> 47433.43 | F57: =U56*$F$21 -> 20378.942 | G57: =E57+F57 -> 67812.372 | H57: =B57*$D$15 -> 1412.3465 | I57: =E57*$D$13 -> 6166.3458 | J57: =Z57+AG57 -> 1765.4331 | K57: =AA57+AH57 -> 0 | L57: =IF(U55<0,-U55*$L$21,0) -> 0 | M57: =AV55*$M$21 -> 10369.5 | N57: =SUM(H57:M57) -> 19713.625 | P57: =G57-N57-O57 -> 48098.746 | Q57: =Tax!AP17 -> -8568.7618 | R57: =P57+Q57 -> 39529.985 | S57: =AM57 -> 2371.6715 | T57: =AP57 -> 4743.343 | U57: =U56+G57-N57-O57+Q57+S57+T57 -> 725943.07 | V57: =E57*V$21 -> 4743.343 | W57: =AB56*F$21 -> 2914.9215 | X57: =B57*$D$14 -> 3530.8663 | Y57: =X57*$Y$21 -> 1765.4331 | Z57: =IF(X57-Y57<V57+W57+AB56,X57-Y57,V57+W57+AB56) -> 1765.4331 | AA57: =X57-Y57-Z57 -> 0 | AB57: =V57+W57-Z57+AB56 -> 103056.88 | AC57: =IF(AL56>0,IF(AL56>B57*$AC$21,B57*$AC$21,AL56),0) -> 10592.599 | AD57: =AI56*M$21 -> 5550.3038 | AE57: =IF((A57/$F$16-INT(A57/$F$16))=0,B57*$D$16,0) -> 0 | AF57: =AE57*$AF$21 -> 0 | AG57: =IF(AE57-AF57>AI56+AC57,AI56+AC57,AE57-AF57) -> 0 | AH57: =AE57-AF57-AG57 -> 0 | AI57: =AC57+AD57-AG57+AI56 -> 201153.03 | AJ57: =R57 -> 39529.985 | AK57: =AA57+AH57 -> 0 | AL57: =AL56+AJ57 -> 546439.62 | AM57: =C57*$D$11 -> 2371.6715 | AN57: =AO56*AN$21 -> 2430.3474 | AO57: =AM57+AN57+AO56 -> 85813.599 | AP57: =C57*$D$12 -> 4743.343 | AQ57: =AR56*AQ$21 -> 4860.6948 | AR57: =AP57+AQ57+AR56 -> 171627.2 | AS57: =IF((A57/$F$16-INT(A57/$F$16))=0,AB57+AI57,AB57) -> 103056.88 | AT57: =AO57+AR57+AS57 -> 360497.68 | AU57: =AT57/B57 -> 0.51049466 | AV57: =AV56 -> 345650 | AW57: =$D$5-AT57 -> -32497.676 | AX57: =IF(AO57>$L$6,0,IF(AO57>$L$3,(AO57-$L$3)/$L$5*$L$4*12,0)) -> 0 | AY57: =AY56+1 -> 35
A58: =A57+1 -> 36 | B58: =B57*(1+$I$6) -> 723827.58 | C58: =C57*(1+$I$5) -> 48761.566 | D58: =AX57 -> 0 | E58: =C58-D58 -> 48761.566 | F58: =U57*$F$21 -> 21778.292 | G58: =E58+F58 -> 70539.858 | H58: =B58*$D$15 -> 1447.6552 | I58: =E58*$D$13 -> 6339.0035 | J58: =Z58+AG58 -> 1809.569 | K58: =AA58+AH58 -> 0 | L58: =IF(U56<0,-U56*$L$21,0) -> 0 | M58: =AV56*$M$21 -> 10369.5 | N58: =SUM(H58:M58) -> 19965.728 | P58: =G58-N58-O58 -> 50574.13 | Q58: =Tax!AQ17 -> -9039.0847 | R58: =P58+Q58 -> 41535.045 | S58: =AM58 -> 2438.0783 | T58: =AP58 -> 4876.1566 | U58: =U57+G58-N58-O58+Q58+S58+T58 -> 774792.35 | V58: =E58*V$21 -> 4876.1566 | W58: =AB57*F$21 -> 3091.7064 | X58: =B58*$D$14 -> 3619.1379 | Y58: =X58*$Y$21 -> 1809.569 | Z58: =IF(X58-Y58<V58+W58+AB57,X58-Y58,V58+W58+AB57) -> 1809.569 | AA58: =X58-Y58-Z58 -> 0 | AB58: =V58+W58-Z58+AB57 -> 109215.17 | AC58: =IF(AL57>0,IF(AL57>B58*$AC$21,B58*$AC$21,AL57),0) -> 10857.414 | AD58: =AI57*M$21 -> 6034.5909 | AE58: =IF((A58/$F$16-INT(A58/$F$16))=0,B58*$D$16,0) -> 0 | AF58: =AE58*$AF$21 -> 0 | AG58: =IF(AE58-AF58>AI57+AC58,AI57+AC58,AE58-AF58) -> 0 | AH58: =AE58-AF58-AG58 -> 0 | AI58: =AC58+AD58-AG58+AI57 -> 218045.03 | AJ58: =R58 -> 41535.045 | AK58: =AA58+AH58 -> 0 | AL58: =AL57+AJ58 -> 587974.66 | AM58: =C58*$D$11 -> 2438.0783 | AN58: =AO57*AN$21 -> 2574.408 | AO58: =AM58+AN58+AO57 -> 90826.085 | AP58: =C58*$D$12 -> 4876.1566 | AQ58: =AR57*AQ$21 -> 5148.8159 | AR58: =AP58+AQ58+AR57 -> 181652.17 | AS58: =IF((A58/$F$16-INT(A58/$F$16))=0,AB58+AI58,AB58) -> 109215.17 | AT58: =AO58+AR58+AS58 -> 381693.43 | AU58: =AT58/B58 -> 0.52732645 | AV58: =AV57 -> 345650 | AW58: =$D$5-AT58 -> -53693.429 | AX58: =IF(AO58>$L$6,0,IF(AO58>$L$3,(AO58-$L$3)/$L$5*$L$4*12,0)) -> 0 | AY58: =AY57+1 -> 36
A59: =A58+1 -> 37 | B59: =B58*(1+$I$6) -> 741923.27 | C59: =C58*(1+$I$5) -> 50126.889 | D59: =AX58 -> 0 | E59: =C59-D59 -> 50126.889 | F59: =U58*$F$21 -> 23243.771 | G59: =E59+F59 -> 73370.66 | H59: =B59*$D$15 -> 1483.8465 | I59: =E59*$D$13 -> 6516.4956 | J59: =Z59+AG59 -> 1854.8082 | K59: =AA59+AH59 -> 0 | L59: =IF(U57<0,-U57*$L$21,0) -> 0 | M59: =AV57*$M$21 -> 10369.5 | N59: =SUM(H59:M59) -> 20224.65 | P59: =G59-N59-O59 -> 53146.01 | Q59: =Tax!AR17 -> -9527.7418 | R59: =P59+Q59 -> 43618.268 | S59: =AM59 -> 2506.3445 | T59: =AP59 -> 5012.6889 | U59: =U58+G59-N59-O59+Q59+S59+T59 -> 825929.66 | V59: =E59*V$21 -> 5012.6889 | W59: =AB58*F$21 -> 3276.4552 | X59: =B59*$D$14 -> 3709.6164 | Y59: =X59*$Y$21 -> 1854.8082 | Z59: =IF(X59-Y59<V59+W59+AB58,X59-Y59,V59+W59+AB58) -> 1854.8082 | AA59: =X59-Y59-Z59 -> 0 | AB59: =V59+W59-Z59+AB58 -> 115649.51 | AC59: =IF(AL58>0,IF(AL58>B59*$AC$21,B59*$AC$21,AL58),0) -> 11128.849 | AD59: =AI58*M$21 -> 6541.351 | AE59: =IF((A59/$F$16-INT(A59/$F$16))=0,B59*$D$16,0) -> 0 | AF59: =AE59*$AF$21 -> 0 | AG59: =IF(AE59-AF59>AI58+AC59,AI58+AC59,AE59-AF59) -> 0 | AH59: =AE59-AF59-AG59 -> 0 | AI59: =AC59+AD59-AG59+AI58 -> 235715.23 | AJ59: =R59 -> 43618.268 | AK59: =AA59+AH59 -> 0 | AL59: =AL58+AJ59 -> 631592.93 | AM59: =C59*$D$11 -> 2506.3445 | AN59: =AO58*AN$21 -> 2724.7826 | AO59: =AM59+AN59+AO58 -> 96057.212 | AP59: =C59*$D$12 -> 5012.6889 | AQ59: =AR58*AQ$21 -> 5449.5651 | AR59: =AP59+AQ59+AR58 -> 192114.42 | AS59: =IF((A59/$F$16-INT(A59/$F$16))=0,AB59+AI59,AB59) -> 115649.51 | AT59: =AO59+AR59+AS59 -> 403821.15 | AU59: =AT59/B59 -> 0.54428963 | AV59: =AV58 -> 345650 | AW59: =$D$5-AT59 -> -75821.146 | AX59: =IF(AO59>$L$6,0,IF(AO59>$L$3,(AO59-$L$3)/$L$5*$L$4*12,0)) -> 0 | AY59: =AY58+1 -> 37
A60: =A59+1 -> 38 | B60: =B59*(1+$I$6) -> 760471.35 | C60: =C59*(1+$I$5) -> 51530.442 | D60: =AX59 -> 0 | E60: =C60-D60 -> 51530.442 | F60: =U59*$F$21 -> 24777.89 | G60: =E60+F60 -> 76308.332 | H60: =B60*$D$15 -> 1520.9427 | I60: =E60*$D$13 -> 6698.9575 | J60: =Z60+AG60 -> 1901.1784 | K60: =AA60+AH60 -> 0 | L60: =IF(U58<0,-U58*$L$21,0) -> 0 | M60: =AV58*$M$21 -> 10369.5 | N60: =SUM(H60:M60) -> 20490.579 | P60: =G60-N60-O60 -> 55817.753 | Q60: =Tax!AS17 -> -10035.373 | R60: =P60+Q60 -> 45782.38 | S60: =AM60 -> 2576.5221 | T60: =AP60 -> 5153.0442 | U60: =U59+G60-N60-O60+Q60+S60+T60 -> 879441.6 | V60: =E60*V$21 -> 5153.0442 | W60: =AB59*F$21 -> 3469.4853 | X60: =B60*$D$14 -> 3802.3568 | Y60: =X60*$Y$21 -> 1901.1784 | Z60: =IF(X60-Y60<V60+W60+AB59,X60-Y60,V60+W60+AB59) -> 1901.1784 | AA60: =X60-Y60-Z60 -> 0 | AB60: =V60+W60-Z60+AB59 -> 122370.86 | AC60: =IF(AL59>0,IF(AL59>B60*$AC$21,B60*$AC$21,AL59),0) -> 11407.07 | AD60: =AI59*M$21 -> 7071.457 | AE60: =IF((A60/$F$16-INT(A60/$F$16))=0,B60*$D$16,0) -> 0 | AF60: =AE60*$AF$21 -> 0 | AG60: =IF(AE60-AF60>AI59+AC60,AI59+AC60,AE60-AF60) -> 0 | AH60: =AE60-AF60-AG60 -> 0 | AI60: =AC60+AD60-AG60+AI59 -> 254193.76 | AJ60: =R60 -> 45782.38 | AK60: =AA60+AH60 -> 0 | AL60: =AL59+AJ60 -> 677375.31 | AM60: =C60*$D$11 -> 2576.5221 | AN60: =AO59*AN$21 -> 2881.7164 | AO60: =AM60+AN60+AO59 -> 101515.45 | AP60: =C60*$D$12 -> 5153.0442 | AQ60: =AR59*AQ$21 -> 5763.4327 | AR60: =AP60+AQ60+AR59 -> 203030.9 | AS60: =IF((A60/$F$16-INT(A60/$F$16))=0,AB60+AI60,AB60) -> 122370.86 | AT60: =AO60+AR60+AS60 -> 426917.21 | AU60: =AT60/B60 -> 0.561385 | AV60: =AV59 -> 345650 | AW60: =$D$5-AT60 -> -98917.213 | AX60: =IF(AO60>$L$6,0,IF(AO60>$L$3,(AO60-$L$3)/$L$5*$L$4*12,0)) -> 0 | AY60: =AY59+1 -> 38
A61: =A60+1 -> 39 | B61: =B60*(1+$I$6) -> 779483.14 | C61: =C60*(1+$I$5) -> 52973.295 | D61: =AX60 -> 0 | E61: =C61-D61 -> 52973.295 | F61: =U60*$F$21 -> 26383.248 | G61: =E61+F61 -> 79356.543 | H61: =B61*$D$15 -> 1558.9663 | I61: =E61*$D$13 -> 6886.5283 | J61: =Z61+AG61 -> 1948.7078 | K61: =AA61+AH61 -> 0 | L61: =IF(U59<0,-U59*$L$21,0) -> 0 | M61: =AV59*$M$21 -> 10369.5 | N61: =SUM(H61:M61) -> 20763.702 | P61: =G61-N61-O61 -> 58592.84 | Q61: =Tax!AT17 -> -10562.64 | R61: =P61+Q61 -> 48030.201 | S61: =AM61 -> 2648.6647 | T61: =AP61 -> 5297.3295 | U61: =U60+G61-N61-O61+Q61+S61+T61 -> 935417.8 | V61: =E61*V$21 -> 5297.3295 | W61: =AB60*F$21 -> 3671.1258 | X61: =B61*$D$14 -> 3897.4157 | Y61: =X61*$Y$21 -> 1948.7078 | Z61: =IF(X61-Y61<V61+W61+AB60,X61-Y61,V61+W61+AB60) -> 1948.7078 | AA61: =X61-Y61-Z61 -> 0 | AB61: =V61+W61-Z61+AB60 -> 129390.61 | AC61: =IF(AL60>0,IF(AL60>B61*$AC$21,B61*$AC$21,AL60),0) -> 11692.247 | AD61: =AI60*M$21 -> 7625.8128 | AE61: =IF((A61/$F$16-INT(A61/$F$16))=0,B61*$D$16,0) -> 0 | AF61: =AE61*$AF$21 -> 0 | AG61: =IF(AE61-AF61>AI60+AC61,AI60+AC61,AE61-AF61) -> 0 | AH61: =AE61-AF61-AG61 -> 0 | AI61: =AC61+AD61-AG61+AI60 -> 273511.82 | AJ61: =R61 -> 48030.201 | AK61: =AA61+AH61 -> 0 | AL61: =AL60+AJ61 -> 725405.51 | AM61: =C61*$D$11 -> 2648.6647 | AN61: =AO60*AN$21 -> 3045.4635 | AO61: =AM61+AN61+AO60 -> 107209.58 | AP61: =C61*$D$12 -> 5297.3295 | AQ61: =AR60*AQ$21 -> 6090.927 | AR61: =AP61+AQ61+AR60 -> 214419.16 | AS61: =IF((A61/$F$16-INT(A61/$F$16))=0,AB61+AI61,AB61) -> 129390.61 | AT61: =AO61+AR61+AS61 -> 451019.35 | AU61: =AT61/B61 -> 0.57861334 | AV61: =AV60 -> 345650 | AW61: =$D$5-AT61 -> -123019.35 | AX61: =IF(AO61>$L$6,0,IF(AO61>$L$3,(AO61-$L$3)/$L$5*$L$4*12,0)) -> 0 | AY61: =AY60+1 -> 39
A62: =A61+1 -> 40 | B62: =B61*(1+$I$6) -> 798970.22 | C62: =C61*(1+$I$5) -> 54456.547 | D62: =AX61 -> 0 | E62: =C62-D62 -> 54456.547 | F62: =U61*$F$21 -> 28062.534 | G62: =E62+F62 -> 82519.081 | H62: =B62*$D$15 -> 1597.9404 | I62: =E62*$D$13 -> 7079.3511 | J62: =Z62+AG62 -> 61920.192 | K62: =AA62+AH62 -> 0 | L62: =IF(U60<0,-U60*$L$21,0) -> 0 | M62: =AV60*$M$21 -> 10369.5 | N62: =SUM(H62:M62) -> 80966.983 | P62: =G62-N62-O62 -> 1552.0977 | Q62: =Tax!AU17 -> 0 | R62: =P62+Q62 -> 1552.0977 | S62: =AM62 -> 2722.8273 | T62: =AP62 -> 5445.6547 | U62: =U61+G62-N62-O62+Q62+S62+T62 -> 945138.38 | V62: =E62*V$21 -> 5445.6547 | W62: =AB61*F$21 -> 3881.7183 | X62: =B62*$D$14 -> 3994.8511 | Y62: =X62*$Y$21 -> 1997.4255 | Z62: =IF(X62-Y62<V62+W62+AB61,X62-Y62,V62+W62+AB61) -> 1997.4255 | AA62: =X62-Y62-Z62 -> 0 | AB62: =V62+W62-Z62+AB61 -> 136720.56 | AC62: =IF(AL61>0,IF(AL61>B62*$AC$21,B62*$AC$21,AL61),0) -> 11984.553 | AD62: =AI61*M$21 -> 8205.3546 | AE62: =IF((A62/$F$16-INT(A62/$F$16))=0,B62*$D$16,0) -> 119845.53 | AF62: =AE62*$AF$21 -> 59922.766 | AG62: =IF(AE62-AF62>AI61+AC62,AI61+AC62,AE62-AF62) -> 59922.766 | AH62: =AE62-AF62-AG62 -> 0 | AI62: =AC62+AD62-AG62+AI61 -> 233778.96 | AJ62: =R62 -> 1552.0977 | AK62: =AA62+AH62 -> 0 | AL62: =AL61+AJ62 -> 726957.61 | AM62: =C62*$D$11 -> 2722.8273 | AN62: =AO61*AN$21 -> 3216.2874 | AO62: =AM62+AN62+AO61 -> 113148.69 | AP62: =C62*$D$12 -> 5445.6547 | AQ62: =AR61*AQ$21 -> 6432.5747 | AR62: =AP62+AQ62+AR61 -> 226297.39 | AS62: =IF((A62/$F$16-INT(A62/$F$16))=0,AB62+AI62,AB62) -> 370499.52 | AT62: =AO62+AR62+AS62 -> 709945.6 | AU62: =AT62/B62 -> 0.8885758 | AV62: =AV61 -> 345650 | AW62: =$D$5-AT62 -> -381945.6 | AX62: =IF(AO62>$L$6,0,IF(AO62>$L$3,(AO62-$L$3)/$L$5*$L$4*12,0)) -> 0 | AY62: =AY61+1 -> 40
A63: 41 | B63: =B62*(1+$I$6) -> 818944.47

Sheet Summary
A1: Purchase Costs | B1: Amount | E1: Year 1 | F1: Year 2 | G1: Year 3 | H1: Year 4 | I1: Year 5
A2: Property Price | B2: ='Financial Model'!D2 -> 300000 | D2: Income:
A3: LBTT ADS, Conveyancing | B3: ='Financial Model'!D3 -> 23000 | D3: Annual Rent | E3: ='Financial Model'!E23 -> 18548.92 | F3: ='Financial Model'!E24 -> 19068.29 | G3: ='Financial Model'!E25 -> 19602.202 | H3: ='Financial Model'!E26 -> 20151.064 | I3: ='Financial Model'!E27 -> 20715.293
A4: Furnishing | B4: ='Financial Model'!D4 -> 5000 | D4: Bank Interests | E4: ='Financial Model'!F23 -> 0 | F4: ='Financial Model'!F24 -> 526.42195 | G4: ='Financial Model'!F25 -> 772.4149 | H4: ='Financial Model'!F26 -> 1041.0702 | I4: ='Financial Model'!F27 -> 1333.4989
A5: Purchase Cost | B5: ='Financial Model'!D5 -> 328000 | D5: Expenses:
A6: Fundraising Fees | B6: ='Financial Model'!D6 -> 16400 | D6: Property Maintenance | E6: ='Financial Model'!J23 -> 762.5 | F6: ='Financial Model'!J24 -> 781.5625 | G6: ='Financial Model'!J25 -> 801.10156 | H6: ='Financial Model'!J26 -> 821.1291 | I6: ='Financial Model'!J27 -> 841.65733
A7: Share Offer Costs | B7: ='Financial Model'!D7 -> 1250 | D7: Property Insurance | E7: ='Financial Model'!H23 -> 610 | F7: ='Financial Model'!H24 -> 625.25 | G7: ='Financial Model'!H25 -> 640.88125 | H7: ='Financial Model'!H26 -> 656.90328 | I7: ='Financial Model'!H27 -> 673.32586
A8: Fund to Raise | B8: ='Financial Model'!D8 -> 345650 | D8: Property Management | E8: ='Financial Model'!I23 -> 2411.3596 | F8: ='Financial Model'!I24 -> 2478.8777 | G8: ='Financial Model'!I25 -> 2548.2862 | H8: ='Financial Model'!I26 -> 2619.6383 | I8: ='Financial Model'!I27 -> 2692.9881
D9: Investor Share Return | E9: ='Financial Model'!M23 -> 0 | F9: ='Financial Model'!M24 -> 10369.5 | G9: ='Financial Model'!M25 -> 10369.5 | H9: ='Financial Model'!M26 -> 10369.5 | I9: ='Financial Model'!M27 -> 10369.5
D10: Fees & Launch Costs | E10: ='Financial Model'!U22 -> 17650 | F10: 0 | G10: 0 | H10: 0 | I10: 0
D11: Corp. Tax | E11: 0 | F11: 0 | G11: 0 | H11: 0 | I11: 0
D12: Profit After Tax | E12: ='Financial Model'!P23 -> -2884.9396 | F12: ='Financial Model'!P24 -> 5339.5215 | G12: ='Financial Model'!P25 -> 6014.8477 | H12: ='Financial Model'!P26 -> 6724.9631 | I12: ='Financial Model'!P27 -> 7471.3209
D13: Gift Points Purchase | E13: ='Financial Model'!AP23 -> 1854.892 | F13: ='Financial Model'!AP24 -> 1906.829 | G13: ='Financial Model'!AP25 -> 1960.2202 | H13: ='Financial Model'!AP26 -> 2015.1064 | I13: ='Financial Model'!AP27 -> 2071.5293
D14: Cash at Bank | E14: ='Financial Model'!U23 -> 17547.398 | F14: ='Financial Model'!U24 -> 25747.163 | G14: ='Financial Model'!U25 -> 34702.341 | H14: ='Financial Model'!U26 -> 44449.964 | I14: ='Financial Model'!U27 -> 54680.427
D15: Projected Tenant Shares | E15: ='Financial Model'!AT23 -> 3874.73 | F15: ='Financial Model'!AT24 -> 7976.4818 | G15: ='Financial Model'!AT25 -> 12315.225 | H15: ='Financial Model'!AT26 -> 16901.319 | I15: ='Financial Model'!AT27 -> 21745.524
D16: Tenant Ownership after: | E16: 5 Years | F16: 10 Years | G16: 20 Years | H16: 30 Years | I16: 40 Years
E17: =INT('Financial Model'!AU27*1000)/10&"%" -> 6.4% | F17: =INT('Financial Model'!AU32*1000)/10&"%" -> 17% | G17: =INT('Financial Model'!AU42*1000)/10&"%" -> 39.3% | H17: =INT('Financial Model'!AU52*1000)/10&"%" -> 63.2% | I17: =INT('Financial Model'!AU62*1000)/10&"%" -> 88.8%
M19: Year 1 | N19: Year 2 | O19: Year 3 | P19: Year 4 | Q19: Year 5
M20: (£) | N20: (£) | O20: (£) | P20: (£) | Q20: (£)
L21: ='P&L'!B4 -> Turnover
L22: ='P&L'!B5 -> Rent Received | M22: ='P&L'!H5 -> 18548.92 | N22: ='P&L'!I5 -> 19068.29 | O22: ='P&L'!J5 -> 19602.202 | P22: ='P&L'!K5 -> 20151.064 | Q22: ='P&L'!L5 -> 20715.293
L23: ='P&L'!B6 -> Bank Interests | M23: ='P&L'!H6 -> 0 | N23: ='P&L'!I6 -> 526.42195 | O23: ='P&L'!J6 -> 772.4149 | P23: ='P&L'!K6 -> 1041.0702 | Q23: ='P&L'!L6 -> 1333.4989
L25: ='P&L'!B8 -> Total Income | M25: =SUM(M22:M24) -> 18548.92 | N25: =SUM(N22:N24) -> 19594.712 | O25: =SUM(O22:O24) -> 20374.617 | P25: =SUM(P22:P24) -> 21192.134 | Q25: =SUM(Q22:Q24) -> 22048.792
L27: ='P&L'!B10 -> (Less Overheads)
L28: ='P&L'!B12 -> Property Mgmt Costs | M28: ='P&L'!H12 -> -2411.3596 | N28: ='P&L'!I12 -> -2478.8777 | O28: ='P&L'!J12 -> -2548.2862 | P28: ='P&L'!K12 -> -2619.6383 | Q28: ='P&L'!L12 -> -2692.9881
L29: ='P&L'!B15 -> Repairs and Renewals | M29: ='P&L'!H15 -> -762.5 | N29: ='P&L'!I15 -> -781.5625 | O29: ='P&L'!J15 -> -801.10156 | P29: ='P&L'!K15 -> -821.1291 | Q29: ='P&L'!L15 -> -841.65733
L30: ='P&L'!B16 -> Insurance | M30: ='P&L'!H16 -> -610 | N30: ='P&L'!I16 -> -625.25 | O30: ='P&L'!J16 -> -640.88125 | P30: ='P&L'!K16 -> -656.90328 | Q30: ='P&L'!L16 -> -673.32586
L31: ='P&L'!B17 -> Fundraising Fees & Costs
L32: ='P&L'!B18 -> (Total Overheads) | M32: =SUM(M28:M31) -> -3783.8596 | N32: =SUM(N28:N31) -> -3885.6902 | O32: =SUM(O28:O31) -> -3990.2691 | P32: =SUM(P28:P31) -> -4097.6706 | Q32: =SUM(Q28:Q31) -> -4207.9713
L34: ='P&L'!B20 -> EBITDA | M34: =M25+M32 -> 14765.06 | N34: =N25+N32 -> 15709.022 | O34: =O25+O32 -> 16384.348 | P34: =P25+P32 -> 17094.463 | Q34: =Q25+Q32 -> 17840.821
L36: ='P&L'!B22 -> (Less Interest)
L37: ='P&L'!B23 -> Community Shares | M37: ='P&L'!H23 -> 0 | N37: ='P&L'!I23 -> -10369.5 | O37: ='P&L'!J23 -> -10369.5 | P37: ='P&L'!K23 -> -10369.5 | Q37: ='P&L'!L23 -> -10369.5
L38: ='P&L'!B24 -> Mortgage | N38: =-Mortgage!O15 -> 0 | O38: =-Mortgage!P15 -> 0 | P38: =-Mortgage!Q15 -> 0 | Q38: =-Mortgage!R15 -> 0
L39: ='P&L'!B25 -> (Total Interest) | M39: =SUM(M37:M38) -> 0 | N39: =SUM(N37:N38) -> -10369.5 | O39: =SUM(O37:O38) -> -10369.5 | P39: =SUM(P37:P38) -> -10369.5 | Q39: =SUM(Q37:Q38) -> -10369.5
L41: ='P&L'!B27 -> (Extra-Ordinary Day 1 Costs)
L42: ='P&L'!B28 -> Other costs | M42: ='P&L'!H28 -> 0 | N42: ='P&L'!I28 -> 0 | O42: ='P&L'!J28 -> 0 | P42: ='P&L'!K28 -> 0 | Q42: ='P&L'!L28 -> 0
L43: ='P&L'!B29 -> Business Development | M43: =-'Start Up Costs'!T7 -> 0 | N43: =-'Start Up Costs'!U7 -> 0 | O43: =-'Start Up Costs'!V7 -> 0 | P43: =-'Start Up Costs'!W7 -> 0 | Q43: =-'Start Up Costs'!X7 -> 0
L44: ='P&L'!B30 -> (Total Extra-Ordinary Day 1 Costs) | M44: =SUM(M42:M43) -> 0 | N44: =SUM(N42:N43) -> 0 | O44: =SUM(O42:O43) -> 0 | P44: =SUM(P42:P43) -> 0 | Q44: =SUM(Q42:Q43) -> 0
L46: ='P&L'!B32 -> Gross Profit | M46: =M34+M39+M44 -> 14765.06 | N46: =N34+N39+N44 -> 5339.5215 | O46: =O34+O39+O44 -> 6014.8477 | P46: =P34+P39+P44 -> 6724.9631 | Q46: =Q34+Q39+Q44 -> 7471.3209
L47: ='P&L'!B33 -> (less Tax) | M47: ='P&L'!H33 -> 0 | N47: ='P&L'!I33 -> 0 | O47: ='P&L'!J33 -> 0 | P47: ='P&L'!K33 -> 0 | Q47: ='P&L'!L33 -> -348.15227
L48: ='P&L'!B34 -> Net Profit | M48: =SUM(M46:M47) -> 14765.06 | N48: =SUM(N46:N47) -> 5339.5215 | O48: =SUM(O46:O47) -> 6014.8477 | P48: =SUM(P46:P47) -> 6724.9631 | Q48: =SUM(Q46:Q47) -> 7123.1686
L50: ='P&L'!B36 -> Asset Appreciation
L51: ='P&L'!B37 -> Land & Buildings | M51: ='P&L'!H37 -> -3000 | N51: ='P&L'!I37 -> -3000 | O51: ='P&L'!J37 -> -3000 | P51: ='P&L'!K37 -> -3000 | Q51: ='P&L'!L37 -> -3000
L52: ='P&L'!B38 -> Fixtures and Fittings | M52: ='P&L'!H38 -> -166.66667 | N52: ='P&L'!I38 -> -166.66667 | O52: ='P&L'!J38 -> -166.66667 | P52: ='P&L'!K38 -> -166.66667 | Q52: ='P&L'!L38 -> -166.66667
L53: ='P&L'!B39 -> Total Asset Depreciation | M53: =SUM(M51:M52) -> -3166.6667 | N53: =N52+N51 -> -3166.6667 | O53: =O52+O51 -> -3166.6667 | P53: =P52+P51 -> -3166.6667 | Q53: =Q52+Q51 -> -3166.6667
L54: ='P&L'!B40 -> Property Appreciation | M54: ='P&L'!H40 -> 7625 | N54: ='P&L'!I40 -> 7815.625 | O54: ='P&L'!J40 -> 8011.0156 | P54: ='P&L'!K40 -> 8211.291 | Q54: ='P&L'!L40 -> 8416.5733
L55: ='P&L'!B41 -> Total Appreciation | M55: =SUM(M53:M54) -> 4458.3333 | N55: =SUM(N53:N54) -> 4648.9583 | O55: =SUM(O53:O54) -> 4844.349 | P55: =SUM(P53:P54) -> 5044.6243 | Q55: =SUM(Q53:Q54) -> 5249.9066
T59: Year 1 | U59: Year 2 | V59: Year 3 | W59: Year 4 | X59: Year 5
T60: (£) | U60: (£) | V60: (£) | W60: (£) | X60: (£)
S61: Operating Cash Flows
S62: Net Profit | T62: ='Cash Flow'!H5 -> -2884.9396 | U62: ='Cash Flow'!I5 -> 15709.022 | V62: ='Cash Flow'!J5 -> 16384.348 | W62: ='Cash Flow'!K5 -> 17094.463 | X62: ='Cash Flow'!L5 -> 17840.821
S63: Plus non cash expenses
S64: Comm Shares Interest | T64: ='Cash Flow'!H8 -> 0 | U64: ='Cash Flow'!I8 -> 10369.5 | V64: ='Cash Flow'!J8 -> 10369.5 | W64: ='Cash Flow'!K8 -> 10369.5 | X64: ='Cash Flow'!L8 -> 10369.5
S65: (Less non expense cash out)
S66: Last Years Comm Share Interest | T66: ='Cash Flow'!H14 -> 0 | U66: ='Cash Flow'!I14 -> -10369.5 | V66: ='Cash Flow'!J14 -> -10369.5 | W66: ='Cash Flow'!K14 -> -10369.5 | X66: ='Cash Flow'!L14 -> -10369.5
S67: Net Operating Cash Flows | T67: =SUM(T62:T66) -> -2884.9396 | U67: =SUM(U62:U66) -> 15709.022 | V67: =SUM(V62:V66) -> 16384.348 | W67: =SUM(W62:W66) -> 17094.463 | X67: =SUM(X62:X66) -> 17840.821
S69: Investing Cash Flows
S70: (Purchase of Property Plant and Equipment) | T70: ='Cash Flow'!H29 -> -305000 | U70: ='Cash Flow'!I29 -> 0 | V70: ='Cash Flow'!J29 -> 0 | W70: ='Cash Flow'!K29 -> 0 | X70: ='Cash Flow'!L29 -> 0
S71: Fees And Taxes | T71: ='Cash Flow'!H31 -> -23000 | U71: ='Cash Flow'!I31 -> 0 | V71: ='Cash Flow'!J31 -> 0 | W71: ='Cash Flow'!K31 -> 0 | X71: ='Cash Flow'!L31 -> 0
S72: Net Investing Cash Flows | T72: =SUM(T70:T71) -> -328000 | U72: =SUM(U70:U71) -> 0 | V72: =SUM(V70:V71) -> 0 | W72: =SUM(W70:W71) -> 0 | X72: =SUM(X70:X71) -> 0
S74: Financing Cash Flows
S75: Home Shares Sold | T75: ='Cash Flow'!H35 -> 927.446 | U75: ='Cash Flow'!I35 -> 953.41449 | V75: ='Cash Flow'!J35 -> 980.11009 | W75: ='Cash Flow'!K35 -> 1007.5532 | X75: ='Cash Flow'!L35 -> 1035.7647
S76: Gift Points Sold | T76: ='Cash Flow'!H36 -> 1854.892 | U76: ='Cash Flow'!I36 -> 1906.829 | V76: ='Cash Flow'!J36 -> 1960.2202 | W76: ='Cash Flow'!K36 -> 2015.1064 | X76: ='Cash Flow'!L36 -> 2071.5293
S77: Raising Share Capital | T77: ='Cash Flow'!H39 -> 345650 | U77: ='Cash Flow'!I39 -> 0 | V77: ='Cash Flow'!J39 -> 0 | W77: ='Cash Flow'!K39 -> 0 | X77: ='Cash Flow'!L39 -> 0
S78: Net Financing Cash Flows | T78: =SUM(T75:T77) -> 348432.34 | U78: =SUM(U75:U77) -> 2860.2435 | V78: =SUM(V75:V77) -> 2940.3303 | W78: =SUM(W75:W77) -> 3022.6595 | X78: =SUM(X75:X77) -> 3107.294
S82: Net Cash Flows | T82: =T67+T72+T78 -> 17547.398 | U82: =U67+U72+U78 -> 18569.265 | V82: =V67+V72+V78 -> 19324.678 | W82: =W67+W72+W78 -> 20117.123 | X82: =X67+X72+X78 -> 20948.115
S83: Opening Balance | T83: 0 | U83: =T84 -> 17547.398 | V83: =U84 -> 36116.663 | W83: =V84 -> 55441.341 | X83: =W84 -> 75558.464
S84: Closing Cash Balance | T84: =SUM(T82:T83) -> 17547.398 | U84: =SUM(U82:U83) -> 36116.663 | V84: =SUM(V82:V83) -> 55441.341 | W84: =SUM(W82:W83) -> 75558.464 | X84: =SUM(X82:X83) -> 96506.579
AA88: Year 1 | AB88: Year 2 | AC88: Year 3 | AD88: Year 4 | AE88: Year 5
AA89: (£) | AB89: (£) | AC89: (£) | AD89: (£) | AE89: (£)
Z90: Fixed Assets - Beginning of Year | AA90: ='Balance Sheet'!H4 -> 305000 | AB90: ='Balance Sheet'!I4 -> 309458.33 | AC90: ='Balance Sheet'!J4 -> 314107.29 | AD90: ='Balance Sheet'!K4 -> 318951.64 | AE90: ='Balance Sheet'!L4 -> 323996.26
Z91: Land & Buildings | AA91: ='Balance Sheet'!H5 -> 300000 | AB91: ='Balance Sheet'!I5 -> 297000 | AC91: ='Balance Sheet'!J5 -> 294000 | AD91: ='Balance Sheet'!K5 -> 291000 | AE91: ='Balance Sheet'!L5 -> 288000
Z92: L&B Depreciation | AA92: ='Balance Sheet'!H6 -> -3000 | AB92: ='Balance Sheet'!I6 -> -3000 | AC92: ='Balance Sheet'!J6 -> -3000 | AD92: ='Balance Sheet'!K6 -> -3000 | AE92: ='Balance Sheet'!L6 -> -3000
Z93: L&B at Year End | AA93: ='Balance Sheet'!H7 -> 297000 | AB93: ='Balance Sheet'!I7 -> 294000 | AC93: ='Balance Sheet'!J7 -> 291000 | AD93: ='Balance Sheet'!K7 -> 288000 | AE93: ='Balance Sheet'!L7 -> 285000
Z94: Fixtures and Fittings | AA94: ='Balance Sheet'!H8 -> 5000 | AB94: ='Balance Sheet'!I8 -> 4833.3333 | AC94: ='Balance Sheet'!J8 -> 4666.6667 | AD94: ='Balance Sheet'!K8 -> 4500 | AE94: ='Balance Sheet'!L8 -> 4333.3333
Z95: F&F Depreciation | AA95: ='Balance Sheet'!H9 -> -166.66667 | AB95: ='Balance Sheet'!I9 -> -166.66667 | AC95: ='Balance Sheet'!J9 -> -166.66667 | AD95: ='Balance Sheet'!K9 -> -166.66667 | AE95: ='Balance Sheet'!L9 -> -166.66667
Z96: F&F at Year End | AA96: ='Balance Sheet'!H10 -> 4833.3333 | AB96: ='Balance Sheet'!I10 -> 4666.6667 | AC96: ='Balance Sheet'!J10 -> 4500 | AD96: ='Balance Sheet'!K10 -> 4333.3333 | AE96: ='Balance Sheet'!L10 -> 4166.6667
Z97: Property Appreciation | AA97: ='Balance Sheet'!H15 -> 7625 | AB97: ='Balance Sheet'!I15 -> 7815.625 | AC97: ='Balance Sheet'!J15 -> 8011.0156 | AD97: ='Balance Sheet'!K15 -> 8211.291 | AE97: ='Balance Sheet'!L15 -> 8416.5733
Z98: Total Appreciation | AA98: ='Balance Sheet'!H16 -> 4458.3333 | AB98: ='Balance Sheet'!I16 -> 4648.9583 | AC98: ='Balance Sheet'!J16 -> 4844.349 | AD98: ='Balance Sheet'!K16 -> 5044.6243 | AE98: ='Balance Sheet'!L16 -> 5249.9066
Z99: Total Fixed Assets - year End | AA99: ='Balance Sheet'!H17 -> 309458.33 | AB99: ='Balance Sheet'!I17 -> 314107.29 | AC99: ='Balance Sheet'!J17 -> 318951.64 | AD99: ='Balance Sheet'!K17 -> 323996.26 | AE99: ='Balance Sheet'!L17 -> 329246.17
Z101: Current Assets
Z102: Cash at Bank | AA102: ='Balance Sheet'!H20 -> 17547.398 | AB102: ='Balance Sheet'!I20 -> 25747.163 | AC102: ='Balance Sheet'!J20 -> 34702.341 | AD102: ='Balance Sheet'!K20 -> 44449.964 | AE102: ='Balance Sheet'!L20 -> 54680.427
Z103: Total Current Assets | AA103: ='Balance Sheet'!H25 -> 17547.398 | AB103: ='Balance Sheet'!I25 -> 25747.163 | AC103: ='Balance Sheet'!J25 -> 34702.341 | AD103: ='Balance Sheet'!K25 -> 44449.964 | AE103: ='Balance Sheet'!L25 -> 54680.427
Z105: (Less Current Liaibilites)
Z106: Unpaid Share Interest | AA106: ='Balance Sheet'!H31 -> -10369.5 | AB106: ='Balance Sheet'!I31 -> -10369.5 | AC106: ='Balance Sheet'!J31 -> -10369.5 | AD106: ='Balance Sheet'!K31 -> -10369.5 | AE106: ='Balance Sheet'!L31 -> -10369.5
Z107: (Total Current Liabilities) | AA107: ='Balance Sheet'!H37 -> -10369.5 | AB107: ='Balance Sheet'!I37 -> -10369.5 | AC107: ='Balance Sheet'!J37 -> -10369.5 | AD107: ='Balance Sheet'!K37 -> -10369.5 | AE107: ='Balance Sheet'!L37 -> -10717.652
Z109: Net Current Assets | AA109: ='Balance Sheet'!H39 -> 7177.8984 | AB109: ='Balance Sheet'!I39 -> 15377.663 | AC109: ='Balance Sheet'!J39 -> 24332.841 | AD109: ='Balance Sheet'!K39 -> 34080.464 | AE109: ='Balance Sheet'!L39 -> 43962.774
Z112: Net Worth | AA112: ='Balance Sheet'!H46 -> 316636.23 | AB112: ='Balance Sheet'!I46 -> 329484.96 | AC112: ='Balance Sheet'!J46 -> 343284.48 | AD112: ='Balance Sheet'!K46 -> 358076.73 | AE112: ='Balance Sheet'!L46 -> 373208.95
Z113: Made Up of
Z114: Retained Earnings | AA114: ='Balance Sheet'!H48 -> -2884.9396 | AB114: ='Balance Sheet'!I48 -> 2454.5819 | AC114: ='Balance Sheet'!J48 -> 8469.4297 | AD114: ='Balance Sheet'!K48 -> 15194.393 | AE114: ='Balance Sheet'!L48 -> 22317.561
Z115: Community Shares | AA115: ='Balance Sheet'!H49 -> 345650 | AB115: ='Balance Sheet'!I49 -> 345650 | AC115: ='Balance Sheet'!J49 -> 345650 | AD115: ='Balance Sheet'!K49 -> 345650 | AE115: ='Balance Sheet'!L49 -> 345650

Sheet Weekly Overheads
C1: Actual Cost | D1: % of turnover | E1: Weekly Turnover | F1: ='Financial Model'!E23/52 -> 356.71
B2: Wages and Salaries
B3: Property Mgmt Costs | C3: ='Financial Model'!I23/52 -> 46.3723 | D3: =C3/$F$1 -> 0.13
B4: Rates
B5: Utilities
B6: Repairs and Renewals | C6: ='Financial Model'!$E$23*'Financial Model'!$D$10/52 -> 35.671 | D6: =C6/$F$1 -> 0.1
B7: Insurance | C7: ='Financial Model'!$H$23/52 -> 11.730769 | D7: =C7/$F$1 -> 0.032886012
B8: Marketing
B9: Consumables
B10: Cleaning/ Waste
B11: Profesional Fees
B12: Bank Charges | C12: ='Financial Model'!$L$23/52 -> 0 | D12: =C12/$F$1 -> 0
B13: Equipment Hire
B14: Pay TV
B15: Budgeted Major Repairs | C15: ='Financial Model'!B23*'Financial Model'!D16/'Financial Model'!F16/52 -> 87.980769 | D15: =C15/$F$1 -> 0.24664509
B16: Other Costs
B18: Overheads excluding Salaries | C18: =C19-C2 -> 181.75484
B19: Overheads inc salaries | C19: =SUM(C2:C16) -> 181.75484

Sheet Community Shares
B2: Dashboard
B3: Amount Raised | C3: ='Financial Model'!D8 -> 345650 | D3: Proposed Withdrawal Rate | G3: 0
B4: Proposed Interest Rate | C4: 0.03 | D4: Initial Interest Holiday (Years) | G4: 0
B5: Interest Accrued to Share Account | C5: No | D5: Initial Withdrawal Suspension (Years) | G5: 3
B8: Year | C8: 1 | D8: 2 | E8: 3 | F8: 4 | G8: 5 | H8: 6 | I8: 7 | J8: 8 | K8: 9 | L8: 10 | M8: 11 | N8: 12 | O8: 13 | P8: 14 | Q8: 15 | R8: 16 | S8: 17 | T8: 18 | U8: 19 | V8: 20 | W8: 21 | X8: 22 | Y8: 23 | Z8: 24 | AA8: 25 | AB8: 26 | AC8: 27 | AD8: 28 | AE8: 29 | AF8: 30 | AG8: 31 | AH8: 32 | AI8: 33 | AJ8: 34 | AK8: 35 | AL8: 36 | AM8: 37 | AN8: 38 | AO8: 39 | AP8: 40
B9: Interest Accrued in Year | C9: =IF(C8>$G$4,$C$3*$C$4,0) -> 10369.5 | D9: =IF(D8>$G$4,C12*$C$4,0) -> 10369.5 | E9: =IF(E8>$G$4,D12*$C$4,0) -> 10369.5 | F9: =IF(F8>$G$4,E12*$C$4,0) -> 10369.5 | G9: =IF(G8>$G$4,F12*$C$4,0) -> 10369.5 | H9: =IF(H8>$G$4,G12*$C$4,0) -> 10369.5 | I9: =IF(I8>$G$4,H12*$C$4,0) -> 10369.5 | J9: =IF(J8>$G$4,I12*$C$4,0) -> 10369.5 | K9: =IF(K8>$G$4,J12*$C$4,0) -> 10369.5 | ... AP9: =IF(AP8>$G$4,AO12*$C$4,0) -> 10369.5
B10: Interest Paid out in year | C10: 0 | D10: =IF($C$5="No",IF(C12>0,-C9,0),0) -> -10369.5 | E10: =IF($C$5="No",IF(D12>0,-D9,0),0) -> -10369.5 | F10: =IF($C$5="No",IF(E12>0,-E9,0),0) -> -10369.5 | G10: =IF($C$5="No",IF(F12>0,-F9,0),0) -> -10369.5 | H10: =IF($C$5="No",IF(G12>0,-G9,0),0) -> -10369.5 | I10: =IF($C$5="No",IF(H12>0,-H9,0),0) -> -10369.5 | J10: =IF($C$5="No",IF(I12>0,-I9,0),0) -> -10369.5 | K10: =IF($C$5="No",IF(J12>0,-J9,0),0) -> -10369.5 | ... AP10: =IF($C$5="No",IF(AO12>0,-AO9,0),0) -> -10369.5
B11: Invest. Shares Withdrawn in Year | C11: =IF(C8>$G$5,IF(B12>=($C$3*$G$3),-$C$3*$G$3,-(B12+SUM(C9:C10))),0) -> 0 | D11: =IF(D8>$G$5,IF(C12>=($C$3*$G$3),-$C$3*$G$3,-(C12+SUM(D9:D10))),0) -> 0 | E11: =IF(E8>$G$5,IF(D12>=($C$3*$G$3),-$C$3*$G$3,-(D12+SUM(E9:E10))),0) -> 0 | F11: =IF(F8>$G$5,IF(E12>=($C$3*$G$3),-$C$3*$G$3,-(E12+SUM(F9:F10))),0) -> 0 | G11: =IF(G8>$G$5,IF(F12>=($C$3*$G$3),-$C$3*$G$3,-(F12+SUM(G9:G10))),0) -> 0 | H11: =IF(H8>$G$5,IF(G12>=($C$3*$G$3),-$C$3*$G$3,-(G12+SUM(H9:H10))),0) -> 0 | I11: =IF(I8>$G$5,IF(H12>=($C$3*$G$3),-$C$3*$G$3,-(H12+SUM(I9:I10))),0) -> 0 | J11: =IF(J8>$G$5,IF(I12>=($C$3*$G$3),-$C$3*$G$3,-(I12+SUM(J9:J10))),0) -> 0 | ... AP11: =IF(AP8>$G$5,IF(AO12>=($C$3*$G$3),-$C$3*$G$3,-(AO12+SUM(AP9:AP10))),0) -> 0
B12: Investment Share Balance | C12: =IF($C$5="Yes",C3+SUM(C9:C11),C3+C11) -> 345650 | D12: =IF($C$5="Yes",C12+SUM(D9:D11),C12+D11) -> 345650 | E12: =IF($C$5="Yes",D12+SUM(E9:E11),D12+E11) -> 345650 | F12: =IF($C$5="Yes",E12+SUM(F9:F11),E12+F11) -> 345650 | G12: =IF($C$5="Yes",F12+SUM(G9:G11),F12+G11) -> 345650 | H12: =IF($C$5="Yes",G12+SUM(H9:H11),G12+H11) -> 345650 | I12: =IF($C$5="Yes",H12+SUM(I9:I11),H12+I11) -> 345650 | J12: =IF($C$5="Yes",I12+SUM(J9:J11),I12+J11) -> 345650 | K12: =IF($C$5="Yes",J12+SUM(K9:K11),J12+K11) -> 345650 | ... AP12: =IF($C$5="Yes",AO12+SUM(AP9:AP11),AO12+AP11) -> 345650
B13: Home Shares Sold in Year | C13: ='Financial Model'!$S23 -> 927.446 | D13: ='Financial Model'!$S24 -> 953.41449 | E13: ='Financial Model'!$S25 -> 980.11009 | F13: ='Financial Model'!$S26 -> 1007.5532 | G13: ='Financial Model'!$S27 -> 1035.7647 | H13: ='Financial Model'!$S28 -> 1064.7661 | I13: ='Financial Model'!$S29 -> 1094.5795 | J13: ='Financial Model'!$S30 -> 1125.2278 | K13: ='Financial Model'!$S31 -> 1156.7341 | L13: ='Financial Model'!$S32 -> 1189.1227 | M13: ='Financial Model'!$S33 -> 1222.4181 | N13: ='Financial Model'!$S34 -> 1256.6458 | O13: ='Financial Model'!$S35 -> 1291.8319 | P13: ='Financial Model'!$S36 -> 1328.0032 | Q13: ='Financial Model'!$S37 -> 1365.1873 | R13: ='Financial Model'!$S38 -> 1403.4125 | S13: ='Financial Model'!$S39 -> 1442.7081 | T13: ='Financial Model'!$S40 -> 1483.1039 | U13: ='Financial Model'!$S41 -> 1524.6308 | V13: ='Financial Model'!$S42 -> 1567.3205 | W13: ='Financial Model'!$S43 -> 1611.2055 | X13: ='Financial Model'!$S44 -> 1656.3192 | Y13: ='Financial Model'!$S45 -> 1702.6962 | Z13: ='Financial Model'!$S46 -> 1750.3716 | AA13: ='Financial Model'!$S47 -> 1799.3821 | AB13: ='Financial Model'!$S48 -> 1849.7647 | AC13: ='Financial Model'!$S49 -> 1901.5582 | AD13: ='Financial Model'!$S50 -> 1954.8018 | AE13: ='Financial Model'!$S51 -> 2009.5362 | AF13: ='Financial Model'!$S52 -> 2065.8033 | AG13: ='Financial Model'!$S53 -> 2123.6457 | AH13: ='Financial Model'!$S54 -> 2183.1078 | AI13: ='Financial Model'!$S55 -> 2244.2348 | AJ13: ='Financial Model'!$S56 -> 2307.0734 | AK13: ='Financial Model'!$S57 -> 2371.6715 | AL13: ='Financial Model'!$S58 -> 2438.0783 | AM13: ='Financial Model'!$S59 -> 2506.3445 | AN13: ='Financial Model'!$S60 -> 2576.5221 | AO13: ='Financial Model'!$S61 -> 2648.6647 | AP13: ='Financial Model'!$S62 -> 2722.8273
B14: Home Shares Balance | C14: =C13 -> 927.446 | D14: =C14+D13 -> 1880.8605 | E14: =D14+E13 -> 2860.9706 | F14: =E14+F13 -> 3868.5238 | G14: =F14+G13 -> 4904.2884 | H14: =G14+H13 -> 5969.0545 | I14: =H14+I13 -> 7063.634 | J14: =I14+J13 -> 8188.8618 | K14: =J14+K13 -> 9345.5959 | ... AP14: =AO14+AP13 -> 66843.59

Sheet P&L
C2: Q1 | D2: Q2 | E2: Q3 | F2: Q4 | H2: Year 1 | I2: Year 2 | J2: Year 3 | K2: Year 4 | L2: Year 5 | M2: 6 | N2: 7 | O2: 8 | P2: 9 | Q2: 10 | R2: 11 | S2: 12 | T2: 13 | U2: 14 | V2: 15 | W2: 16 | X2: 17 | Y2: 18 | Z2: 19 | AA2: 20 | AB2: 21 | AC2: 22 | AD2: 23 | AE2: 24 | AF2: 25 | AG2: 26 | AH2: 27 | AI2: 28 | AJ2: 29 | AK2: 30 | AL2: 31 | AM2: 32 | AN2: 33 | AO2: 34 | AP2: 35 | AQ2: 36 | AR2: 37 | AS2: 38 | AT2: 39 | AU2: 40
C3: (£) | D3: (£) | E3: (£) | F3: (£) | H3: (£) | I3: (£) | J3: (£) | K3: (£) | L3: (£) | M3: (£) | N3: (£) | O3: (£) | P3: (£) | Q3: (£) | R3: (£) | S3: (£) | T3: (£) | U3: (£) | V3: (£) | W3: (£) | X3: (£) | Y3: (£) | Z3: (£) | AA3: (£) | AB3: (£) | AC3: (£) | AD3: (£) | AE3: (£) | AF3: (£) | AG3: (£) | AH3: (£) | AI3: (£) | AJ3: (£) | AK3: (£) | AL3: (£) | AM3: (£) | AN3: (£) | AO3: (£) | AP3: (£) | AQ3: (£) | AR3: (£) | AS3: (£) | AT3: (£) | AU3: (£)
B4: Turnover
B5: Rent Received | C5: =$H5/4 -> 4637.23 | D5: =$H5/4 -> 4637.23 | E5: =$H5/4 -> 4637.23 | F5: =$H5/4 -> 4637.23 | H5: ='Financial Model'!E$23 -> 18548.92 | I5: ='Financial Model'!E$24 -> 19068.29 | J5: ='Financial Model'!E$25 -> 19602.202 | K5: ='Financial Model'!E$26 -> 20151.064 | L5: ='Financial Model'!E$27 -> 20715.293
B6: Bank Interests | C6: =$H6/4 -> 0 | D6: =$H6/4 -> 0 | E6: =$H6/4 -> 0 | F6: =$H6/4 -> 0 | H6: ='Financial Model'!F$23 -> 0 | I6: ='Financial Model'!F$24 -> 526.42195 | J6: ='Financial Model'!F$25 -> 772.4149 | K6: ='Financial Model'!F$26 -> 1041.0702 | L6: ='Financial Model'!F$27 -> 1333.4989
B8: Total Income | C8: =SUM(C5:C7) -> 4637.23 | D8: =SUM(D5:D7) -> 4637.23 | E8: =SUM(E5:E7) -> 4637.23 | F8: =SUM(F5:F7) -> 4637.23 | H8: =SUM(C8:F8) -> 18548.92 | I8: =SUM(I5:I7) -> 19594.712 | J8: =SUM(J5:J7) -> 20374.617 | K8: =SUM(K5:K7) -> 21192.134 | L8: =SUM(L5:L7) -> 22048.792
B10: (Less Overheads)
B11: ='Weekly Overheads'!B2 -> Wages and Salaries | C11: =$H11/4 -> 0 | D11: =$H11/4 -> 0 | E11: =$H11/4 -> 0 | F11: =$H11/4 -> 0
B12: ='Weekly Overheads'!B3 -> Property Mgmt Costs | C12: =$H12/4 -> -602.8399 | D12: =$H12/4 -> -602.8399 | E12: =$H12/4 -> -602.8399 | F12: =$H12/4 -> -602.8399 | H12: =-'Financial Model'!$I23 -> -2411.3596 | I12: =-'Financial Model'!$I24 -> -2478.8777 | J12: =-'Financial Model'!$I25 -> -2548.2862 | K12: =-'Financial Model'!$I26 -> -2619.6383 | L12: =-'Financial Model'!$I27 -> -2692.9881
B13: ='Weekly Overheads'!B4 -> Rates | C13: =-'Weekly Overheads'!$C4*52.2/4 -> 0 | D13: =-'Weekly Overheads'!$C4*52.2/4 -> 0 | E13: =-'Weekly Overheads'!$C4*52.2/4 -> 0 | F13: =-'Weekly Overheads'!$C4*52.2/4 -> 0
B14: ='Weekly Overheads'!B5 -> Utilities | C14: =-'Weekly Overheads'!$C5*52.2/4 -> 0 | D14: =-'Weekly Overheads'!$C5*52.2/4 -> 0 | E14: =-'Weekly Overheads'!$C5*52.2/4 -> 0 | F14: =-'Weekly Overheads'!$C5*52.2/4 -> 0
B15: ='Weekly Overheads'!B6 -> Repairs and Renewals | C15: =$H15/4 -> -190.625 | D15: =$H15/4 -> -190.625 | E15: =$H15/4 -> -190.625 | F15: =$H15/4 -> -190.625 | H15: =-('Financial Model'!J23+'Financial Model'!K23) -> -762.5 | I15: =-('Financial Model'!J24+'Financial Model'!K24) -> -781.5625 | J15: =-('Financial Model'!J25+'Financial Model'!K25) -> -801.10156 | K15: =-('Financial Model'!J26+'Financial Model'!K26) -> -821.1291 | L15: =-('Financial Model'!J27+'Financial Model'!K27) -> -841.65733
B16: ='Weekly Overheads'!B7 -> Insurance | C16: =$H16/4 -> -152.5 | D16: =$H16/4 -> -152.5 | E16: =$H16/4 -> -152.5 | F16: =$H16/4 -> -152.5 | H16: =-'Financial Model'!H$23 -> -610 | I16: =-'Financial Model'!H$24 -> -625.25 | J16: =-'Financial Model'!H$25 -> -640.88125 | K16: =-'Financial Model'!H$26 -> -656.90328 | L16: =-'Financial Model'!H$27 -> -673.32586
B17: Fundraising Fees & Costs | C17: =H17 -> -17650 | H17: =-('Start Up Costs'!L17+'Start Up Costs'!L18) -> -17650
B18: (Total Overheads) | C18: =SUM(C11:C17) -> -18595.965 | D18: =SUM(D11:D17) -> -945.9649 | E18: =SUM(E11:E17) -> -945.9649 | F18: =SUM(F11:F17) -> -945.9649 | H18: =SUM(C18:F18) -> -21433.86 | I18: =SUM(I11:I17) -> -3885.6902 | J18: =SUM(J11:J17) -> -3990.2691 | K18: =SUM(K11:K17) -> -4097.6706 | L18: =SUM(L11:L17) -> -4207.9713
B20: EBITDA | C20: =C8+C18 -> -13958.735 | D20: =D8+D18 -> 3691.2651 | E20: =E8+E18 -> 3691.2651 | F20: =F8+F18 -> 3691.2651 | H20: =H8+H18 -> -2884.9396 | I20: =I8+I18 -> 15709.022 | J20: =J8+J18 -> 16384.348 | K20: =K8+K18 -> 17094.463 | L20: =L8+L18 -> 17840.821
B22: (Less Interest)
B23: Community Shares | C23: =H23/4 -> 0 | D23: =C23 -> 0 | E23: =D23 -> 0 | F23: =E23 -> 0 | H23: ='Community Shares'!C10 -> 0 | I23: ='Community Shares'!D10 -> -10369.5 | J23: ='Community Shares'!E10 -> -10369.5 | K23: ='Community Shares'!F10 -> -10369.5 | L23: ='Community Shares'!G10 -> -10369.5
B24: Mortgage | C24: =-Mortgage!D67 -> 0 | D24: =-Mortgage!D71 -> 0 | E24: =-Mortgage!D75 -> 0 | F24: =-Mortgage!D79 -> 0 | I24: =-Mortgage!E15 -> 0 | J24: =-Mortgage!F15 -> 0 | K24: =-Mortgage!G15 -> 0 | L24: =-Mortgage!H15 -> 0
B25: (Total Interest) | C25: =SUM(C23:C24) -> 0 | D25: =SUM(D23:D24) -> 0 | E25: =SUM(E23:E24) -> 0 | F25: =SUM(F23:F24) -> 0 | H25: =SUM(H23:H24) -> 0 | I25: =SUM(I23:I24) -> -10369.5 | J25: =SUM(J23:J24) -> -10369.5 | K25: =SUM(K23:K24) -> -10369.5 | L25: =SUM(L23:L24) -> -10369.5
B27: (Extra-Ordinary Day 1 Costs)
B28: Other costs | C28: =H28 -> 0
B29: Business Development | C29: =H29 -> 0 | H29: =-'Start Up Costs'!J7 -> 0
B30: (Total Extra-Ordinary Day 1 Costs) | C30: =SUM(C28:C29) -> 0 | D30: =SUM(D28:D29) -> 0 | E30: =SUM(E28:E29) -> 0 | F30: =SUM(F28:F29) -> 0 | H30: =SUM(H28:H29) -> 0 | I30: =SUM(I28:I29) -> 0 | J30: =SUM(J28:J29) -> 0 | K30: =SUM(K28:K29) -> 0 | L30: =SUM(L28:L29) -> 0
B32: Gross Profit | C32: =C20+C25+C30 -> -13958.735 | D32: =D20+D25+D30 -> 3691.2651 | E32: =E20+E25+E30 -> 3691.2651 | F32: =F20+F25+F30 -> 3691.2651 | H32: =H20+H25+H30 -> -2884.9396 | I32: =I20+I25+I30 -> 5339.5215 | J32: =J20+J25+J30 -> 6014.8477 | K32: =K20+K25+K30 -> 6724.9631 | L32: =L20+L25+L30 -> 7471.3209
B33: (less Tax) | C33: =Tax!C17 -> 0 | D33: =Tax!D17 -> 0 | E33: =Tax!E17 -> 0 | F33: =Tax!F17 -> 0 | H33: =Tax!H17 -> 0 | I33: =Tax!I17 -> 0 | J33: =Tax!J17 -> 0 | K33: =Tax!K17 -> 0 | L33: =Tax!L17 -> -348.15227
B34: Net Profit | C34: =SUM(C32:C33) -> -13958.735 | D34: =SUM(D32:D33) -> 3691.2651 | E34: =SUM(E32:E33) -> 3691.2651 | F34: =SUM(F32:F33) -> 3691.2651 | H34: =SUM(C34:F34) -> -2884.9396 | I34: =SUM(I32:I33) -> 5339.5215 | J34: =SUM(J32:J33) -> 6014.8477 | K34: =SUM(K32:K33) -> 6724.9631 | L34: =SUM(L32:L33) -> 7123.1686
B36: Asset Appreciation
B37: ='Start Up Costs'!D4 -> Land & Buildings | C37: =H37/4 -> -750 | D37: =C37 -> -750 | E37: =D37 -> -750 | F37: =E37 -> -750 | H37: =-'Start Up Costs'!F4 -> -3000 | I37: ='Balance Sheet'!I5-'Balance Sheet'!H5 -> -3000 | J37: ='Balance Sheet'!J5-'Balance Sheet'!I5 -> -3000 | K37: ='Balance Sheet'!K5-'Balance Sheet'!J5 -> -3000 | L37: ='Balance Sheet'!L5-'Balance Sheet'!K5 -> -3000 | M37: =IF(M2<='Start Up Costs'!$E$4,L37,0) -> -3000 | N37: =IF(N2<='Start Up Costs'!$E$4,M37,0) -> -3000 | O37: =IF(O2<='Start Up Costs'!$E$4,N37,0) -> -3000 | P37: =IF(P2<='Start Up Costs'!$E$4,O37,0) -> -3000 | Q37: =IF(Q2<='Start Up Costs'!$E$4,P37,0) -> -3000 | R37: =IF(R2<='Start Up Costs'!$E$4,Q37,0) -> -3000 | S37: =IF(S2<='Start Up Costs'!$E$4,R37,0) -> -3000 | T37: =IF(T2<='Start Up Costs'!$E$4,S37,0) -> -3000 | ... AU37: =IF(AU2<='Start Up Costs'!$E$4,AT37,0) -> -3000
B38: ='Start Up Costs'!D5 -> Fixtures and Fittings | C38: =H38/4 -> -41.666667 | D38: =C38 -> -41.666667 | E38: =D38 -> -41.666667 | F38: =E38 -> -41.666667 | H38: =-'Start Up Costs'!F5 -> -166.66667 | I38: ='Balance Sheet'!I8-'Balance Sheet'!H8 -> -166.66667 | J38: ='Balance Sheet'!J8-'Balance Sheet'!I8 -> -166.66667 | K38: ='Balance Sheet'!K8-'Balance Sheet'!J8 -> -166.66667 | L38: ='Balance Sheet'!L8-'Balance Sheet'!K8 -> -166.66667 | M38: =IF(M2<='Start Up Costs'!$E$5,L38,0) -> -166.66667 | N38: =IF(N2<='Start Up Costs'!$E$5,M38,0) -> -166.66667 | O38: =IF(O2<='Start Up Costs'!$E$5,N38,0) -> -166.66667 | P38: =IF(P2<='Start Up Costs'!$E$5,O38,0) -> -166.66667 | Q38: =IF(Q2<='Start Up Costs'!$E$5,P38,0) -> -166.66667 | R38: =IF(R2<='Start Up Costs'!$E$5,Q38,0) -> -166.66667 | S38: =IF(S2<='Start Up Costs'!$E$5,R38,0) -> -166.66667 | T38: =IF(T2<='Start Up Costs'!$E$5,S38,0) -> -166.66667 | ... AU38: =IF(AU2<='Start Up Costs'!$E$5,AT38,0) -> 0
B39: Total Asset Depreciation | C39: =C38+C37 -> -791.66667 | D39: =D38+D37 -> -791.66667 | E39: =E38+E37 -> -791.66667 | F39: =F38+F37 -> -791.66667 | H39: =SUM(C39:G39) -> -3166.6667 | I39: =I38+I37 -> -3166.6667 | J39: =J38+J37 -> -3166.6667 | K39: =K38+K37 -> -3166.6667 | L39: =L38+L37 -> -3166.6667 | M39: =M38+M37 -> -3166.6667 | N39: =N38+N37 -> -3166.6667 | O39: =O38+O37 -> -3166.6667 | P39: =P38+P37 -> -3166.6667 | ... AU39: =AU38+AU37 -> -3000
B40: ='Start Up Costs'!D10 -> Property Appreciation | C40: =D40 -> 1906.25 | D40: =E40 -> 1906.25 | E40: =F40 -> 1906.25 | F40: =H40/4 -> 1906.25 | H40: ='Balance Sheet'!H15 -> 7625 | I40: ='Balance Sheet'!I15 -> 7815.625 | J40: ='Balance Sheet'!J15 -> 8011.0156 | K40: ='Balance Sheet'!K15 -> 8211.291 | L40: ='Balance Sheet'!L15 -> 8416.5733 | M40: ='Balance Sheet'!M15 -> 0 | N40: ='Balance Sheet'!N15 -> 0 | O40: ='Balance Sheet'!O15 -> 0 | ... AU40: ='Balance Sheet'!AU15 -> 0
B41: Total Appreciation | C41: =SUM(C39:C40) -> 1114.5833 | D41: =SUM(D39:D40) -> 1114.5833 | E41: =SUM(E39:E40) -> 1114.5833 | F41: =SUM(F39:F40) -> 1114.5833 | H41: =SUM(H39:H40) -> 4458.3333 | I41: =SUM(I39:I40) -> 4648.9583 | J41: =SUM(J39:J40) -> 4844.349 | K41: =SUM(K39:K40) -> 5044.6243 | L41: =SUM(L39:L40) -> 5249.9066

Sheet Cash Flow
C2: ='P&L'!C2 -> Q1 | D2: ='P&L'!D2 -> Q2 | E2: ='P&L'!E2 -> Q3 | F2: ='P&L'!F2 -> Q4 | H2: ='P&L'!H2 -> Year 1 | I2: ='P&L'!I2 -> Year 2 | J2: ='P&L'!J2 -> Year 3 | K2: ='P&L'!K2 -> Year 4 | L2: ='P&L'!L2 -> Year 5
C3: ='P&L'!C3 -> (£) | D3: ='P&L'!D3 -> (£) | E3: ='P&L'!E3 -> (£) | F3: ='P&L'!F3 -> (£) | H3: ='P&L'!H3 -> (£) | I3: ='P&L'!I3 -> (£) | J3: ='P&L'!J3 -> (£) | K3: ='P&L'!K3 -> (£) | L3: ='P&L'!L3 -> (£)
B4: Operating Cash Flows
B5: Net Profit | C5: ='P&L'!C20 -> -13958.735 | D5: ='P&L'!D20 -> 3691.2651 | E5: ='P&L'!E20 -> 3691.2651 | F5: ='P&L'!F20 -> 3691.2651 | H5: ='P&L'!H20 -> -2884.9396 | I5: ='P&L'!I20 -> 15709.022 | J5: ='P&L'!J20 -> 16384.348 | K5: ='P&L'!K20 -> 17094.463 | L5: ='P&L'!L20 -> 17840.821
B6: Plus non cash expenses
B7: Tax Owing | C7: =-'P&L'!C33 -> 0 | D7: =-'P&L'!D33 -> 0 | E7: =-'P&L'!E33 -> 0 | F7: =-'P&L'!F33 -> 0 | H7: =-'P&L'!H33 -> 0 | I7: =-'P&L'!I33 -> 0 | J7: =-'P&L'!J33 -> 0 | K7: =-'P&L'!K33 -> 0 | L7: =-'P&L'!L33 -> 348.15227
B8: Comm Shares Interest | C8: =-'P&L'!C23 -> 0 | D8: =-'P&L'!D23 -> 0 | E8: =-'P&L'!E23 -> 0 | F8: =-'P&L'!F23 -> 0 | H8: =-'P&L'!H23 -> 0 | I8: =-'P&L'!I23 -> 10369.5 | J8: =-'P&L'!J23 -> 10369.5 | K8: =-'P&L'!K23 -> 10369.5 | L8: =-'P&L'!L23 -> 10369.5
B9: Bonds or Loan Stock Interest | C9: 0 | D9: 0 | E9: 0 | F9: 0 | H9: =SUM(C9:F9) -> 0 | I9: 0 | J9: 0 | K9: 0 | L9: 0
B10: Mortgage Loan Arrangement Fee | C10: =Mortgage!F3 -> 0 | D10: 0 | E10: 0 | F10: 0 | H10: =SUM(C10:F10) -> 0 | I10: 0 | J10: 0 | K10: 0 | L10: 0
B11: VAT Received | C11: =-'Balance Sheet'!C29-C15 -> 0 | D11: =-'Balance Sheet'!D29-C15 -> 0 | E11: =-'Balance Sheet'!E29 -> 0 | F11: =-'Balance Sheet'!F29 -> 0 | H11: =-'Balance Sheet'!H29 -> 0 | I11: =-'Balance Sheet'!I29 -> 0 | J11: =-'Balance Sheet'!J29 -> 0 | K11: =-'Balance Sheet'!K29 -> 0 | L11: =-'Balance Sheet'!L29 -> 0
B12: (Less non expense cash out)
B13: Last Years CT | C13: 0 | D13: 0 | E13: 0 | F13: 0 | H13: 0 | I13: =-H7 -> 0 | J13: =-I7 -> 0 | K13: =-J7 -> 0 | L13: =-K7 -> 0
B14: Last Years Comm Share Interest | C14: 0 | D14: 0 | E14: 0 | F14: 0 | H14: 0 | I14: ='Community Shares'!D10 -> -10369.5 | J14: ='Community Shares'!E10 -> -10369.5 | K14: ='Community Shares'!F10 -> -10369.5 | L14: ='Community Shares'!G10 -> -10369.5
B15: VAT Paid | C15: =-'Start Up Costs'!L14 -> 0 | D15: ='Balance Sheet'!C29+C15 -> 0 | E15: ='Balance Sheet'!D29 -> 0 | F15: ='Balance Sheet'!E29 -> 0 | H15: =F15 -> 0 | I15: ='Balance Sheet'!H29 -> 0 | J15: ='Balance Sheet'!I29 -> 0 | K15: ='Balance Sheet'!J29 -> 0 | L15: ='Balance Sheet'!K29 -> 0
B16: Changes in Current Assets
B17: (Increase)/Decrease in Stock | C17: =-'Balance Sheet'!C22 -> 0 | D17: ='Balance Sheet'!C22-'Balance Sheet'!D22 -> 0 | E17: ='Balance Sheet'!D22-'Balance Sheet'!E22 -> 0 | F17: ='Balance Sheet'!E22-'Balance Sheet'!F22 -> 0 | H17: =SUM(C17:F17) -> 0 | I17: ='Balance Sheet'!H22-'Balance Sheet'!I22 -> 0 | J17: ='Balance Sheet'!I22-'Balance Sheet'!J22 -> 0 | K17: ='Balance Sheet'!J22-'Balance Sheet'!K22 -> 0 | L17: ='Balance Sheet'!K22-'Balance Sheet'!L22 -> 0
B18: (Increase)/Decrease in A/R | C18: =-'Balance Sheet'!C21 -> 0 | D18: ='Balance Sheet'!C21-'Balance Sheet'!D21 -> 0 | E18: ='Balance Sheet'!D21-'Balance Sheet'!E21 -> 0 | F18: ='Balance Sheet'!E21-'Balance Sheet'!F21 -> 0 | H18: =SUM(C18:F18) -> 0 | I18: ='Balance Sheet'!H21-'Balance Sheet'!I21 -> 0 | J18: ='Balance Sheet'!I21-'Balance Sheet'!J21 -> 0 | K18: ='Balance Sheet'!J21-'Balance Sheet'!K21 -> 0 | L18: ='Balance Sheet'!K21-'Balance Sheet'!L21 -> 0
B19: (Increase)/Decrease in Accrued Income | C19: 0 | D19: 0 | E19: 0 | F19: 0 | H19: 0 | I19: 0 | J19: 0 | K19: 0 | L19: 0
B20: (Increase)/Decrease in Prepaid Expenses | C20: 0 | D20: 0 | E20: 0 | F20: 0 | H20: 0 | I20: 0 | J20: 0 | K20: 0 | L20: 0
B21: Changes in Current Liabilities
B22: Increase/(Decrease) in A/P | C22: =-'Balance Sheet'!C28 -> 0 | D22: ='Balance Sheet'!C28-'Balance Sheet'!D28 -> 0 | E22: ='Balance Sheet'!D28-'Balance Sheet'!E28 -> 0 | F22: ='Balance Sheet'!E28-'Balance Sheet'!F28 -> 0 | H22: =SUM(C22:F22) -> 0 | I22: ='Balance Sheet'!H28-'Balance Sheet'!I28 -> 0 | J22: ='Balance Sheet'!I28-'Balance Sheet'!J28 -> 0 | K22: ='Balance Sheet'!J28-'Balance Sheet'!K28 -> 0 | L22: ='Balance Sheet'!K28-'Balance Sheet'!L28 -> 0
B23: Increase/(Decrease) in Unused Grants | C23: 0 | D23: 0 | E23: 0 | F23: 0 | H23: 0 | I23: 0 | J23: 0 | K23: 0 | L23: 0
B24: Increase/(Decrease) in Accrued Expenses | C24: 0 | D24: 0 | E24: 0 | F24: 0 | H24: 0 | I24: 0 | J24: 0 | K24: 0 | L24: 0
B25: Increase/(Decrease) in Unearned Income | C25: 0 | D25: 0 | E25: 0 | F25: 0 | H25: 0 | I25: 0 | J25: 0 | K25: 0 | L25: 0
B26: Net Operating Cash Flows | C26: =SUM(C5:C25) -> -13958.735 | D26: =SUM(D5:D25) -> 3691.2651 | E26: =SUM(E5:E25) -> 3691.2651 | F26: =SUM(F5:F25) -> 3691.2651 | H26: =SUM(H5:H25) -> -2884.9396 | I26: =SUM(I5:I25) -> 15709.022 | J26: =SUM(J5:J25) -> 16384.348 | K26: =SUM(K5:K25) -> 17094.463 | L26: =SUM(L5:L25) -> 18188.973
B28: Investing Cash Flows
B29: (Purchase of Property Plant and Equipment) | C29: =-SUM('Start Up Costs'!G4:G9) -> -305000 | D29: 0 | E29: 0 | F29: 0 | H29: =SUM(C29:F29) -> -305000 | I29: 0 | J29: 0 | K29: 0 | L29: 0
B30: Sale of Property Plant and Equipment | C30: 0 | D30: 0 | E30: 0 | F30: 0 | H30: =SUM(C30:F30) -> 0 | I30: 0 | J30: 0 | K30: 0 | L30: 0
B31: ='Start Up Costs'!I6 -> Fees And Taxes | C31: =-('Start Up Costs'!L13+'Start Up Costs'!L16) -> -23000 | H31: =SUM(C31:F31) -> -23000
B32: Net Investing Cash Flows | C32: =SUM(C29:C31) -> -328000 | D32: =SUM(D29:D30) -> 0 | E32: =SUM(E29:E30) -> 0 | F32: =SUM(F29:F30) -> 0 | H32: =SUM(H29:H31) -> -328000 | I32: =SUM(I29:I31) -> 0 | J32: =SUM(J29:J31) -> 0 | K32: =SUM(K29:K31) -> 0 | L32: =SUM(L29:L31) -> 0
B34: Financing Cash Flows
B35: Home Shares Sold | C35: =H35/4 -> 231.8615 | D35: =C35 -> 231.8615 | E35: =D35 -> 231.8615 | F35: =E35 -> 231.8615 | H35: ='Financial Model'!$AM23 -> 927.446 | I35: ='Financial Model'!$AM24 -> 953.41449 | J35: ='Financial Model'!$AM25 -> 980.11009 | K35: ='Financial Model'!$AM26 -> 1007.5532 | L35: ='Financial Model'!$AM27 -> 1035.7647
B36: Gift Points Sold | C36: =H36/4 -> 463.723 | D36: =C36 -> 463.723 | E36: =D36 -> 463.723 | F36: =E36 -> 463.723 | H36: ='Financial Model'!$AP23 -> 1854.892 | I36: ='Financial Model'!$AP24 -> 1906.829 | J36: ='Financial Model'!$AP25 -> 1960.2202 | K36: ='Financial Model'!$AP26 -> 2015.1064 | L36: ='Financial Model'!$AP27 -> 2071.5293
B37: Receiving Loan Stock/ Bonds | C37: 0 | D37: 0 | E37: 0 | F37: 0 | H37: =SUM(C37:F37) -> 0 | I37: 0 | J37: 0 | K37: 0 | L37: 0
B38: (Repaying Loan Stock/ Bonds) | C38: 0 | D38: 0 | E38: 0 | F38: 0 | H38: =SUM(C38:F38) -> 0 | I38: 0 | J38: 0 | K38: 0 | L38: 0
B39: Raising Share Capital | C39: ='Community Shares'!C3 -> 345650 | H39: =SUM(C39:F39) -> 345650
B40: (Share Withdrawal) | C40: ='Community Shares'!$C11/4 -> 0 | D40: ='Community Shares'!$C11/4 -> 0 | E40: ='Community Shares'!$C11/4 -> 0 | F40: ='Community Shares'!$C11/4 -> 0 | H40: =SUM(C40:F40) -> 0 | I40: ='Community Shares'!D11 -> 0 | J40: ='Community Shares'!E11 -> 0 | K40: ='Community Shares'!F11 -> 0 | L40: ='Community Shares'!G11 -> 0
B41: Receiving Grants | C41: 0 | D41: 0 | E41: 0 | F41: 0 | H41: =SUM(C41:F41) -> 0 | I41: 0 | J41: 0 | K41: 0 | L41: 0
B42: Net Financing Cash Flows | C42: =SUM(C35:C41) -> 346345.58 | D42: =SUM(D35:D41) -> 695.5845 | E42: =SUM(E35:E41) -> 695.5845 | F42: =SUM(F35:F41) -> 695.5845 | H42: =SUM(H35:H41) -> 348432.34 | I42: =SUM(I35:I41) -> 2860.2435 | J42: =SUM(J35:J41) -> 2940.3303 | K42: =SUM(K35:K41) -> 3022.6595 | L42: =SUM(L35:L41) -> 3107.294
B46: Net Cash Flows | C46: =C26+C32+C42 -> 4386.8496 | D46: =D26+D32+D42 -> 4386.8496 | E46: =E26+E32+E42 -> 4386.8496 | F46: =F26+F32+F42 -> 4386.8496 | H46: =H26+H32+H42 -> 17547.398 | I46: =I26+I32+I42 -> 18569.265 | J46: =J26+J32+J42 -> 19324.678 | K46: =K26+K32+K42 -> 20117.123 | L46: =L26+L32+L42 -> 21296.267
B47: Opening Balance | C47: 0 | D47: =C48 -> 4386.8496 | E47: =D48 -> 8773.6992 | F47: =E48 -> 13160.549 | H47: =C47 -> 0 | I47: =H48 -> 17547.398 | J47: =I48 -> 36116.663 | K47: =J48 -> 55441.341 | L47: =K48 -> 75558.464
B48: Closing Cash Balance | C48: =SUM(C46:C47) -> 4386.8496 | D48: =SUM(D46:D47) -> 8773.6992 | E48: =SUM(E46:E47) -> 13160.549 | F48: =SUM(F46:F47) -> 17547.398 | H48: =F48 -> 17547.398 | I48: =SUM(I46:I47) -> 36116.663 | J48: =SUM(J46:J47) -> 55441.341 | K48: =SUM(K46:K47) -> 75558.464 | L48: =SUM(L46:L47) -> 96854.731

Sheet Balance Sheet
C2: ='P&L'!C2 -> Q1 | D2: ='P&L'!D2 -> Q2 | E2: ='P&L'!E2 -> Q3 | F2: ='P&L'!F2 -> Q4 | H2: ='P&L'!H2 -> Year 1 | I2: ='P&L'!I2 -> Year 2 | J2: ='P&L'!J2 -> Year 3 | K2: ='P&L'!K2 -> Year 4 | L2: ='P&L'!L2 -> Year 5
C3: ='P&L'!C3 -> (£) | D3: ='P&L'!D3 -> (£) | E3: ='P&L'!E3 -> (£) | F3: ='P&L'!F3 -> (£) | H3: ='P&L'!H3 -> (£) | I3: ='P&L'!I3 -> (£) | J3: ='P&L'!J3 -> (£) | K3: ='P&L'!K3 -> (£) | L3: ='P&L'!L3 -> (£)
B4: Fixed Assets - Beginning of Year | C4: =H4 -> 305000 | D4: =C17 -> 306114.58 | E4: =D17 -> 307229.17 | F4: =E17 -> 308343.75 | H4: ='Start Up Costs'!J4 -> 305000 | I4: =H17 -> 309458.33 | J4: =I17 -> 314107.29 | K4: =J17 -> 318951.64 | L4: =K17 -> 323996.26
B5: ='[1]Start Up Costs'!D4 -> Land & Buildings | C5: =H5 -> 300000 | D5: =C7 -> 299250 | E5: =D7 -> 298500 | F5: =E7 -> 297750 | H5: ='Start Up Costs'!G4 -> 300000 | I5: =H7 -> 297000 | J5: =I7 -> 294000 | K5: =J7 -> 291000 | L5: =K7 -> 288000
B6: L&B Depreciation | C6: =H6/4 -> -750 | D6: =C6 -> -750 | E6: =D6 -> -750 | F6: =E6 -> -750 | H6: =-'Start Up Costs'!F4 -> -3000 | I6: =H6 -> -3000 | J6: =I6 -> -3000 | K6: =J6 -> -3000 | L6: =K6 -> -3000
B7: L&B at Year End | C7: =C5+C6 -> 299250 | D7: =D5+D6 -> 298500 | E7: =E5+E6 -> 297750 | F7: =F5+F6 -> 297000 | H7: =H5+H6 -> 297000 | I7: =I5+I6 -> 294000 | J7: =J5+J6 -> 291000 | K7: =K5+K6 -> 288000 | L7: =L5+L6 -> 285000
B8: ='[1]Start Up Costs'!D5 -> Fixtures and Fittings | C8: =H8 -> 5000 | D8: =C10 -> 4958.3333 | E8: =D10 -> 4916.6667 | F8: =E10 -> 4875 | H8: ='Start Up Costs'!F15 -> 5000 | I8: =H10 -> 4833.3333 | J8: =I10 -> 4666.6667 | K8: =J10 -> 4500 | L8: =K10 -> 4333.3333
B9: F&F Depreciation | C9: =H9/4 -> -41.666667 | D9: =C9 -> -41.666667 | E9: =D9 -> -41.666667 | F9: =E9 -> -41.666667 | H9: =-'Start Up Costs'!F5 -> -166.66667 | I9: =H9 -> -166.66667 | J9: =I9 -> -166.66667 | K9: =J9 -> -166.66667 | L9: =K9 -> -166.66667
B10: F&F at Year End | C10: =C9+C8 -> 4958.3333 | D10: =D9+D8 -> 4916.6667 | E10: =E9+E8 -> 4875 | F10: =F9+F8 -> 4833.3333 | H10: =H8+H9 -> 4833.3333 | I10: =I8+I9 -> 4666.6667 | J10: =J8+J9 -> 4500 | K10: =K8+K9 -> 4333.3333 | L10: =L8+L9 -> 4166.6667
B11: ='[1]Start Up Costs'!D6 -> Vehicles
B12: ='[1]Start Up Costs'!D7 -> Machinery
B13: ='[1]Start Up Costs'!D8 -> Equipment
B14: ='[1]Start Up Costs'!D9 -> IT
B15: ='[1]Start Up Costs'!D10 -> Property Appreciation | C15: =H15/4 -> 1906.25 | D15: =C15 -> 1906.25 | E15: =D15 -> 1906.25 | F15: =E15 -> 1906.25 | H15: ='Financial Model'!B24-'Financial Model'!B23 -> 7625 | I15: ='Financial Model'!B25-'Financial Model'!B24 -> 7815.625 | J15: ='Financial Model'!B26-'Financial Model'!B25 -> 8011.0156 | K15: ='Financial Model'!B27-'Financial Model'!B26 -> 8211.291 | L15: ='Financial Model'!B28-'Financial Model'!B27 -> 8416.5733
B16: Total Appreciation | C16: =C6+C9+C15 -> 1114.5833 | D16: =D6+D9+D15 -> 1114.5833 | E16: =E6+E9+E15 -> 1114.5833 | F16: =F6+F9+F15 -> 1114.5833 | H16: =H6+H9+H15 -> 4458.3333 | I16: =I6+I9+I15 -> 4648.9583 | J16: =J6+J9+J15 -> 4844.349 | K16: =K6+K9+K15 -> 5044.6243 | L16: =L6+L9+L15 -> 5249.9066
B17: Total Fixed Assets - year End | C17: =C4+C16 -> 306114.58 | D17: =D4+D16 -> 307229.17 | E17: =E4+E16 -> 308343.75 | F17: =F4+F16 -> 309458.33 | H17: =H4+H16 -> 309458.33 | I17: =I4+I16 -> 314107.29 | J17: =J4+J16 -> 318951.64 | K17: =K4+K16 -> 323996.26 | L17: =L4+L16 -> 329246.17
B19: Current Assets
B20: Cash at Bank | C20: =H20/4 -> 4386.8496 | D20: =C20*2 -> 8773.6992 | E20: =C20*3 -> 13160.549 | F20: =C20*4 -> 17547.398 | H20: ='Financial Model'!U23 -> 17547.398 | I20: ='Financial Model'!U24 -> 25747.163 | J20: ='Financial Model'!U25 -> 34702.341 | K20: ='Financial Model'!U26 -> 44449.964 | L20: ='Financial Model'!U27 -> 54680.427
B21: Accounts Receivable | C21: ='P&L'!C8/3/30*'General Dashboard'!$I$7 -> 0 | D21: ='P&L'!D8/3/30*'General Dashboard'!$I$7 -> 0 | E21: ='P&L'!E8/3/30*'General Dashboard'!$I$7 -> 0 | F21: ='P&L'!F8/3/30*'General Dashboard'!$I$7 -> 0 | H21: =F21 -> 0 | I21: ='P&L'!I8/12/30*'General Dashboard'!$I$7 -> 0 | J21: ='P&L'!J8/12/30*'General Dashboard'!$I$7 -> 0 | K21: ='P&L'!K8/12/30*'General Dashboard'!$I$7 -> 0 | L21: ='P&L'!L8/12/30*'General Dashboard'!$I$7 -> 0
B22: Stock
B23: Accrued Income | C23: 0 | D23: 0 | E23: 0 | F23: 0 | H23: =F23 -> 0 | I23: 0 | J23: 0 | K23: 0 | L23: 0
B24: Prepaid Expenses | C24: 0 | D24: 0 | E24: 0 | F24: 0 | H24: =F24 -> 0 | I24: 0 | J24: 0 | K24: 0 | L24: 0
B25: Total Current Assets | C25: =SUM(C20:C24) -> 4386.8496 | D25: =SUM(D20:D24) -> 8773.6992 | E25: =SUM(E20:E24) -> 13160.549 | F25: =SUM(F20:F24) -> 17547.398 | H25: =SUM(H20:H24) -> 17547.398 | I25: =SUM(I20:I24) -> 25747.163 | J25: =SUM(J20:J24) -> 34702.341 | K25: =SUM(K20:K24) -> 44449.964 | L25: =SUM(L20:L24) -> 54680.427
B27: (Less Current Liaibilites)
B28: Accounts Payable | C28: 0 | D28: 0 | E28: 0 | F28: 0 | H28: 0 | I28: 0 | J28: 0 | K28: 0 | L28: 0
B29: VAT Owed | C29: 0 | D29: 0 | E29: 0 | F29: 0 | H29: 0 | I29: 0 | J29: 0 | K29: 0 | L29: 0
B30: CT Owing | C30: =Tax!C17 -> 0 | D30: =SUM(Tax!$C$17:'Tax'!D17) -> 0 | E30: =SUM(Tax!$C$17:'Tax'!E17) -> 0 | F30: =SUM(Tax!$C$17:'Tax'!F17) -> 0 | H30: =F30 -> 0 | I30: =Tax!I17 -> 0 | J30: =Tax!J17 -> 0 | K30: =Tax!K17 -> 0 | L30: =Tax!L17 -> -348.15227
B31: Unpaid Share Interest | C31: =IF('Community Shares'!$C$5="No",-'Community Shares'!$C$9/4,0) -> -2592.375 | D31: =IF('Community Shares'!$C$5="No",-'Community Shares'!$C$9/4,0)+C31 -> -5184.75 | E31: =IF('Community Shares'!$C$5="No",-'Community Shares'!$C$9/4,0)+D31 -> -7777.125 | F31: =IF('Community Shares'!$C$5="No",-'Community Shares'!$C$9/4,0)+E31 -> -10369.5 | H31: =F31 -> -10369.5 | I31: =IF('Community Shares'!$C$5="No",-'Community Shares'!D$9,0) -> -10369.5 | J31: =IF('Community Shares'!$C$5="No",-'Community Shares'!E$9,0) -> -10369.5 | K31: =IF('Community Shares'!$C$5="No",-'Community Shares'!F$9,0) -> -10369.5 | L31: =IF('Community Shares'!$C$5="No",-'Community Shares'!G$9,0) -> -10369.5
B32: Accrued Expenses | C32: 0 | D32: 0 | E32: 0 | F32: 0 | H32: =F32 -> 0 | I32: 0 | J32: 0 | K32: 0 | L32: 0
B33: Unearned Income | C33: 0 | D33: 0 | E33: 0 | F33: 0 | H33: =F33 -> 0 | I33: 0 | J33: 0 | K33: 0 | L33: 0
B34: Unused Grants | C34: 0 | D34: 0 | E34: 0 | F34: 0 | H34: 0 | I34: 0 | J34: 0 | K34: 0 | L34: 0
B35: Mortgages Due this Year | C35: =Mortgage!E68-Mortgage!D68 -> 0 | D35: =Mortgage!E72-Mortgage!D72 -> 0 | E35: =Mortgage!E76-Mortgage!D76 -> 0 | F35: =Mortgage!E80-Mortgage!D80 -> 0 | H35: =F35 -> 0 | I35: =Mortgage!F63-Mortgage!E63 -> 0 | J35: =Mortgage!G63-Mortgage!F63 -> 0 | K35: =Mortgage!H63-Mortgage!G63 -> 0 | L35: =Mortgage!I63-Mortgage!H63 -> 0
B36: Loans Due this Year | C36: 0 | D36: 0 | E36: 0 | F36: 0 | H36: 0 | I36: 0 | J36: 0 | K36: 0 | L36: 0
B37: (Total Current Liabilities) | C37: =SUM(C28:C36) -> -2592.375 | D37: =SUM(D28:D36) -> -5184.75 | E37: =SUM(E28:E36) -> -7777.125 | F37: =SUM(F28:F36) -> -10369.5 | H37: =SUM(H28:H36) -> -10369.5 | I37: =SUM(I28:I36) -> -10369.5 | J37: =SUM(J28:J36) -> -10369.5 | K37: =SUM(K28:K36) -> -10369.5 | L37: =SUM(L28:L36) -> -10717.652
B39: Net Current Assets | C39: =C25+C37 -> 1794.4746 | D39: =D25+D37 -> 3588.9492 | E39: =E25+E37 -> 5383.4238 | F39: =F25+F37 -> 7177.8984 | H39: =H25+H37 -> 7177.8984 | I39: =I25+I37 -> 15377.663 | J39: =J25+J37 -> 24332.841 | K39: =K25+K37 -> 34080.464 | L39: =L25+L37 -> 43962.774
B41: (Less Long Term Liaibilities)
B42: Mortgages Owing | C42: =-Mortgage!E68 -> 0 | D42: =-Mortgage!E72 -> 0 | E42: =-Mortgage!E76 -> 0 | F42: =-Mortgage!E80 -> 0 | H42: =F42 -> 0 | I42: =-Mortgage!F63 -> 0 | J42: =-Mortgage!G63 -> 0 | K42: =-Mortgage!H63 -> 0 | L42: =-Mortgage!I63 -> 0
B43: Loanstock/ Bonds Owing | C43: 0 | D43: 0 | E43: 0 | F43: 0 | H43: 0 | I43: 0 | J43: 0 | K43: 0 | L43: 0
B44: (Total Long Term Liaibilities) | C44: =SUM(C42:C43) -> 0 | D44: =SUM(D42:D43) -> 0 | E44: =SUM(E42:E43) -> 0 | F44: =SUM(F42:F43) -> 0 | H44: =F44 -> 0 | I44: =SUM(I42:I43) -> 0 | J44: =SUM(J42:J43) -> 0 | K44: =SUM(K42:K43) -> 0 | L44: =SUM(L42:L43) -> 0
B46: Net Worth | C46: =C17+C39+C44 -> 307909.06 | D46: =D17+D39+D44 -> 310818.12 | E46: =E17+E39+E44 -> 313727.17 | F46: =F17+F39+F44 -> 316636.23 | H46: =F46 -> 316636.23 | I46: =I17+I39+I44 -> 329484.96 | J46: =J17+J39+J44 -> 343284.48 | K46: =K17+K39+K44 -> 358076.73 | L46: =L17+L39+L44 -> 373208.95
B47: Made Up of
B48: Retained Earnings | C48: ='P&L'!C34 -> -13958.735 | D48: =C48+'P&L'!D34 -> -10267.47 | E48: =D48+'P&L'!E34 -> -6576.2047 | F48: =E48+'P&L'!F34 -> -2884.9396 | H48: =F48 -> -2884.9396 | I48: =H48+'P&L'!I34 -> 2454.5819 | J48: =I48+'P&L'!J34 -> 8469.4297 | K48: =J48+'P&L'!K34 -> 15194.393 | L48: =K48+'P&L'!L34 -> 22317.561
B49: Community Shares | C49: ='Community Shares'!C3-C31 -> 348242.38 | D49: =C49-D31 -> 353427.12 | E49: =D49-E31 -> 361204.25 | F49: =E49-F31 -> 371573.75 | H49: ='Community Shares'!C12 -> 345650 | I49: ='Community Shares'!D12 -> 345650 | J49: ='Community Shares'!E12 -> 345650 | K49: ='Community Shares'!F12 -> 345650 | L49: ='Community Shares'!G12 -> 345650

Sheet Land Transaction Tax Rates
B1: Commercial
B3: =B18 -> SDLT – England / NI | G3: =G18 -> LBTT – Scotland | L3: =L18 -> LTT – Wales
B5: =B20 -> Band | D5: =D20 -> Rate | E5: =E20 -> Full cost of band | G5: =G20 -> Band | I5: =I20 -> Rate | J5: =J20 -> Full cost of band | L5: =L20 -> Band | N5: =N20 -> Rate | O5: =O20 -> Full cost of band
B6: 0 | C6: 150000 | D6: 0 | E6: =C6*D6 -> 0 | G6: 0 | H6: 150000 | I6: 0 | J6: =H6*I6 -> 0 | L6: 0 | M6: 150000 | N6: 0 | O6: =M6*N6 -> 0
B8: 150001 | C8: 250000 | D8: 0.02 | E8: =(C8-C6)*D8 -> 2000 | G8: 150001 | H8: 250000 | I8: 0.01 | J8: =(H8-H6)*I8 -> 1000 | L8: 150001 | M8: 250000 | N8: 0.01 | O8: =(M8-M6)*N8 -> 1000
B10: Above | C10: 250000 | D10: 0.05 | G10: Above | H10: 250000 | I10: 0.05 | L10: 250001 | M10: 1000000 | N10: 0.05 | O10: =(M10-M8)*N10 -> 37500
D11: Total: | E11: =IF('Start Up Costs'!$D$14<C6,'Start Up Costs'!$D$14*D6,IF('Start Up Costs'!$D$14<C8,(D8*('Start Up Costs'!$D$14-C8)+E6),('Start Up Costs'!$D$14-C10)*D10+SUM(E6:E8))) -> 4500 | I11: Total: | J11: =IF('Start Up Costs'!$D$14<H6,'Start Up Costs'!$D$14*I6,IF('Start Up Costs'!$D$14<H8,(I8*('Start Up Costs'!$D$14-H8)+J6),('Start Up Costs'!$D$14-H10)*I10+SUM(J6:J8))) -> 3500
B12: Check these bands and percentages are correct here https://www.gov.uk/stamp-duty-land-tax/nonresidential-and-mixed-rates | G12: Check these bands and percentages are correct here https://www.gov.scot/policies/taxes/land-and-buildings-transaction-tax/ | L12: Above | M12: 1000000 | N12: 0.06
N13: Total: | O13: =IF('Start Up Costs'!$D$14<M6,'Start Up Costs'!$D$14*N6,IF('Start Up Costs'!$D$14<M8,(N8*('Start Up Costs'!$D$14-M8)+O6),IF('Start Up Costs'!$D$14<M10,N10*('Start Up Costs'!$D$14-M8)+SUM(O6:O8),('Start Up Costs'!$D$14-M10)*N12+SUM(O6:O10)))) -> 3500
L14: Check these bands and percentages are correct here https://gov.wales/land-transaction-tax-rates-and-bands#section-8959
B16: Residential
B18: SDLT – England / NI | G18: LBTT – Scotland | L18: LTT – Wales
B20: Band | D20: Rate | E20: Full cost of band | G20: Band | I20: Rate | J20: Full cost of band | L20: Band | N20: Rate | O20: Full cost of band
B21: 0 | C21: 125000 | D21: 0 | E21: =C21*D21 -> 0 | G21: 0 | H21: 145000 | I21: 0 | J21: =H21*I21 -> 0 | L21: 0 | M21: 180000 | N21: 0 | O21: =M21*N21 -> 0
B23: 125001 | C23: 250000 | D23: 0.02 | E23: =(C23-C21)*D23 -> 2500 | G23: =H21+1 -> 145001 | H23: 250000 | I23: 0.02 | J23: =(H23-H21)*I23 -> 2100 | L23: =M21+1 -> 180001 | M23: 250000 | N23: 0.06 | O23: =(M23-M21)*N23 -> 4200
B25: 250001 | C25: 925000 | D25: 0.05 | E25: =(C25-C23)*D25 -> 33750 | G25: =H23+1 -> 250001 | H25: 325000 | I25: 0.05 | J25: =(H25-H23)*I25 -> 3750 | L25: =M23+1 -> 250001 | M25: 400000 | N25: 0.075 | O25: =(M25-M23)*N25 -> 11250
B27: 925001 | C27: 1500000 | D27: 0.1 | E27: =(C27-C25)*D27 -> 57500 | G27: =H25+1 -> 325001 | H27: 750000 | I27: 0.1 | J27: =(H27-H25)*I27 -> 42500 | L27: =M25+1 -> 400001 | M27: 750000 | N27: 0.1 | O27: =(M27-M25)*N27 -> 35000
B29: Above | C29: 1500000 | D29: 0.12 | G29: Above | H29: 750000 | I29: 0.12 | L29: =M27+1 -> 750001 | M29: 1500000 | N29: 0.12 | O29: =(M29-M27)*N29 -> 90000
L31: Above | M31: 1500000 | N31: 0.12
D32: Total: | E32: =IF('Start Up Costs'!$D$14<C21,D21*('Start Up Costs'!$D$14),IF('Start Up Costs'!$D$14<C23,D23*('Start Up Costs'!$D$14-C21)+E21,IF('Start Up Costs'!$D$14<C25,D25*('Start Up Costs'!$D$14-C23)+SUM(E21:E23),IF('Start Up Costs'!$D$14<C27,D27*('Start Up Costs'!$D$14-C25)+SUM(E21:E25),D29*('Start Up Costs'!$D$14-C29)+SUM(E21:E27))))) -> 5000 | I32: Total: | J32: =IF('Start Up Costs'!$D$14<H21,I21*('Start Up Costs'!$D$14),IF('Start Up Costs'!$D$14<H23,I23*('Start Up Costs'!$D$14-H21)+J21,IF('Start Up Costs'!$D$14<H25,I25*('Start Up Costs'!$D$14-H23)+SUM(J21:J23),IF('Start Up Costs'!$D$14<H27,I27*('Start Up Costs'!$D$14-H25)+SUM(J21:J25),I29*('Start Up Costs'!$D$14-H29)+SUM(J21:J27))))) -> 4600 | N32: Total: | O32: =IF('Start Up Costs'!$D$14<M21,N21*('Start Up Costs'!$D$14),IF('Start Up Costs'!$D$14<M23,N23*('Start Up Costs'!$D$14-M21)+O21,IF('Start Up Costs'!$D$14<M25,N25*('Start Up Costs'!$D$14-M23)+SUM(O21:O23),IF('Start Up Costs'!$D$14<M27,N27*('Start Up Costs'!$D$14-M25)+SUM(O21:O25),IF('Start Up Costs'!$D$14<M29,N29*('Start Up Costs'!$D$14-M27)+SUM(O21:O27),N31*('Start Up Costs'!$D$14-M31)+SUM(O21:O29)))))) -> 7950
B35: Check these bands and percentages are correct here https://www.gov.uk/stamp-duty-land-tax/residential-property-rates | G35: Check these bands and percentages are correct here: https://www.gov.scot/policies/taxes/land-and-buildings-transaction-tax/ | L35: Check these bands and percentages are correct here: https://gov.wales/land-transaction-tax-rates-and-bands
B37: There is an additional 5% surcharge on all bands for corporate bodies buying residential property | G37: There is an additional 8% ADS charge on all bands for corporate bodies buying residential property | L37: There is an additional 4% surcharge on all bands for corporate bodies buying residential property
B39: SDLT Surcharge – England / NI | G39: ADS – Scotland | L39: LTT Surcharge – Wales
B41: Band | D41: Rate | E41: Full cost of band | G41: Band | I41: Rate | J41: Full cost of band | L41: Band | N41: Rate | O41: Full cost of band
B42: 0 | C42: 125000 | D42: 0.05 | E42: =C42*D42 -> 6250 | G42: 0 | H42: 145000 | I42: 0.08 | J42: =H42*I42 -> 11600 | L42: 0 | M42: 180000 | N42: 0.05 | O42: =M42*N42 -> 9000
B44: 125001 | C44: 250000 | D44: 0.05 | E44: =(C44-C42)*D44 -> 6250 | G44: =H42+1 -> 145001 | H44: 250000 | I44: 0.08 | J44: =(H44-H42)*I44 -> 8400 | L44: =M42+1 -> 180001 | M44: 250000 | N44: 0.085 | O44: =(M44-M42)*N44 -> 5950
B46: 250001 | C46: 925000 | D46: 0.05 | E46: =(C46-C44)*D46 -> 33750 | G46: =H44+1 -> 250001 | H46: 325000 | I46: 0.08 | J46: =(H46-H44)*I46 -> 6000 | L46: =M44+1 -> 250001 | M46: 400000 | N46: 0.1 | O46: =(M46-M44)*N46 -> 15000
B48: 925001 | C48: 1500000 | D48: 0.05 | E48: =(C48-C46)*D48 -> 28750 | G48: =H46+1 -> 325001 | H48: 750000 | I48: 0.08 | J48: =(H48-H46)*I48 -> 34000 | L48: =M46+1 -> 400001 | M48: 750000 | N48: 0.125 | O48: =(M48-M46)*N48 -> 43750
B50: Above | C50: 1500000 | D50: 0.05 | G50: Above | H50: 750000 | I50: 0.08 | L50: =M48+1 -> 750001 | M50: 1500000 | N50: 0.15 | O50: =(M50-M48)*N50 -> 112500
L52: Above | M52: 1500000 | N52: 0.17
D53: Total: | E53: =IF('Start Up Costs'!$D$14<C42,D42*('Start Up Costs'!$D$14),IF('Start Up Costs'!$D$14<C44,D44*('Start Up Costs'!$D$14-C42)+E42,IF('Start Up Costs'!$D$14<C46,D46*('Start Up Costs'!$D$14-C44)+SUM(E42:E44),IF('Start Up Costs'!$D$14<C48,D48*('Start Up Costs'!$D$14-C46)+SUM(E42:E46),D50*('Start Up Costs'!$D$14-C50)+SUM(E42:E48))))) -> 15000 | I53: Total: | J53: =IF('Start Up Costs'!$D$14<H42,I42*('Start Up Costs'!$D$14),IF('Start Up Costs'!$D$14<H44,I44*('Start Up Costs'!$D$14-H42)+J42,IF('Start Up Costs'!$D$14<H46,I46*('Start Up Costs'!$D$14-H44)+SUM(J42:J44),IF('Start Up Costs'!$D$14<H48,I48*('Start Up Costs'!$D$14-H46)+SUM(J42:J46),I50*('Start Up Costs'!$D$14-H50)+SUM(J42:J48))))) -> 24000 | N53: Total: | O53: =IF('Start Up Costs'!$D$14<M42,N42*('Start Up Costs'!$D$14),IF('Start Up Costs'!$D$14<M44,N44*('Start Up Costs'!$D$14-M42)+O42,IF('Start Up Costs'!$D$14<M46,N46*('Start Up Costs'!$D$14-M44)+SUM(O42:O44),IF('Start Up Costs'!$D$14<M48,N48*('Start Up Costs'!$D$14-M46)+SUM(O42:O46),IF('Start Up Costs'!$D$14<M50,N50*('Start Up Costs'!$D$14-M48)+SUM(O42:O48),N52*('Start Up Costs'!$D$14-M52)+SUM(O42:O50)))))) -> 19950
D56: Total: | E56: =E32+E53 -> 20000 | I56: Total: | J56: =J32+J53 -> 28600 | N56: Total: | O56: =O32+O53 -> 27900
B58: Conveyancing Calculator - England/NI | G58: Conveyancing Calculator - Scotland | L58: Conveyancing Calculator - Wales
B59: Threshold | C59: Taxable | D59: rate | E59: Due | G59: Threshold | H59: Taxable | I59: rate | J59: Due | L59: Threshold | M59: Taxable | N59: rate | O59: Due
B60: 100000 | C60: =IF('Start Up Costs'!$D$14<B60,'Start Up Costs'!$D$14,B60) -> 100000 | D60: 0.01 | E60: =D60*C60 -> 1000 | G60: 100000 | H60: =IF('Start Up Costs'!$D$14<G60,'Start Up Costs'!$D$14,G60) -> 100000 | I60: 0.01 | J60: =I60*H60 -> 1000 | L60: 100000 | M60: =IF('Start Up Costs'!$D$14<L60,'Start Up Costs'!$D$14,L60) -> 100000 | N60: 0.01 | O60: =N60*M60 -> 1000
B61: Remainder | C61: =IF('Start Up Costs'!$D$14<B60,0,'Start Up Costs'!$D$14-B60) -> 200000 | D61: 0.01 | E61: =D61*C61 -> 2000 | G61: Remainder | H61: =IF('Start Up Costs'!$D$14<G60,0,'Start Up Costs'!$D$14-G60) -> 200000 | I61: 0.01 | J61: =I61*H61 -> 2000 | L61: Remainder | M61: =IF('Start Up Costs'!$D$14<L60,0,'Start Up Costs'!$D$14-L60) -> 200000 | N61: 0.01 | O61: =N61*M61 -> 2000
C62: =SUM(C60:C61) -> 300000 | D62: ADS Due | E62: =SUM(E60:E61) -> 3000 | H62: =SUM(H60:H61) -> 300000 | I62: ADS Due | J62: =SUM(J60:J61) -> 3000 | M62: =SUM(M60:M61) -> 300000 | N62: ADS Due | O62: =SUM(O60:O61) -> 3000
B63: https://www.elpamsolicitors.co.uk/fees/property-estate-agency-conveyancing/buying-a-property-fees-calculator/ | G63: https://www.elpamsolicitors.co.uk/fees/property-estate-agency-conveyancing/buying-a-property-fees-calculator/ | L63: https://www.elpamsolicitors.co.uk/fees/property-estate-agency-conveyancing/buying-a-property-fees-calculator/

Sheet Mortgage
B2: Dashboard
B3: Loan Amount | C3: ='Start Up Costs'!D14*'General Dashboard'!G3 -> 0 | D3: Loan Arrangement Fee | E3: 0.0075 | F3: =C3*E3 -> 0
B4: Interest Rate | C4: 0.0375 | D4: Total Cash Received | F4: =C3-F3 -> 0
B5: Length | C5: 40 | D5: Interest Only | E5: No
B6: Interest Rate Rises | C6: 0.03 | D6: Over | E6: 10 | F6: Years
D9: 1 | E9: 2 | F9: 3 | G9: 4 | H9: 5 | I9: 6 | J9: 7 | K9: 8 | L9: 9 | M9: 10 | N9: 11 | O9: 12 | P9: 13 | Q9: 14 | R9: 15 | S9: 16 | T9: 17 | U9: 18 | V9: 19 | W9: 20 | X9: 21 | Y9: 22 | Z9: 23 | AA9: 24 | AB9: 25 | AC9: 26 | AD9: 27 | AE9: 28 | AF9: 29 | AG9: 30 | AH9: 31 | AI9: 32 | AJ9: 33 | AK9: 34 | AL9: 35 | AM9: 36 | AN9: 37 | AO9: 38 | AP9: 39 | AQ9: 40
C10: Interest Rate | D10: =C4 -> 0.0375 | E10: =IF(E9<=$E$6+1,D10+($C$6/$E$6),D10) -> 0.0405 | F10: =IF(F9<=$E$6+1,E10+($C$6/$E$6),E10) -> 0.0435 | G10: =IF(G9<=$E$6+1,F10+($C$6/$E$6),F10) -> 0.0465 | H10: =IF(H9<=$E$6+1,G10+($C$6/$E$6),G10) -> 0.0495 | I10: =IF(I9<=$E$6+1,H10+($C$6/$E$6),H10) -> 0.0525 | J10: =IF(J9<=$E$6+1,I10+($C$6/$E$6),I10) -> 0.0555 | K10: =IF(K9<=$E$6+1,J10+($C$6/$E$6),J10) -> 0.0585 | L10: =IF(L9<=$E$6+1,K10+($C$6/$E$6),K10) -> 0.0615 | ... AQ10: =IF(AQ9<=$E$6+1,AP10+($C$6/$E$6),AP10) -> 0.0675
C11: Monthly Payment | D11: =IF(D9<=$C$5,IF(E5="No",-PMT(D10/12,$C$5*12,$C$3),$C$3*D10/12),0) -> 0 | E11: =IF(E9<=$C$5,IF($E$5="No",-PMT(E10/12,($C$5-D$9)*12,D$63),$C$3*E10/12),0) -> 0 | F11: =IF(F9<=$C$5,IF($E$5="No",-PMT(F10/12,($C$5-E$9)*12,E$63),$C$3*F10/12),0) -> 0 | G11: =IF(G9<=$C$5,IF($E$5="No",-PMT(G10/12,($C$5-F$9)*12,F$63),$C$3*G10/12),0) -> 0 | H11: =IF(H9<=$C$5,IF($E$5="No",-PMT(H10/12,($C$5-G$9)*12,G$63),$C$3*H10/12),0) -> 0 | I11: =IF(I9<=$C$5,IF($E$5="No",-PMT(I10/12,($C$5-H$9)*12,H$63),$C$3*I10/12),0) -> 0 | J11: =IF(J9<=$C$5,IF($E$5="No",-PMT(J10/12,($C$5-I$9)*12,I$63),$C$3*J10/12),0) -> 0 | K11: =IF(K9<=$C$5,IF($E$5="No",-PMT(K10/12,($C$5-J$9)*12,J$63),$C$3*K10/12),0) -> 0 | L11: =IF(L9<=$C$5,IF($E$5="No",-PMT(L10/12,($C$5-K$9)*12,K$63),$C$3*L10/12),0) -> 0 | ... AQ11: =IF(AQ9<=$C$5,IF($E$5="No",-PMT(AQ10/12,($C$5-AP$9)*12,AP$63),$C$3*AQ10/12),0) -> 0
C13: Ending Balance | D13: =D63 -> 0 | E13: =E63 -> 0 | F13: =F63 -> 0 | G13: =G63 -> 0 | H13: =H63 -> 0 | I13: =I63 -> 0 | J13: =J63 -> 0 | K13: =K63 -> 0 | ... AQ13: =AQ63 -> 0
C14: Total Payments | D14: =D17+D21+D25+D29+D33+D37+D41+D45+D49+D53+D57+D61 -> 0 | E14: =E17+E21+E25+E29+E33+E37+E41+E45+E49+E53+E57+E61 -> 0 | F14: =F17+F21+F25+F29+F33+F37+F41+F45+F49+F53+F57+F61 -> 0 | G14: =G17+G21+G25+G29+G33+G37+G41+G45+G49+G53+G57+G61 -> 0 | H14: =H17+H21+H25+H29+H33+H37+H41+H45+H49+H53+H57+H61 -> 0 | I14: =I17+I21+I25+I29+I33+I37+I41+I45+I49+I53+I57+I61 -> 0 | J14: =J17+J21+J25+J29+J33+J37+J41+J45+J49+J53+J57+J61 -> 0 | K14: =K17+K21+K25+K29+K33+K37+K41+K45+K49+K53+K57+K61 -> 0 | ... AQ14: =AQ17+AQ21+AQ25+AQ29+AQ33+AQ37+AQ41+AQ45+AQ49+AQ53+AQ57+AQ61 -> 0
C15: Total Interest | D15: =D18+D22+D26+D30+D34+D38+D42+D46+D50+D54+D58+D62 -> 0 | E15: =E18+E22+E26+E30+E34+E38+E42+E46+E50+E54+E58+E62 -> 0 | F15: =F18+F22+F26+F30+F34+F38+F42+F46+F50+F54+F58+F62 -> 0 | G15: =G18+G22+G26+G30+G34+G38+G42+G46+G50+G54+G58+G62 -> 0 | H15: =H18+H22+H26+H30+H34+H38+H42+H46+H50+H54+H58+H62 -> 0 | I15: =I18+I22+I26+I30+I34+I38+I42+I46+I50+I54+I58+I62 -> 0 | J15: =J18+J22+J26+J30+J34+J38+J42+J46+J50+J54+J58+J62 -> 0 | K15: =K18+K22+K26+K30+K34+K38+K42+K46+K50+K54+K58+K62 -> 0 | ... AQ15: =AQ18+AQ22+AQ26+AQ30+AQ34+AQ38+AQ42+AQ46+AQ50+AQ54+AQ58+AQ62 -> 0
B17: Month 1 | C17: Payment | D17: =IF(E5="Yes",IF(D9=C5,C3,D$11),D11) -> 0 | E17: =E$11 -> 0 | F17: =F$11 -> 0 | G17: =G$11 -> 0 | H17: =H$11 -> 0 | I17: =I$11 -> 0 | J17: =J$11 -> 0 | K17: =K$11 -> 0 | L17: =L$11 -> 0 | ... AQ17: =AQ$11 -> 0
C18: Interest | D18: =C3*D$10/12 -> 0 | E18: =D63*E$10/12 -> 0 | F18: =E63*F$10/12 -> 0 | G18: =F63*G$10/12 -> 0 | H18: =G63*H$10/12 -> 0 | I18: =H63*I$10/12 -> 0 | J18: =I63*J$10/12 -> 0 | K18: =J63*K$10/12 -> 0 | L18: =K63*L$10/12 -> 0 | ... AQ18: =AP63*AQ$10/12 -> 0
C19: Balance | D19: =C3-D17+D18 -> 0 | E19: =D63-E17+E18 -> 0 | F19: =E63-F17+F18 -> 0 | G19: =F63-G17+G18 -> 0 | H19: =G63-H17+H18 -> 0 | I19: =H63-I17+I18 -> 0 | J19: =I63-J17+J18 -> 0 | K19: =J63-K17+K18 -> 0 | L19: =K63-L17+L18 -> 0 | ... AQ19: =AP63-AQ17+AQ18 -> 0
B21: Month 2 | C21: Payment | D21: =D$11 -> 0 | E21: =E$11 -> 0 | F21: =F$11 -> 0 | G21: =G$11 -> 0 | H21: =H$11 -> 0 | I21: =I$11 -> 0 | J21: =J$11 -> 0 | K21: =K$11 -> 0 | ... AQ21: =AQ$11 -> 0
C22: Interest | D22: =D19*D$10/12 -> 0 | E22: =E19*E$10/12 -> 0 | F22: =F19*F$10/12 -> 0 | G22: =G19*G$10/12 -> 0 | H22: =H19*H$10/12 -> 0 | I22: =I19*I$10/12 -> 0 | J22: =J19*J$10/12 -> 0 | K22: =K19*K$10/12 -> 0 | ... AQ22: =AQ19*AQ$10/12 -> 0
C23: Balance | D23: =D19-D21+D22 -> 0 | E23: =E19-E21+E22 -> 0 | F23: =F19-F21+F22 -> 0 | G23: =G19-G21+G22 -> 0 | H23: =H19-H21+H22 -> 0 | I23: =I19-I21+I22 -> 0 | J23: =J19-J21+J22 -> 0 | K23: =K19-K21+K22 -> 0 | ... AQ23: =AQ19-AQ21+AQ22 -> 0
B25: Month 3 | C25: Payment | D25: =D$11 -> 0 | E25: =E$11 -> 0 | F25: =F$11 -> 0 | G25: =G$11 -> 0 | H25: =H$11 -> 0 | I25: =I$11 -> 0 | J25: =J$11 -> 0 | K25: =K$11 -> 0 | ... AQ25: =AQ$11 -> 0
C26: Interest | D26: =D23*D$10/12 -> 0 | E26: =E23*E$10/12 -> 0 | F26: =F23*F$10/12 -> 0 | G26: =G23*G$10/12 -> 0 | H26: =H23*H$10/12 -> 0 | I26: =I23*I$10/12 -> 0 | J26: =J23*J$10/12 -> 0 | K26: =K23*K$10/12 -> 0 | ... AQ26: =AQ23*AQ$10/12 -> 0
C27: Balance | D27: =D23-D25+D26 -> 0 | E27: =E23-E25+E26 -> 0 | F27: =F23-F25+F26 -> 0 | G27: =G23-G25+G26 -> 0 | H27: =H23-H25+H26 -> 0 | I27: =I23-I25+I26 -> 0 | J27: =J23-J25+J26 -> 0 | K27: =K23-K25+K26 -> 0 | ... AQ27: =AQ23-AQ25+AQ26 -> 0
B29: Month 4 | C29: Payment | D29: =D$11 -> 0 | E29: =E$11 -> 0 | F29: =F$11 -> 0 | G29: =G$11 -> 0 | H29: =H$11 -> 0 | I29: =I$11 -> 0 | J29: =J$11 -> 0 | K29: =K$11 -> 0 | ... AQ29: =AQ$11 -> 0
C30: Interest | D30: =D27*D$10/12 -> 0 | E30: =E27*E$10/12 -> 0 | F30: =F27*F$10/12 -> 0 | G30: =G27*G$10/12 -> 0 | H30: =H27*H$10/12 -> 0 | I30: =I27*I$10/12 -> 0 | J30: =J27*J$10/12 -> 0 | K30: =K27*K$10/12 -> 0 | ... AQ30: =AQ27*AQ$10/12 -> 0
C31: Balance | D31: =D27-D29+D30 -> 0 | E31: =E27-E29+E30 -> 0 | F31: =F27-F29+F30 -> 0 | G31: =G27-G29+G30 -> 0 | H31: =H27-H29+H30 -> 0 | I31: =I27-I29+I30 -> 0 | J31: =J27-J29+J30 -> 0 | K31: =K27-K29+K30 -> 0 | ... AQ31: =AQ27-AQ29+AQ30 -> 0
B33: Month 5 | C33: Payment | D33: =D$11 -> 0 | E33: =E$11 -> 0 | F33: =F$11 -> 0 | G33: =G$11 -> 0 | H33: =H$11 -> 0 | I33: =I$11 -> 0 | J33: =J$11 -> 0 | K33: =K$11 -> 0 | ... AQ33: =AQ$11 -> 0
C34: Interest | D34: =D31*D$10/12 -> 0 | E34: =E31*E$10/12 -> 0 | F34: =F31*F$10/12 -> 0 | G34: =G31*G$10/12 -> 0 | H34: =H31*H$10/12 -> 0 | I34: =I31*I$10/12 -> 0 | J34: =J31*J$10/12 -> 0 | K34: =K31*K$10/12 -> 0 | ... AQ34: =AQ31*AQ$10/12 -> 0
C35: Balance | D35: =D31-D33+D34 -> 0 | E35: =E31-E33+E34 -> 0 | F35: =F31-F33+F34 -> 0 | G35: =G31-G33+G34 -> 0 | H35: =H31-H33+H34 -> 0 | I35: =I31-I33+I34 -> 0 | J35: =J31-J33+J34 -> 0 | K35: =K31-K33+K34 -> 0 | ... AQ35: =AQ31-AQ33+AQ34 -> 0
B37: Month 6 | C37: Payment | D37: =D$11 -> 0 | E37: =E$11 -> 0 | F37: =F$11 -> 0 | G37: =G$11 -> 0 | H37: =H$11 -> 0 | I37: =I$11 -> 0 | J37: =J$11 -> 0 | K37: =K$11 -> 0 | ... AQ37: =AQ$11 -> 0
C38: Interest | D38: =D35*D$10/12 -> 0 | E38: =E35*E$10/12 -> 0 | F38: =F35*F$10/12 -> 0 | G38: =G35*G$10/12 -> 0 | H38: =H35*H$10/12 -> 0 | I38: =I35*I$10/12 -> 0 | J38: =J35*J$10/12 -> 0 | K38: =K35*K$10/12 -> 0 | ... AQ38: =AQ35*AQ$10/12 -> 0
C39: Balance | D39: =D35-D37+D38 -> 0 | E39: =E35-E37+E38 -> 0 | F39: =F35-F37+F38 -> 0 | G39: =G35-G37+G38 -> 0 | H39: =H35-H37+H38 -> 0 | I39: =I35-I37+I38 -> 0 | J39: =J35-J37+J38 -> 0 | K39: =K35-K37+K38 -> 0 | ... AQ39: =AQ35-AQ37+AQ38 -> 0
B41: Month 7 | C41: Payment | D41: =D$11 -> 0 | E41: =E$11 -> 0 | F41: =F$11 -> 0 | G41: =G$11 -> 0 | H41: =H$11 -> 0 | I41: =I$11 -> 0 | J41: =J$11 -> 0 | K41: =K$11 -> 0 | ... AQ41: =AQ$11 -> 0
C42: Interest | D42: =D39*D$10/12 -> 0 | E42: =E39*E$10/12 -> 0 | F42: =F39*F$10/12 -> 0 | G42: =G39*G$10/12 -> 0 | H42: =H39*H$10/12 -> 0 | I42: =I39*I$10/12 -> 0 | J42: =J39*J$10/12 -> 0 | K42: =K39*K$10/12 -> 0 | ... AQ42: =AQ39*AQ$10/12 -> 0
C43: Balance | D43: =D39-D41+D42 -> 0 | E43: =E39-E41+E42 -> 0 | F43: =F39-F41+F42 -> 0 | G43: =G39-G41+G42 -> 0 | H43: =H39-H41+H42 -> 0 | I43: =I39-I41+I42 -> 0 | J43: =J39-J41+J42 -> 0 | K43: =K39-K41+K42 -> 0 | ... AQ43: =AQ39-AQ41+AQ42 -> 0
B45: Month 8 | C45: Payment | D45: =D$11 -> 0 | E45: =E$11 -> 0 | F45: =F$11 -> 0 | G45: =G$11 -> 0 | H45: =H$11 -> 0 | I45: =I$11 -> 0 | J45: =J$11 -> 0 | K45: =K$11 -> 0 | ... AQ45: =AQ$11 -> 0
C46: Interest | D46: =D43*D$10/12 -> 0 | E46: =E43*E$10/12 -> 0 | F46: =F43*F$10/12 -> 0 | G46: =G43*G$10/12 -> 0 | H46: =H43*H$10/12 -> 0 | I46: =I43*I$10/12 -> 0 | J46: =J43*J$10/12 -> 0 | K46: =K43*K$10/12 -> 0 | ... AQ46: =AQ43*AQ$10/12 -> 0
C47: Balance | D47: =D43-D45+D46 -> 0 | E47: =E43-E45+E46 -> 0 | F47: =F43-F45+F46 -> 0 | G47: =G43-G45+G46 -> 0 | H47: =H43-H45+H46 -> 0 | I47: =I43-I45+I46 -> 0 | J47: =J43-J45+J46 -> 0 | K47: =K43-K45+K46 -> 0 | ... AQ47: =AQ43-AQ45+AQ46 -> 0
B49: Month 9 | C49: Payment | D49: =D$11 -> 0 | E49: =E$11 -> 0 | F49: =F$11 -> 0 | G49: =G$11 -> 0 | H49: =H$11 -> 0 | I49: =I$11 -> 0 | J49: =J$11 -> 0 | K49: =K$11 -> 0 | ... AQ49: =AQ$11 -> 0
C50: Interest | D50: =D47*D$10/12 -> 0 | E50: =E47*E$10/12 -> 0 | F50: =F47*F$10/12 -> 0 | G50: =G47*G$10/12 -> 0 | H50: =H47*H$10/12 -> 0 | I50: =I47*I$10/12 -> 0 | J50: =J47*J$10/12 -> 0 | K50: =K47*K$10/12 -> 0 | ... AQ50: =AQ47*AQ$10/12 -> 0
C51: Balance | D51: =D47-D49+D50 -> 0 | E51: =E47-E49+E50 -> 0 | F51: =F47-F49+F50 -> 0 | G51: =G47-G49+G50 -> 0 | H51: =H47-H49+H50 -> 0 | I51: =I47-I49+I50 -> 0 | J51: =J47-J49+J50 -> 0 | K51: =K47-K49+K50 -> 0 | ... AQ51: =AQ47-AQ49+AQ50 -> 0
B53: Month 10 | C53: Payment | D53: =D$11 -> 0 | E53: =E$11 -> 0 | F53: =F$11 -> 0 | G53: =G$11 -> 0 | H53: =H$11 -> 0 | I53: =I$11 -> 0 | J53: =J$11 -> 0 | K53: =K$11 -> 0 | ... AQ53: =AQ$11 -> 0
C54: Interest | D54: =D51*D$10/12 -> 0 | E54: =E51*E$10/12 -> 0 | F54: =F51*F$10/12 -> 0 | G54: =G51*G$10/12 -> 0 | H54: =H51*H$10/12 -> 0 | I54: =I51*I$10/12 -> 0 | J54: =J51*J$10/12 -> 0 | K54: =K51*K$10/12 -> 0 | ... AQ54: =AQ51*AQ$10/12 -> 0
C55: Balance | D55: =D51-D53+D54 -> 0 | E55: =E51-E53+E54 -> 0 | F55: =F51-F53+F54 -> 0 | G55: =G51-G53+G54 -> 0 | H55: =H51-H53+H54 -> 0 | I55: =I51-I53+I54 -> 0 | J55: =J51-J53+J54 -> 0 | K55: =K51-K53+K54 -> 0 | ... AQ55: =AQ51-AQ53+AQ54 -> 0
B57: Month 11 | C57: Payment | D57: =D$11 -> 0 | E57: =E$11 -> 0 | F57: =F$11 -> 0 | G57: =G$11 -> 0 | H57: =H$11 -> 0 | I57: =I$11 -> 0 | J57: =J$11 -> 0 | K57: =K$11 -> 0 | ... AQ57: =AQ$11 -> 0
C58: Interest | D58: =D55*D$10/12 -> 0 | E58: =E55*E$10/12 -> 0 | F58: =F55*F$10/12 -> 0 | G58: =G55*G$10/12 -> 0 | H58: =H55*H$10/12 -> 0 | I58: =I55*I$10/12 -> 0 | J58: =J55*J$10/12 -> 0 | K58: =K55*K$10/12 -> 0 | ... AQ58: =AQ55*AQ$10/12 -> 0
C59: Balance | D59: =D55-D57+D58 -> 0 | E59: =E55-E57+E58 -> 0 | F59: =F55-F57+F58 -> 0 | G59: =G55-G57+G58 -> 0 | H59: =H55-H57+H58 -> 0 | I59: =I55-I57+I58 -> 0 | J59: =J55-J57+J58 -> 0 | K59: =K55-K57+K58 -> 0 | ... AQ59: =AQ55-AQ57+AQ58 -> 0
B61: Month 12 | C61: Payment | D61: =IF($E$5="Yes",IF(D$9=$C$5,$C$3+D62,D$11),D$11) -> 0 | E61: =IF($E$5="Yes",IF(E$9=$C$5,$C$3+E62,E$11),E$11) -> 0 | F61: =IF($E$5="Yes",IF(F$9=$C$5,$C$3+F62,F$11),F$11) -> 0 | G61: =IF($E$5="Yes",IF(G$9=$C$5,$C$3+G62,G$11),G$11) -> 0 | H61: =IF($E$5="Yes",IF(H$9=$C$5,$C$3+H62,H$11),H$11) -> 0 | I61: =IF($E$5="Yes",IF(I$9=$C$5,$C$3+I62,I$11),I$11) -> 0 | J61: =IF($E$5="Yes",IF(J$9=$C$5,$C$3+J62,J$11),J$11) -> 0 | K61: =IF($E$5="Yes",IF(K$9=$C$5,$C$3+K62,K$11),K$11) -> 0 | ... AQ61: =IF($E$5="Yes",IF(AQ$9=$C$5,$C$3+AQ62,AQ$11),AQ$11) -> 0
C62: Interest | D62: =D59*D$10/12 -> 0 | E62: =E59*E$10/12 -> 0 | F62: =F59*F$10/12 -> 0 | G62: =G59*G$10/12 -> 0 | H62: =H59*H$10/12 -> 0 | I62: =I59*I$10/12 -> 0 | J62: =J59*J$10/12 -> 0 | K62: =K59*K$10/12 -> 0 | ... AQ62: =AQ59*AQ$10/12 -> 0
C63: Balance | D63: =D59-D61+D62 -> 0 | E63: =E59-E61+E62 -> 0 | F63: =F59-F61+F62 -> 0 | G63: =G59-G61+G62 -> 0 | H63: =H59-H61+H62 -> 0 | I63: =I59-I61+I62 -> 0 | J63: =J59-J61+J62 -> 0 | K63: =K59-K61+K62 -> 0 | ... AQ63: =AQ59-AQ61+AQ62 -> 0
B66: Q1 | C66: =C61 -> Payment | D66: =D17+D21+D25 -> 0 | E66: =E17+E21+E25 -> 0 | F66: =F17+F21+F25 -> 0 | G66: =G17+G21+G25 -> 0 | H66: =H17+H21+H25 -> 0 | I66: =I17+I21+I25 -> 0 | J66: =J17+J21+J25 -> 0 | K66: =K17+K21+K25 -> 0 | ... AQ66: =AQ17+AQ21+AQ25 -> 0
C67: =C62 -> Interest | D67: =D18+D22+D26 -> 0 | E67: =E18+E22+E26 -> 0 | F67: =F18+F22+F26 -> 0 | G67: =G18+G22+G26 -> 0 | H67: =H18+H22+H26 -> 0 | I67: =I18+I22+I26 -> 0 | J67: =J18+J22+J26 -> 0 | K67: =K18+K22+K26 -> 0 | ... AQ67: =AQ18+AQ22+AQ26 -> 0
C68: =C63 -> Balance | D68: =D27 -> 0 | E68: =E27 -> 0 | F68: =F27 -> 0 | G68: =G27 -> 0 | H68: =H27 -> 0 | I68: =I27 -> 0 | J68: =J27 -> 0 | K68: =K27 -> 0 | ... AQ68: =AQ27 -> 0
B70: Q2 | C70: =C66 -> Payment | D70: =D29+D33+D37 -> 0 | E70: =E29+E33+E37 -> 0 | F70: =F29+F33+F37 -> 0 | G70: =G29+G33+G37 -> 0 | H70: =H29+H33+H37 -> 0 | I70: =I29+I33+I37 -> 0 | J70: =J29+J33+J37 -> 0 | K70: =K29+K33+K37 -> 0 | ... AQ70: =AQ29+AQ33+AQ37 -> 0
C71: =C67 -> Interest | D71: =D30+D34+D38 -> 0 | E71: =E30+E34+E38 -> 0 | F71: =F30+F34+F38 -> 0 | G71: =G30+G34+G38 -> 0 | H71: =H30+H34+H38 -> 0 | I71: =I30+I34+I38 -> 0 | J71: =J30+J34+J38 -> 0 | K71: =K30+K34+K38 -> 0 | ... AQ71: =AQ30+AQ34+AQ38 -> 0
C72: =C68 -> Balance | D72: =D39 -> 0 | E72: =E39 -> 0 | F72: =F39 -> 0 | G72: =G39 -> 0 | H72: =H39 -> 0 | I72: =I39 -> 0 | J72: =J39 -> 0 | K72: =K39 -> 0 | ... AQ72: =AQ39 -> 0
B74: Q3 | C74: =C70 -> Payment | D74: =D41+D45+D49 -> 0 | E74: =E41+E45+E49 -> 0 | F74: =F41+F45+F49 -> 0 | G74: =G41+G45+G49 -> 0 | H74: =H41+H45+H49 -> 0 | I74: =I41+I45+I49 -> 0 | J74: =J41+J45+J49 -> 0 | K74: =K41+K45+K49 -> 0 | ... AQ74: =AQ41+AQ45+AQ49 -> 0
C75: =C71 -> Interest | D75: =D42+D46+D50 -> 0 | E75: =E42+E46+E50 -> 0 | F75: =F42+F46+F50 -> 0 | G75: =G42+G46+G50 -> 0 | H75: =H42+H46+H50 -> 0 | I75: =I42+I46+I50 -> 0 | J75: =J42+J46+J50 -> 0 | K75: =K42+K46+K50 -> 0 | ... AQ75: =AQ42+AQ46+AQ50 -> 0
C76: =C72 -> Balance | D76: =D51 -> 0 | E76: =E51 -> 0 | F76: =F51 -> 0 | G76: =G51 -> 0 | H76: =H51 -> 0 | I76: =I51 -> 0 | J76: =J51 -> 0 | K76: =K51 -> 0 | ... AQ76: =AQ51 -> 0
B78: Q4 | C78: =C74 -> Payment | D78: =D53+D57+D61 -> 0 | E78: =E53+E57+E61 -> 0 | F78: =F53+F57+F61 -> 0 | G78: =G53+G57+G61 -> 0 | H78: =H53+H57+H61 -> 0 | I78: =I53+I57+I61 -> 0 | J78: =J53+J57+J61 -> 0 | K78: =K53+K57+K61 -> 0 | ... AQ78: =AQ53+AQ57+AQ61 -> 0
C79: =C75 -> Interest | D79: =D54+D58+D62 -> 0 | E79: =E54+E58+E62 -> 0 | F79: =F54+F58+F62 -> 0 | G79: =G54+G58+G62 -> 0 | H79: =H54+H58+H62 -> 0 | I79: =I54+I58+I62 -> 0 | J79: =J54+J58+J62 -> 0 | K79: =K54+K58+K62 -> 0 | ... AQ79: =AQ54+AQ58+AQ62 -> 0
C80: =C76 -> Balance | D80: =D63 -> 0 | E80: =E63 -> 0 | F80: =F63 -> 0 | G80: =G63 -> 0 | H80: =H63 -> 0 | I80: =I63 -> 0 | J80: =J63 -> 0 | K80: =K63 -> 0 | ... AQ80: =AQ63 -> 0

Sheet Tax
B2: Corporation Tax Due
C3: ='P&L'!C2 -> Q1 | D3: ='P&L'!D2 -> Q2 | E3: ='P&L'!E2 -> Q3 | F3: ='P&L'!F2 -> Q4 | G3: ='P&L'!G2 -> 0 | H3: ='P&L'!H2 -> Year 1 | I3: ='P&L'!I2 -> Year 2 | J3: ='P&L'!J2 -> Year 3 | ... L3: ='P&L'!L2 -> Year 5 | M3: 6 | N3: =M3+1 -> 7 | O3: =N3+1 -> 8 | P3: =O3+1 -> 9 | Q3: =P3+1 -> 10 | R3: =Q3+1 -> 11 | S3: =R3+1 -> 12 | T3: =S3+1 -> 13 | U3: =T3+1 -> 14 | ... AU3: =AT3+1 -> 40
B4: Net Profit | C4: ='P&L'!C32 -> -13958.735 | D4: ='P&L'!D32 -> 3691.2651 | E4: ='P&L'!E32 -> 3691.2651 | F4: ='P&L'!F32 -> 3691.2651 | H4: =SUM(C4:F4) -> -2884.9396 | I4: ='P&L'!I32 -> 5339.5215 | J4: ='P&L'!J32 -> 6014.8477 | K4: ='P&L'!K32 -> 6724.9631 | L4: ='P&L'!L32 -> 7471.3209 | M4: ='Financial Model'!P28 -> 8244.9847 | N4: ='Financial Model'!P29 -> 8962.8993 | O4: ='Financial Model'!P30 -> 9556.9245 | P4: ='Financial Model'!P31 -> 10169.498 | Q4: ='Financial Model'!P32 -> -17766.733 | R4: ='Financial Model'!P33 -> 10638.326 | S4: ='Financial Model'!P34 -> 11331.699 | T4: ='Financial Model'!P35 -> 12049.691 | U4: ='Financial Model'!P36 -> 14769.133 | V4: ='Financial Model'!P37 -> 15865.296 | W4: ='Financial Model'!P38 -> 17008.376 | X4: ='Financial Model'!P39 -> 18200.084 | Y4: ='Financial Model'!P40 -> 19442.191 | Z4: ='Financial Model'!P41 -> 20736.523 | AA4: ='Financial Model'!P42 -> -14484.152 | AB4: ='Financial Model'!P43 -> 22500.251 | AC4: ='Financial Model'!P44 -> 24039.429 | AD4: ='Financial Model'!P45 -> 25540.034 | AE4: ='Financial Model'!P46 -> 27102.432 | AF4: ='Financial Model'!P47 -> 28728.837 | AG4: ='Financial Model'!P48 -> 30430.81 | AH4: ='Financial Model'!P49 -> 32192.399 | AI4: ='Financial Model'!P50 -> 34025.1 | AJ4: ='Financial Model'!P51 -> 35931.438 | AK4: ='Financial Model'!P52 -> -8897.5479 | AL4: ='Financial Model'!P52 -> -8897.5479 | AM4: ='Financial Model'!P54 -> 41086.132 | AN4: ='Financial Model'!P55 -> 43424.525 | AO4: ='Financial Model'!P56 -> 45716.597 | AP4: ='Financial Model'!P57 -> 48098.746 | AQ4: ='Financial Model'!P58 -> 50574.13 | AR4: ='Financial Model'!P59 -> 53146.01 | AS4: ='Financial Model'!P60 -> 55817.753 | AT4: ='Financial Model'!P61 -> 58592.84 | AU4: ='Financial Model'!P62 -> 1552.0977
B5: Add in Disallowed Expenses
B6: Depreciation | C6: ='P&L'!C39 -> -791.66667 | D6: ='P&L'!D39 -> -791.66667 | E6: ='P&L'!E39 -> -791.66667 | F6: ='P&L'!F39 -> -791.66667 | H6: ='P&L'!H39 -> -3166.6667 | I6: ='P&L'!I39 -> -3166.6667 | J6: ='P&L'!J39 -> -3166.6667 | K6: ='P&L'!K39 -> -3166.6667 | L6: ='P&L'!L39 -> -3166.6667 | M6: ='P&L'!M39 -> -3166.6667 | N6: ='P&L'!N39 -> -3166.6667 | O6: ='P&L'!O39 -> -3166.6667 | ... AU6: ='P&L'!AU39 -> -3000
B7: Less untaxed income | H7: =SUM(C7:F7) -> 0
B8: Less Capital allowances | C8: =-'Start Up Costs'!J4+'Start Up Costs'!F14 -> -5000 | H8: =SUM(C8:F8) -> -5000
B9: Taxable Profit | C9: =SUM(C4:C8) -> -19750.402 | D9: =SUM(D4:D8) -> 2899.5984 | E9: =SUM(E4:E8) -> 2899.5984 | F9: =SUM(F4:F8) -> 2899.5984 | H9: =SUM(C9:F9) -> -11051.606 | I9: =SUM(I4:I8) -> 2172.8549 | J9: =SUM(J4:J8) -> 2848.1811 | K9: =SUM(K4:K8) -> 3558.2965 | L9: =SUM(L4:L8) -> 4304.6542 | M9: =SUM(M4:M8) -> 5078.3181 | N9: =SUM(N4:N8) -> 5796.2326 | O9: =SUM(O4:O8) -> 6390.2579 | P9: =SUM(P4:P8) -> 7002.8312 | ... AU9: =SUM(AU4:AU8) -> -1447.9023
B11: Losses bought forward | C11: 0 | D11: =C14 -> -19750.402 | E11: =D14 -> -16850.803 | F11: =E14 -> -13951.205 | H11: 0 | I11: =H14 -> -11051.606 | J11: =I14 -> -8878.7514 | K11: =J14 -> -6030.5703 | L11: =K14 -> -2472.2739 | M11: =L14 -> 0 | N11: =M14 -> 0 | O11: =N14 -> 0 | P11: =O14 -> 0 | ... AU11: =AT14 -> 0
B12: Losses Added | C12: =IF(C9<0, C9,0) -> -19750.402 | D12: =IF(D9<0, D9,0) -> 0 | E12: =IF(E9<0, E9,0) -> 0 | F12: =IF(F9<0, F9,0) -> 0 | H12: =SUM(C12:F12) -> -19750.402 | I12: =IF(I9<0, I9,0) -> 0 | J12: =IF(J9<0, J9,0) -> 0 | K12: =IF(K9<0, K9,0) -> 0 | L12: =IF(L9<0, L9,0) -> 0 | M12: =IF(M9<0, M9,0) -> 0 | N12: =IF(N9<0, N9,0) -> 0 | O12: =IF(O9<0, O9,0) -> 0 | P12: =IF(P9<0, P9,0) -> 0 | ... AU12: =IF(AU9<0, AU9,0) -> -1447.9023
B13: Losses Used | C13: 0 | D13: =IF(D9>0, IF(D9<-D11,D9,-D11),0) -> 2899.5984 | E13: =IF(E9>0, IF(E9<-E11,E9,-E11),0) -> 2899.5984 | F13: =IF(F9>0, IF(F9<-F11,F9,-F11),0) -> 2899.5984 | H13: =SUM(C13:F13) -> 8698.7953 | I13: =IF(I9>0, IF(I9<-I11,I9,-I11),0) -> 2172.8549 | J13: =IF(J9>0, IF(J9<-J11,J9,-J11),0) -> 2848.1811 | K13: =IF(K9>0, IF(K9<-K11,K9,-K11),0) -> 3558.2965 | L13: =IF(L9>0, IF(L9<-L11,L9,-L11),0) -> 2472.2739 | M13: =IF(M9>0, IF(M9<-M11,M9,-M11),0) -> 0 | N13: =IF(N9>0, IF(N9<-N11,N9,-N11),0) -> 0 | O13: =IF(O9>0, IF(O9<-O11,O9,-O11),0) -> 0 | P13: =IF(P9>0, IF(P9<-P11,P9,-P11),0) -> 0 | ... AU13: =IF(AU9>0, IF(AU9<-AU11,AU9,-AU11),0) -> 0
B14: Losses Carried Forrward | C14: =SUM(C11:C13) -> -19750.402 | D14: =SUM(D11:D13) -> -16850.803 | E14: =SUM(E11:E13) -> -13951.205 | F14: =SUM(F11:F13) -> -11051.606 | H14: =SUM(H11:H13) -> -11051.606 | I14: =SUM(I11:I13) -> -8878.7514 | J14: =SUM(J11:J13) -> -6030.5703 | K14: =SUM(K11:K13) -> -2472.2739 | L14: =SUM(L11:L13) -> 0 | M14: =SUM(M11:M13) -> 0 | N14: =SUM(N11:N13) -> 0 | O14: =SUM(O11:O13) -> 0 | ... AU14: =SUM(AU11:AU13) -> -1447.9023
B16: Profit to be taxed @ | C16: =IF(C9-C13>0,C9-C13,0 ) -> 0 | D16: =IF(D9-D13>0,D9-D13,0 ) -> 0 | E16: =IF(E9-E13>0,E9-E13,0 ) -> 0 | F16: =IF(F9-F13>0,F9-F13,0 ) -> 0 | H16: =IF(H9+H13>0,H9+H13,0 ) -> 0 | I16: =IF(I9-I13>0,I9-I13,0 ) -> 0 | J16: =IF(J9-J13>0,J9-J13,0 ) -> 0 | K16: =IF(K9-K13>0,K9-K13,0 ) -> 0 | L16: =IF(L9-L13>0,L9-L13,0 ) -> 1832.3804 | M16: =IF(M9-M13>0,M9-M13,0 ) -> 5078.3181 | N16: =IF(N9-N13>0,N9-N13,0 ) -> 5796.2326 | O16: =IF(O9-O13>0,O9-O13,0 ) -> 6390.2579 | P16: =IF(P9-P13>0,P9-P13,0 ) -> 7002.8312 | ... AU16: =IF(AU9-AU13>0,AU9-AU13,0 ) -> 0
B17: ="Tax @ "&'General Dashboard'!$G$5*100&"%" -> Tax @ 19% | C17: =-C16*'General Dashboard'!$G$5 -> 0 | D17: =-D16*'General Dashboard'!$G$5 -> 0 | E17: =-E16*'General Dashboard'!$G$5 -> 0 | F17: =-F16*'General Dashboard'!$G$5 -> 0 | H17: =-H16*'General Dashboard'!$G$5 -> 0 | I17: =-I16*'General Dashboard'!$G$5 -> 0 | J17: =-J16*'General Dashboard'!$G$5 -> 0 | K17: =-K16*'General Dashboard'!$G$5 -> 0 | L17: =-L16*'General Dashboard'!$G$5 -> -348.15227 | M17: =-M16*'General Dashboard'!$G$5 -> -964.88044 | N17: =-N16*'General Dashboard'!$G$5 -> -1101.2842 | O17: =-O16*'General Dashboard'!$G$5 -> -1214.149 | ... AU17: =-AU16*'General Dashboard'!$G$5 -> 0
